Workbook
Name Admin_Support_Clerical: 'Occupation Structure'!$A$2:$A$83
Name Alabama: 'MSA Lists'!$C$1:$C$14
Name Alaska: 'MSA Lists'!$D$1:$D$3
Name Arizona: 'MSA Lists'!$E$1:$E$8
Name Arkansas: 'MSA Lists'!$F$1:$F$9
Name CAGE: INDIRECT('Defined Lists'!$B$3)
Name California: 'MSA Lists'!$G$1:$G$27
Name CLIN_Description: INDIRECT('Defined Lists'!$E$3)
Name CLIN_SLIN: INDIRECT('Defined Lists'!$D$3)
Name Colorado: 'MSA Lists'!$H$1:$H$8
Name Company_Name: INDIRECT('Defined Lists'!$A$3)
Name Connecticut: 'MSA Lists'!$I$1:$I$9
Name Contract_Number: 'Invoice Summary'!$B$2
Name Delaware: 'MSA Lists'!$J$1:$J$4
Name District_of_Columbia: 'MSA Lists'!$K$1:$K$2
Name Division_List: #REF!
Name DivList: #REF!
Name Engineer_Scientist: 'Occupation Structure'!$G$2:$G$53
Name First_Date_Invoiced_Cost_Incurred: 'Invoice Summary'!$F$2
Name Florida: 'MSA Lists'!$L$1:$L$23
Name Foreign_Countries: 'MSA Lists'!$B$2:$B$250
Name Georgia: 'MSA Lists'!$M$1:$M$16
Name Guam: 'MSA Lists'!$BB$1
Name Hawaii: 'MSA Lists'!$N$1:$N$3
Name Idaho: 'MSA Lists'!$O$1:$O$8
Name Illinois: 'MSA Lists'!$P$1:$P$14
Name Indiana: 'MSA Lists'!$Q$1:$Q$16
Name Information_Technology: 'Occupation Structure'!$E$2:$E$46
Name Invoice_Cage: INDIRECT('Invoiced Labor'!$B$2)
Name Invoice_CLIN_SLIN: INDIRECT('Invoiced Labor'!$D$2)
Name Invoice_Company: INDIRECT('Invoiced Labor'!$A$2)
Name Invoice_Date: 'Invoice Summary'!$E$2
Name Invoice_Direct_Cost: INDIRECT('Invoiced Labor'!$N$2)
Name Invoice_Hours: INDIRECT('Invoiced Labor'!$M$2)
Name Invoice_Labor_Category: INDIRECT('Invoiced Labor'!$F$2)
Name Invoice_LCAT_ID: INDIRECT('Invoiced Labor'!$G$2)
Name Invoice_MSA_Code: INDIRECT('Invoiced Labor'!$K$2)
Name Invoice_Number: 'Invoice Summary'!$D$2
Name Invoice_Prime_Sub: INDIRECT('Invoiced Labor'!$C$2)
Name Invoice_Site: INDIRECT('Invoiced Labor'!$H$2)
Name Invoice_Total_Cost: INDIRECT('Invoiced Labor'!$O$2)
Name Invoice_Unique_Employee_ID: INDIRECT('Invoiced Labor'!$L$2)
Name Iowa: 'MSA Lists'!$R$1:$R$10
Name Kansas: 'MSA Lists'!$S$1:$S$7
Name Kentucky: 'MSA Lists'!$T$1:$T$6
Name KO_KS_List: #REF!
Name Last_Date_Invoiced_Cost_Incurred: 'Invoice Summary'!$G$2
Name LCAT_ID: INDIRECT('LCAT List'!$A$2)
Name LCAT_Name: INDIRECT('LCAT List'!$B$2)
Name LCAT_Section: INDIRECT('LCAT List'!$C$2)
Name LCAT_Type: 'Occupation Structure'!$A$1:$H$1
Name Louisiana: 'MSA Lists'!$U$1:$U$6
Name Maine: 'MSA Lists'!$V$1:$V$6
Name Major_Subordinate_Command: 'Invoice Summary'!$I$2
Name Major_Subordinate_Directorate: 'Invoice Summary'!$J$2
Name Maryland: 'MSA Lists'!$W$1:$W$8
Name Massachusetts: 'MSA Lists'!$X$1:$X$9
Name Michigan: 'MSA Lists'!$Y$1:$Y$16
Name Minnesota: 'MSA Lists'!$Z$1:$Z$9
Name Mississippi: 'MSA Lists'!$AA$1:$AA$5

Sheet Change History Log
A1: Date | B1: Version | C1: Changes
A2: 46146 | B2: 3.7 | C2: Incorporated a plethora of changes, including data validation, to correctly capture the contract number and task order in the proper format. Re-write of most of the instructions for added clarification as well as many other updates (too many to list).
A3: 46169 | B3: 3.8 | C3: Added an easily identified version number in the first row of the Quick Start Guide. Also resized the table from B1:K3 to B1:K2 within the Invoice Summary worksheet. This change was incorporated as the data ingestion Tool (LCAT Tool) was pulling the vendor data from the 3rd row versus the 2nd row of information.
A4: 46182 | B4: 3.9 | C4: Removed the "State" selection from both the Proposed and Invoiced Labor worksheet and now have one MSA selection.
A5: 46183 | B5: 4 | C5: Inserted a false column (hidden) preceding the "Employee MSA" column in both the Proposed and Invoiced Labor columns. This was accomplished to avoid potential data ingestion Tool issues for the LCAT Tool that ingests these APG Vendor Reports.
A6: 46188 | B6: 4.1 | C6: Added the 2 Alpha Character Country Code to the "Employee MSA" column AFTER the MSA Code listing in the drop-down.
A7: 46260 | B7: 4.2 | C7: Invoice Summary tab: Data Validation requiring date in the M/DD/YYYY format for the Invoice_Date, Start Date, and End Date in the 2nd row (cells E2, F2, and G2, respectively). Also, set rules to avoid illegitimate dates, such as 3/42/206777. Invoice Summary: Changed Instructional Up Arrow located in cell H3 from "Select" to read "Dropdown PoP." Proposed Labor sheet: Conditional formatting is now triggered if columns K, L, or M are left blank within an "active row." Submission will be rejected if columns K, L, or M are left blank or if Vendor formulas are inputted. Similarly, column E requires an LCAT entry if values are in columns K, L, or M of an "active row." Invoiced Labor sheet: Conditional formatting is now triggered if columns M, N, or O are left blank within an "active row." Submission will be rejected if columns M, N, or O are left blank or if Vendor formulas are inputted. Similarly, column F requires an LCAT entry if values are in columns M, N, or O of an "active row." Proposed & Invoiced Labor worksheets: Format Rows and Format Columns have been disabled. Vendors can no longer hide rows or columns as they create data ingestion errors.
A8: 46316 | B8: 4.3 | C8: Proposed and Invoiced worksheets: Conditional Formatting is triggered when a Proposed or Invoiced LCAT is absent when corresponding values for HRS, DL and Total Cost are populated, OR, when the LCAT is selected and one or more of the 3 corresponding values are missing. This assists the Analyst in identifying proposal or invoicing errors in the submission. Submission will be rejected when mustard colored highlighting is present. Defined Lists: Similarly, cells H4:I6 MUST be Inputted to remove conditional formatting. Submission will be rejected when mustard colored highlighting is present. Potential Recovery Amount and Visualizations Worksheets (Visualization I and II): These worksheets quantify and display the variance between Proposed and Invoiced amounts. The variance is calculated and then extended by the number of Invoiced Hours (column J) to determine the total potential recovery amount. Visualization I worksheet added – Dual-Layer Donut Chart The worksheet includes a dual‑layer donut chart that visually summarizes invoice status and billing variance: Outer Ring Displays the “Not Proposed” or "Unmatched" portion of the invoice (highlighted red). The remainder of the ring represents the “Invoiced Excluding "Not Proposed” amount (highlighted gray). Inner Ring Represents billing variance categories using color coding: Mauve (pink) – Potential Recovery Amount ≥ 5% Orange – Overbilled between >0% and <5% Green – Underbilled < 0% Each segment is sized according to the calculated dollar value of the variance category, providing a quick read of how billing discrepancies are distributed. Visualization II: Provides same metrics as Visualization I, but with different visualization graphics, depicting a separate Pie Chart that displays the Total Invoice Amount, the "Not Proposed" or Unmatched and the Invoiced Excluding "Not Proposed." The 2nd visualization is a Stacked Bar Chart that shows all Overbilled, broken down by > = 5% (Mauve/pink highlighting color) and > 0% and < 5% depicted in an orange highlighted color. The second column (green highlighted color) displays the Underbilled < 0%.

Sheet Quick Start Guide
A1: APG Vendor Report - Version 4.3
A2: This Vendor Report shall be submitted concurrently with each Cost invoice submission to WAWF. | C2: Other Color Coding
A3: Submit this Vendor Report, with no other attachments, to usarmy.apg.acc.mbx.apg-vendor-report@army.mil with copies to all POCs listed on the "Defined Lists" tab. The filename for the Vendor Report will be: (Vendor Name)_APG_Vendor_Report_(Date: MMDDYYYY). Be sure to cc: COR and KO minimally, on the cc line. Power Automate will then notify those on the cc line of your submission by forwarding a SharePoint link to the COR to Approve or Deny a vendor report submission. | C3: Contractor Input (Unlocked)
A4: Defined Lists: List all companies performing with corresponding CAGE codes and identify if each company is a prime contractor or subcontractor. Also list all CLINs (may be narrowed to only applicable ones, but listing more won't cause any problems) along with a short description of supplies/services of each CLIN. All POCs for Government and Contractor (Prime only) must be identified to ensure proper distribution of reports and other documentation. Note that cells H4:I6 MUST be inputted to remove conditional formatting. Failure to input these cells will result in a rejection of the submission. | C4: Auto-Populate (Locked)
A5: Vendor LCAT Crosswalk: If the vendor elects to import an existing Excel worksheet that accomplishes the requirements, as described below, they may do so, however, the worksheet shall be named "Vendor LCAT Crosswalk." Please prepare this support as you would like to receive it if you were representing the government. It should be clear, transparent, and self-explanatory. Requirements of the Vendor LCAT Crosswalk: Vendors are required to provide a Labor Category (LCAT) crosswalk that includes a separate column for those LCATs originally proposed along with a corresponding column that identifies the "Best Fit" choice (615 LCAT choices). Specifically, these 615 choices include "Professional" and "SCA" (Service Contract Act) labor descriptions provided in pdf format to facilitate a "Best Fit" selection. These entries, by row, shall also include the corresponding direct labor rates proposed. LCATs that are added post award or during PoP (never proposed) need to be added (rebase lined) and coordinated, and agreed to by the KO. These entries shall include the Company Name, LCAT, geographic location, and its respective direct labor rate by PoP.
A6: Proposed Labor: List all labor categories (LCATs) and corresponding fields (e.g. location, hours, etc.) proposed for the period/year being invoiced. For subcontracts, direct cost is the amount paid by the prime to the subcontractors including any indirect costs and profit to the subcontractor, while total cost would be the cost to the Government including direct cost paid to the subcontractor plus any indirect expenses (e.g. subcontractor handling charge (SHC) and/or G&A) from the prime Contractor. Specifically, column M should reflect column L's entry w/burden (Fringe, O/H, G&A, etc. but NOT Fee). Similarly, Subcontractor entries in column M would include the Prime's additional burden, such as G&A and SHC, but NOT Fee. Fee is captured within cell G33 of the Invoiced Summary tab and should reconcile with the WAWF cost voucher. Do not include any formulas in the Proposed Labor worksheet, and specifically, not in columns K, L, and M.
A7: Invoiced Labor: List all labor categories (LCATs) and corresponding fields (e.g. location, hours, etc.) being invoiced. LCATs/individuals being invoiced shall be listed once for each CLIN being invoiced (e.g. if Chris P. Bacon performs CLIN 0001 & 0002, then list him in two different rows, one per CLIN). Vendors are encouraged to tailor the Employee Name or ID# (Column L) to denote Overtime (OT) or other differentiators as the situation may dictate, e.g., John Smith-OT, E05492-OT, John Smith-Shift_2, etc. Please coordinate with your COR and KO for maximum effectiveness. Column O should reflect column N's entry w/burden (Fringe, O/H, G&A, etc. but NOT Fee). Similarly, Subcontractor entries in column O would include the Prime's additional burden, such as G&A and SHC, but NOT Fee. Fee is captured within cell G33 of the Invoiced Summary tab and should reconcile with the WAWF cost voucher. Do not include any formulas in the Invoiced Labor worksheet, and specifically not in columns M, N, and O.
A8: Invoice Summary: Show how invoiced labor along with other cost elements (e.g. materials) add up to the total amount invoiced. Feel free to edit below row 14 as needed to help show a concise breakout while minimizing administrative burden of preparing this worksheet.
A9: LCAT List: This tab lists selectable labor categories. Specifically, eCRAFT LCATs. Be sure to obtain the Professional and Service Contract Act (SCA) LCAT descriptions in two separate pdfs. Please coordinate with your ACC POCs.
A10: Potential Recovery Amount: This streamlined analysis sheet captures cost overruns by identifying each unique LCAT descriptor, defined by: Company Name, LCAT, and Geographic Location. A weighted average is computed for each separate unique descriptor for both the Proposed AND the Invoiced direct labor rates. There are five (5) separate buckets, defined by the percentage above or below the Proposed Direct Labor Cost, relative to the Invoiced Direct Labor (delta). They are as follows: Potential Recovery > 5% - Mauve colored heading): See column P of the Potential Recovery Amount" worksheet. Overbilled between > 0% and < 5% - Orange colored heading - see column Q of the" Potential Recovery Amount" worksheet. Not Proposed - Red colored heading in column R. Underbilled < 0% - Green colored heading in column S. Accurately Billed (Absolute): - Blue colored heading located in column T. The aggregate of each separate "bucket" is displayed in Visualization I & Visualization II worksheets. Invoiced rate submissions that were never proposed nor rebase lined will return a "Not Proposed" response in column I and shall be addressed immediately. CORs may reject CDRL submissions that identify "Not Proposed" responses. A "Contractor Notes" column (column Q) has been added to capture contractor feedback regarding computed cost overruns. Contractors are encouraged to import support data (Excel or pdf) in a separate tab/worksheet, they deem appropriate in support of assertions made in column Q, "Contractor Notes".
A11: CLIN Summary: This tab sums labor invoiced (total labor cost only) for each CLIN.
A12: Red Tab Sheets are reserved to be completed in accordance with CDRL Instructions - Contract Modification Log and Projections.
A13: Indicates_A_Named_List
A14: Helpful Link
A15: Metropolitan Statistical Area Definitions: https://www.census.gov/geographies/reference-maps/2020/geo/cbsa.html

Sheet Defined Lists
A1: Industry Partner List | D1: Applicable CLINs | F1: POC List
A2: Company_Name | B2: CAGE | C2: Prime_Sub | D2: CLIN_SLIN | E2: CLIN_Description | F2: Government Contractor | G2: Job Title | H2: Name | I2: Email
A3: {="'"&_xlfn.TEXTAFTER(CELL("filename",A2),"]")&"'!$"&CHAR(COLUMN()+64)&"$4:$"&CHAR(COLUMN()+64)&"$"&MAX(4,IF(NOT(ISERROR($A4:$C1025)), ROW($A4:$C1025)*($A4:$C1025<>"")))} -> 'Defined Lists'!$A$4:$A$4 | B3: {="'"&_xlfn.TEXTAFTER(CELL("filename",B2),"]")&"'!$"&CHAR(COLUMN()+64)&"$4:$"&CHAR(COLUMN()+64)&"$"&MAX(4,IF(NOT(ISERROR($A4:$C1025)), ROW($A4:$C1025)*($A4:$C1025<>"")))} -> 'Defined Lists'!$B$4:$B$4 | C3: {="'"&_xlfn.TEXTAFTER(CELL("filename",C2),"]")&"'!$"&CHAR(COLUMN()+64)&"$4:$"&CHAR(COLUMN()+64)&"$"&MAX(4,IF(NOT(ISERROR($A4:$C1025)), ROW($A4:$C1025)*($A4:$C1025<>"")))} -> 'Defined Lists'!$C$4:$C$4 | D3: {="'"&_xlfn.TEXTAFTER(CELL("filename",D2),"]")&"'!$"&CHAR(COLUMN()+64)&"$4:$"&CHAR(COLUMN()+64)&"$"&MAX(4,IF(NOT(ISERROR($D4:$E1025)), ROW($D4:$E1025)*($D4:$E1025<>"")))} -> 'Defined Lists'!$D$4:$D$4 | E3: {="'"&_xlfn.TEXTAFTER(CELL("filename",E2),"]")&"'!$"&CHAR(COLUMN()+64)&"$4:$"&CHAR(COLUMN()+64)&"$"&MAX(4,IF(NOT(ISERROR($D4:$E1025)), ROW($D4:$E1025)*($D4:$E1025<>"")))} -> 'Defined Lists'!$E$4:$E$4
F4: Government | G4: Contracting Officer (KO)
F5: Government | G5: Contracting Specialist (KS)
F6: Government | G6: Contracting Officer Representative (COR)

Sheet Vendor LCAT Crosswalk
B1: Internal Labor Category | C1: Proposed (LOE) | D1: eCRAFT LCAT Crosswalk
B2: Bookkeeper | C2: Budget Entry | D2: Accounting Clerk I
B3: Engineer Entry | C3: Engineer General | D3: Engineer I

Sheet LCAT List
A1: LCAT_ID | B1: LCAT_Name | C1: LCAT_Section
A2: {="'"&_xlfn.TEXTAFTER(CELL("filename",A1),"]")&"'!$"&CHAR(COLUMN()+64)&"$3:$"&CHAR(COLUMN()+64)&"$"&MAX(IF(NOT(ISBLANK($A3:$D10000))+ISERROR($A3:$D10000),ROW($A3:$D10000)))} -> 'LCAT List'!$A$3:$A$617 | B2: {="'"&_xlfn.TEXTAFTER(CELL("filename",B1),"]")&"'!$"&CHAR(COLUMN()+64)&"$3:$"&CHAR(COLUMN()+64)&"$"&MAX(IF(NOT(ISBLANK($A3:$D10000))+ISERROR($A3:$D10000),ROW($A3:$D10000)))} -> 'LCAT List'!$B$3:$B$617 | C2: {="'"&_xlfn.TEXTAFTER(CELL("filename",C1),"]")&"'!$"&CHAR(COLUMN()+64)&"$3:$"&CHAR(COLUMN()+64)&"$"&MAX(IF(NOT(ISBLANK($A3:$D10000))+ISERROR($A3:$D10000),ROW($A3:$D10000)))} -> 'LCAT List'!$C$3:$C$617
A3: 01011 | B3: Accounting Clerk I | C3: Admin_Support_Clerical
A4: 01012 | B4: Accounting Clerk II | C4: Admin_Support_Clerical
A5: 01013 | B5: Accounting Clerk III | C5: Admin_Support_Clerical
A6: ACE1 | B6: Acquisition Cost Estimator I | C6: Professional
A7: ACE2 | B7: Acquisition Cost Estimator II | C7: Professional
A8: ACE3 | B8: Acquisition Cost Estimator III | C8: Professional
A9: AMS1 | B9: Acquisition Management Support I | C9: Professional
A10: AMS2 | B10: Acquisition Management Support II | C10: Professional
A11: AMS3 | B11: Acquisition Management Support III | C11: Professional
A12: 01020 | B12: Administrative Assistant | C12: Admin_Support_Clerical
A13: 23010 | B13: Aerospace Structural Welder | C13: Wage
A14: 30010 | B14: Air Traffic Control Specialist, Center (HFO) | C14: Wage
A15: 30011 | B15: Air Traffic Control Specialist, Station (HFO) | C15: Wage
A16: 30012 | B16: Air Traffic Control Specialist, Terminal (HFO) | C16: Wage
A17: 23019 | B17: Aircraft Logs And Records Technician | C17: Technician
A18: 23040 | B18: Aircraft Mechanic Helper (Airframe And Power Plant Mechanic Helper) | C18: Wage
A19: 23021 | B19: Aircraft Mechanic I | C19: Wage
A20: 23022 | B20: Aircraft Mechanic II | C20: Wage
A21: 23023 | B21: Aircraft Mechanic III | C21: Wage
A22: 23050 | B22: Aircraft Painter | C22: Wage
A23: 23060 | B23: Aircraft Servicer (Airport Utility Worker) | C23: Wage
A24: 23070 | B24: Aircraft Survival Flight Equipment Technician | C24: Technician
... A33: 12010 | B33: Ambulance Driver | C33: Wage
A34: ANFS1 | B34: Analyst, Financial Systems I | C34: Professional
A35: ANFS2 | B35: Analyst, Financial Systems II | C35: Professional
A36: ANFS3 | B36: Analyst, Financial Systems III | C36: Professional
A37: ANFS4 | B37: Analyst, Financial Systems IV | C37: Professional
A38: ANM1 | B38: Analyst, Management I | C38: Professional
A39: ANM2 | B39: Analyst, Management II | C39: Professional
A40: ANM3 | B40: Analyst, Management III | C40: Professional
A41: ANP1 | B41: Analyst, Operations I | C41: Professional
A42: ANP2 | B42: Analyst, Operations II | C42: Professional
A43: ANP3 | B43: Analyst, Operations III | C43: Professional
A44: 23110 | B44: Appliance Mechanic | C44: Wage
A45: 30021 | B45: Archeological Technician I | C45: Technician
A46: 30022 | B46: Archeological Technician II | C46: Technician
A47: 30023 | B47: Archeological Technician III | C47: Technician
A48: 16010 | B48: Assembler | C48: Wage
A49: AVA | B49: Audio Visual Animator | C49: Professional
A50: AVDP1 | B50: Audio Visual Director / Producer I | C50: Professional
A51: AVDP2 | B51: Audio Visual Director / Producer II | C51: Professional
A52: AVSW | B52: Audio Visual Script Writer | C52: Professional
A53: 05005 | B53: Automobile Body Repairer, Fiberglass | C53: Wage
A54: 05010 | B54: Automotive Electrician | C54: Wage
A55: 05040 | B55: Automotive Glass Installer (Auto Glass Worker) | C55: Wage
A56: 05070 | B56: Automotive Worker | C56: Wage
A57: 27006 | B57: Background Investigator | C57: Wage
A58: 27007 | B58: Baggage Inspector | C58: Wage
A59: 07010 | B59: Baker | C59: Wage
A60: 24510 | B60: Barber | C60: Wage
A61: 24540 | B61: Beautician (Cosmetologist) | C61: Wage
A62: 23120 | B62: Bicycle Repairer | C62: Wage
A63: 29010 | B63: Blocker And Bracer | C63: Wage
A64: BO | B64: Boat Operator | C64: Other
A65: 47010 | B65: Boatswains (Bosun) | C65: Wage
A66: 25010 | B66: Boiler Tender | C66: Wage
A67: 12011 | B67: Breath Alcohol Technician (BAT) | C67: Wage
A68: 25020 | B68: Bridge Tender | C68: Wage
A69: 08010 | B69: Brush/Precommercial Thinner | C69: Wage
A70: 31020 | B70: Bus Aide | C70: Wage
A71: 31030 | B71: Bus Driver | C71: Wage
A72: 99025 | B72: Cabin Safety Specialist | C72: Wage
A73: 23125 | B73: Cable Splicer | C73: Wage
A74: 28041 | B74: Carnival Equipment Operator | C74: Wage
A75: 28042 | B75: Carnival Equipment Repairer | C75: Wage
A76: 28043 | B76: Carnival Worker | C76: Wage
A77: 23130 | B77: Carpenter, Maintenance | C77: Wage
A78: 23140 | B78: Carpet Layer | C78: Wage
A79: 30030 | B79: Cartographic Technician | C79: Technician
A80: 24550 | B80: Case Manager | C80: Other
A81: 99030 | B81: Cashier | C81: Admin_Support_Clerical
... A83: 12015 | B83: Certified Physical Therapist Assistant | C83: Wage
A84: CHEM1 | B84: Chemist I | C84: Engineer_Scientist
A85: CHEM2 | B85: Chemist II | C85: Engineer_Scientist
A86: CHEM3 | B86: Chemist III | C86: Engineer_Scientist
A87: 47020 | B87: Chief Cook/Steward (Chief Cook; Chief Steward/Steward- Cook/Steward-Baker) | C87: Wage
A88: 24570 | B88: Child Care Attendant | C88: Other
A89: 24580 | B89: Child Care Center Clerk | C89: Other
A90: 08040 | B90: Choker Setter | C90: Wage
A91: 24610 | B91: Chore Aide | C91: Other
A92: 30040 | B92: Civil Engineering Technician | C92: Technician
A93: 11030 | B93: Cleaner, Vehicles | C93: Wage
A94: 01030 | B94: Collection Specialist | C94: Admin_Support_Clerical
A95: 15050 | B95: Computer Based Training Specialist / Instructor | C95: Information_Technology
A96: 14041 | B96: Computer Operator I | C96: Information_Technology
A97: 14042 | B97: Computer Operator II | C97: Information_Technology
A98: 14043 | B98: Computer Operator III | C98: Information_Technology
A99: 14044 | B99: Computer Operator IV | C99: Information_Technology
A100: 14045 | B100: Computer Operator V | C100: Information_Technology
A101: 14071 | B101: Computer Programmer I | C101: Information_Technology
A102: 14072 | B102: Computer Programmer II | C102: Information_Technology
A103: 14073 | B103: Computer Programmer III | C103: Information_Technology
A104: 14074 | B104: Computer Programmer IV | C104: Information_Technology
A105: 14101 | B105: Computer Systems Analyst I | C105: Information_Technology
A106: 14102 | B106: Computer Systems Analyst II | C106: Information_Technology
A107: 14103 | B107: Computer Systems Analyst III | C107: Information_Technology
A108: CMA1 | B108: Contracts Management Analyst I | C108: Undetermined
A109: CMA2 | B109: Contracts Management Analyst II | C109: Undetermined
...

Sheet Proposed Labor
A1: Proposed_Company | B1: Proposed_ CAGE | C1: Proposed_ Prime_Sub | D1: LCAT Type (Optional) | E1: Proposed_Labor_Category | F1: Proposed_ LCAT_ID | G1: Proposed_ Site | H1: Employee State | I1: Employee MSA | J1: Proposed_ MSA_Code | K1: Proposed_ Hours | L1: Proposed_ Direct_Cost | M1: Proposed_ Total_Cost
A2: {="'"&_xlfn.TEXTAFTER(CELL("filename",A1),"]")&"'!$"&CHAR(COLUMN()+64)&"$3:$"&CHAR(COLUMN()+64)&"$"&MAX(3,IF(NOT(ISERROR($A3:$M3543)), ROW($A3:$M3543)*($A3:$M3543<>"")))} -> 'Proposed Labor'!$A$3:$A$3 | B2: {="'"&_xlfn.TEXTAFTER(CELL("filename",B1),"]")&"'!$"&CHAR(COLUMN()+64)&"$3:$"&CHAR(COLUMN()+64)&"$"&MAX(3,IF(NOT(ISERROR($A3:$M3543)), ROW($A3:$M3543)*($A3:$M3543<>"")))} -> 'Proposed Labor'!$B$3:$B$3 | C2: {="'"&_xlfn.TEXTAFTER(CELL("filename",C1),"]")&"'!$"&CHAR(COLUMN()+64)&"$3:$"&CHAR(COLUMN()+64)&"$"&MAX(3,IF(NOT(ISERROR($A3:$M3543)), ROW($A3:$M3543)*($A3:$M3543<>"")))} -> 'Proposed Labor'!$C$3:$C$3 | E2: {="'"&_xlfn.TEXTAFTER(CELL("filename",E1),"]")&"'!$"&CHAR(COLUMN()+64)&"$3:$"&CHAR(COLUMN()+64)&"$"&MAX(3,IF(NOT(ISERROR($A3:$M3543)), ROW($A3:$M3543)*($A3:$M3543<>"")))} -> 'Proposed Labor'!$E$3:$E$3 | F2: {="'"&_xlfn.TEXTAFTER(CELL("filename",F1),"]")&"'!$"&CHAR(COLUMN()+64)&"$3:$"&CHAR(COLUMN()+64)&"$"&MAX(3,IF(NOT(ISERROR($A3:$M3543)), ROW($A3:$M3543)*($A3:$M3543<>"")))} -> 'Proposed Labor'!$F$3:$F$3 | G2: {="'"&_xlfn.TEXTAFTER(CELL("filename",G1),"]")&"'!$"&CHAR(COLUMN()+64)&"$3:$"&CHAR(COLUMN()+64)&"$"&MAX(3,IF(NOT(ISERROR($A3:$M3543)), ROW($A3:$M3543)*($A3:$M3543<>"")))} -> 'Proposed Labor'!$G$3:$G$3 | J2: {="'"&_xlfn.TEXTAFTER(CELL("filename",J1),"]")&"'!$"&CHAR(COLUMN()+64)&"$3:$"&CHAR(COLUMN()+64)&"$"&MAX(3,IF(NOT(ISERROR($A3:$M3528)), ROW($A3:$M3528)*($A3:$M3528<>"")))} -> 'Proposed Labor'!$J$3:$J$3 | K2: {="'"&_xlfn.TEXTAFTER(CELL("filename",K1),"]")&"'!$"&CHAR(COLUMN()+64)&"$3:$"&CHAR(COLUMN()+64)&"$"&MAX(3,IF(NOT(ISERROR($A3:$M3543)), ROW($A3:$M3543)*($A3:$M3543<>"")))} -> 'Proposed Labor'!$K$3:$K$3 | L2: {="'"&_xlfn.TEXTAFTER(CELL("filename",L1),"]")&"'!$"&CHAR(COLUMN()+64)&"$3:$"&CHAR(COLUMN()+64)&"$"&MAX(3,IF(NOT(ISERROR($A3:$M3543)), ROW($A3:$M3543)*($A3:$M3543<>"")))} -> 'Proposed Labor'!$L$3:$L$3 | M2: {="'"&_xlfn.TEXTAFTER(CELL("filename",M1),"]")&"'!$"&CHAR(COLUMN()+64)&"$3:$"&CHAR(COLUMN()+64)&"$"&MAX(3,IF(NOT(ISERROR($A3:$M3543)), ROW($A3:$M3543)*($A3:$M3543<>"")))} -> 'Proposed Labor'!$M$3:$M$3
B3: {=IF(A3="","",INDEX(CAGE,MATCH(A3,Company_Name,0)))} | C3: {=IF(A3="","",INDEX(Prime_Sub,MATCH(A3,Company_Name,0)))} | F3: {=IF(E3="","",INDEX(LCAT_ID,MATCH(E3,LCAT_Name,0)))} | J3: =IFERROR(_xlfn.XLOOKUP(I3,MSA_Title_List,MSA_Title_List!$A$2:$A$643,"",0),"")
B4: {=IF(A4="","",INDEX(CAGE,MATCH(A4,Company_Name,0)))} | C4: {=IF(A4="","",INDEX(Prime_Sub,MATCH(A4,Company_Name,0)))} | F4: {=IF(E4="","",INDEX(LCAT_ID,MATCH(E4,LCAT_Name,0)))} | J4: =IFERROR(_xlfn.XLOOKUP(I4,MSA_Title_List,MSA_Title_List!$A$2:$A$643,"",0),"")
B5: {=IF(A5="","",INDEX(CAGE,MATCH(A5,Company_Name,0)))} | C5: {=IF(A5="","",INDEX(Prime_Sub,MATCH(A5,Company_Name,0)))} | F5: {=IF(E5="","",INDEX(LCAT_ID,MATCH(E5,LCAT_Name,0)))} | J5: =IFERROR(_xlfn.XLOOKUP(I5,MSA_Title_List,MSA_Title_List!$A$2:$A$643,"",0),"")
B6: {=IF(A6="","",INDEX(CAGE,MATCH(A6,Company_Name,0)))} | C6: {=IF(A6="","",INDEX(Prime_Sub,MATCH(A6,Company_Name,0)))} | F6: {=IF(E6="","",INDEX(LCAT_ID,MATCH(E6,LCAT_Name,0)))} | J6: =IFERROR(_xlfn.XLOOKUP(I6,MSA_Title_List,MSA_Title_List!$A$2:$A$643,"",0),"")
B7: {=IF(A7="","",INDEX(CAGE,MATCH(A7,Company_Name,0)))} | C7: {=IF(A7="","",INDEX(Prime_Sub,MATCH(A7,Company_Name,0)))} | F7: {=IF(E7="","",INDEX(LCAT_ID,MATCH(E7,LCAT_Name,0)))} | J7: =IFERROR(_xlfn.XLOOKUP(I7,MSA_Title_List,MSA_Title_List!$A$2:$A$643,"",0),"")
B8: {=IF(A8="","",INDEX(CAGE,MATCH(A8,Company_Name,0)))} | C8: {=IF(A8="","",INDEX(Prime_Sub,MATCH(A8,Company_Name,0)))} | F8: {=IF(E8="","",INDEX(LCAT_ID,MATCH(E8,LCAT_Name,0)))} | J8: =IFERROR(_xlfn.XLOOKUP(I8,MSA_Title_List,MSA_Title_List!$A$2:$A$643,"",0),"")
B9: {=IF(A9="","",INDEX(CAGE,MATCH(A9,Company_Name,0)))} | C9: {=IF(A9="","",INDEX(Prime_Sub,MATCH(A9,Company_Name,0)))} | F9: {=IF(E9="","",INDEX(LCAT_ID,MATCH(E9,LCAT_Name,0)))} | J9: =IFERROR(_xlfn.XLOOKUP(I9,MSA_Title_List,MSA_Title_List!$A$2:$A$643,"",0),"")
B10: {=IF(A10="","",INDEX(CAGE,MATCH(A10,Company_Name,0)))} | C10: {=IF(A10="","",INDEX(Prime_Sub,MATCH(A10,Company_Name,0)))} | F10: {=IF(E10="","",INDEX(LCAT_ID,MATCH(E10,LCAT_Name,0)))} | J10: =IFERROR(_xlfn.XLOOKUP(I10,MSA_Title_List,MSA_Title_List!$A$2:$A$643,"",0),"")
B11: {=IF(A11="","",INDEX(CAGE,MATCH(A11,Company_Name,0)))} | C11: {=IF(A11="","",INDEX(Prime_Sub,MATCH(A11,Company_Name,0)))} | F11: {=IF(E11="","",INDEX(LCAT_ID,MATCH(E11,LCAT_Name,0)))} | J11: =IFERROR(_xlfn.XLOOKUP(I11,MSA_Title_List,MSA_Title_List!$A$2:$A$643,"",0),"")
B12: {=IF(A12="","",INDEX(CAGE,MATCH(A12,Company_Name,0)))} | C12: {=IF(A12="","",INDEX(Prime_Sub,MATCH(A12,Company_Name,0)))} | F12: {=IF(E12="","",INDEX(LCAT_ID,MATCH(E12,LCAT_Name,0)))} | J12: =IFERROR(_xlfn.XLOOKUP(I12,MSA_Title_List,MSA_Title_List!$A$2:$A$643,"",0),"")
B13: {=IF(A13="","",INDEX(CAGE,MATCH(A13,Company_Name,0)))} | C13: {=IF(A13="","",INDEX(Prime_Sub,MATCH(A13,Company_Name,0)))} | F13: {=IF(E13="","",INDEX(LCAT_ID,MATCH(E13,LCAT_Name,0)))} | J13: =IFERROR(_xlfn.XLOOKUP(I13,MSA_Title_List,MSA_Title_List!$A$2:$A$643,"",0),"")
B14: {=IF(A14="","",INDEX(CAGE,MATCH(A14,Company_Name,0)))} | C14: {=IF(A14="","",INDEX(Prime_Sub,MATCH(A14,Company_Name,0)))} | F14: {=IF(E14="","",INDEX(LCAT_ID,MATCH(E14,LCAT_Name,0)))} | J14: =IFERROR(_xlfn.XLOOKUP(I14,MSA_Title_List,MSA_Title_List!$A$2:$A$643,"",0),"")
... B22: {=IF(A22="","",INDEX(CAGE,MATCH(A22,Company_Name,0)))} | C22: {=IF(A22="","",INDEX(Prime_Sub,MATCH(A22,Company_Name,0)))} | F22: {=IF(E22="","",INDEX(LCAT_ID,MATCH(E22,LCAT_Name,0)))} | J22: =IFERROR(_xlfn.XLOOKUP(I22,MSA_Title_List,MSA_Title_List!$A$2:$A$643,"",0),"")
B23: {=IF(A23="","",INDEX(CAGE,MATCH(A23,Company_Name,0)))} | C23: {=IF(A23="","",INDEX(Prime_Sub,MATCH(A23,Company_Name,0)))} | F23: {=IF(E23="","",INDEX(LCAT_ID,MATCH(E23,LCAT_Name,0)))} | J23: =IFERROR(_xlfn.XLOOKUP(I23,MSA_Title_List,MSA_Title_List!$A$2:$A$643,"",0),"") | N23: Input required in columns K, L, and M within "active rows." Submission will be rejected if K, L, or M are left blank or if Vendor formulas are inputted. Similarly, if values are inputted into K, L, or M within an "active row," an LCAT entry must be inputted in column E.
B24: {=IF(A24="","",INDEX(CAGE,MATCH(A24,Company_Name,0)))} | C24: {=IF(A24="","",INDEX(Prime_Sub,MATCH(A24,Company_Name,0)))} | F24: {=IF(E24="","",INDEX(LCAT_ID,MATCH(E24,LCAT_Name,0)))} | J24: =IFERROR(_xlfn.XLOOKUP(I24,MSA_Title_List,MSA_Title_List!$A$2:$A$643,"",0),"")
B25: {=IF(A25="","",INDEX(CAGE,MATCH(A25,Company_Name,0)))} | C25: {=IF(A25="","",INDEX(Prime_Sub,MATCH(A25,Company_Name,0)))} | F25: {=IF(E25="","",INDEX(LCAT_ID,MATCH(E25,LCAT_Name,0)))} | J25: =IFERROR(_xlfn.XLOOKUP(I25,MSA_Title_List,MSA_Title_List!$A$2:$A$643,"",0),"")
B26: {=IF(A26="","",INDEX(CAGE,MATCH(A26,Company_Name,0)))} | C26: {=IF(A26="","",INDEX(Prime_Sub,MATCH(A26,Company_Name,0)))} | F26: {=IF(E26="","",INDEX(LCAT_ID,MATCH(E26,LCAT_Name,0)))} | J26: =IFERROR(_xlfn.XLOOKUP(I26,MSA_Title_List,MSA_Title_List!$A$2:$A$643,"",0),"")
B27: {=IF(A27="","",INDEX(CAGE,MATCH(A27,Company_Name,0)))} | C27: {=IF(A27="","",INDEX(Prime_Sub,MATCH(A27,Company_Name,0)))} | F27: {=IF(E27="","",INDEX(LCAT_ID,MATCH(E27,LCAT_Name,0)))} | J27: =IFERROR(_xlfn.XLOOKUP(I27,MSA_Title_List,MSA_Title_List!$A$2:$A$643,"",0),"")
B28: {=IF(A28="","",INDEX(CAGE,MATCH(A28,Company_Name,0)))} | C28: {=IF(A28="","",INDEX(Prime_Sub,MATCH(A28,Company_Name,0)))} | F28: {=IF(E28="","",INDEX(LCAT_ID,MATCH(E28,LCAT_Name,0)))} | J28: =IFERROR(_xlfn.XLOOKUP(I28,MSA_Title_List,MSA_Title_List!$A$2:$A$643,"",0),"")
B29: {=IF(A29="","",INDEX(CAGE,MATCH(A29,Company_Name,0)))} | C29: {=IF(A29="","",INDEX(Prime_Sub,MATCH(A29,Company_Name,0)))} | F29: {=IF(E29="","",INDEX(LCAT_ID,MATCH(E29,LCAT_Name,0)))} | J29: =IFERROR(_xlfn.XLOOKUP(I29,MSA_Title_List,MSA_Title_List!$A$2:$A$643,"",0),"")
B30: {=IF(A30="","",INDEX(CAGE,MATCH(A30,Company_Name,0)))} | C30: {=IF(A30="","",INDEX(Prime_Sub,MATCH(A30,Company_Name,0)))} | F30: {=IF(E30="","",INDEX(LCAT_ID,MATCH(E30,LCAT_Name,0)))} | J30: =IFERROR(_xlfn.XLOOKUP(I30,MSA_Title_List,MSA_Title_List!$A$2:$A$643,"",0),"")
B31: {=IF(A31="","",INDEX(CAGE,MATCH(A31,Company_Name,0)))} | C31: {=IF(A31="","",INDEX(Prime_Sub,MATCH(A31,Company_Name,0)))} | F31: {=IF(E31="","",INDEX(LCAT_ID,MATCH(E31,LCAT_Name,0)))} | J31: =IFERROR(_xlfn.XLOOKUP(I31,MSA_Title_List,MSA_Title_List!$A$2:$A$643,"",0),"")
B32: {=IF(A32="","",INDEX(CAGE,MATCH(A32,Company_Name,0)))} | C32: {=IF(A32="","",INDEX(Prime_Sub,MATCH(A32,Company_Name,0)))} | F32: {=IF(E32="","",INDEX(LCAT_ID,MATCH(E32,LCAT_Name,0)))} | J32: =IFERROR(_xlfn.XLOOKUP(I32,MSA_Title_List,MSA_Title_List!$A$2:$A$643,"",0),"")
B33: {=IF(A33="","",INDEX(CAGE,MATCH(A33,Company_Name,0)))} | C33: {=IF(A33="","",INDEX(Prime_Sub,MATCH(A33,Company_Name,0)))} | F33: {=IF(E33="","",INDEX(LCAT_ID,MATCH(E33,LCAT_Name,0)))} | J33: =IFERROR(_xlfn.XLOOKUP(I33,MSA_Title_List,MSA_Title_List!$A$2:$A$643,"",0),"")
B34: {=IF(A34="","",INDEX(CAGE,MATCH(A34,Company_Name,0)))} | C34: {=IF(A34="","",INDEX(Prime_Sub,MATCH(A34,Company_Name,0)))} | F34: {=IF(E34="","",INDEX(LCAT_ID,MATCH(E34,LCAT_Name,0)))} | J34: =IFERROR(_xlfn.XLOOKUP(I34,MSA_Title_List,MSA_Title_List!$A$2:$A$643,"",0),"")
B35: {=IF(A35="","",INDEX(CAGE,MATCH(A35,Company_Name,0)))} | C35: {=IF(A35="","",INDEX(Prime_Sub,MATCH(A35,Company_Name,0)))} | F35: {=IF(E35="","",INDEX(LCAT_ID,MATCH(E35,LCAT_Name,0)))} | J35: =IFERROR(_xlfn.XLOOKUP(I35,MSA_Title_List,MSA_Title_List!$A$2:$A$643,"",0),"")
... B3515: {=IF(A3515="","",INDEX(CAGE,MATCH(A3515,Company_Name,0)))} | C3515: {=IF(A3515="","",INDEX(Prime_Sub,MATCH(A3515,Company_Name,0)))} | F3515: {=IF(E3515="","",INDEX(LCAT_ID,MATCH(E3515,LCAT_Name,0)))} | J3515: =IFERROR(_xlfn.XLOOKUP(I3515,MSA_Title_List,MSA_Title_List!$A$2:$A$643,"",0),"")

Sheet Invoiced Labor
A1: Invoice_Company | B1: Invoice_ CAGE | C1: Invoice_ Prime_Sub | D1: Invoice_ CLIN_SLIN | E1: LCAT Type (Optional) | F1: Invoice_Labor_Category | G1: Invoice_ LCAT_ID | H1: Invoice_ Site | I1: Employee State | J1: Employee MSA | K1: Invoice_ MSA_Code | L1: Invoice_Unique_ Employee_ID | M1: Invoice_ Hours | N1: Invoice_ Direct_Cost | O1: Invoice_ Total_Cost
A2: {="'"&_xlfn.TEXTAFTER(CELL("filename",A1),"]")&"'!$"&CHAR(COLUMN()+64)&"$3:$"&CHAR(COLUMN()+64)&"$"&MAX(3,IF(NOT(ISERROR($A3:$O4033)), ROW($A3:$O4033)*($A3:$O4033<>"")))} -> 'Invoiced Labor'!$A$3:$A$3 | B2: {="'"&_xlfn.TEXTAFTER(CELL("filename",B1),"]")&"'!$"&CHAR(COLUMN()+64)&"$3:$"&CHAR(COLUMN()+64)&"$"&MAX(3,IF(NOT(ISERROR($A3:$O4033)), ROW($A3:$O4033)*($A3:$O4033<>"")))} -> 'Invoiced Labor'!$B$3:$B$3 | C2: {="'"&_xlfn.TEXTAFTER(CELL("filename",C1),"]")&"'!$"&CHAR(COLUMN()+64)&"$3:$"&CHAR(COLUMN()+64)&"$"&MAX(3,IF(NOT(ISERROR($A3:$O4033)), ROW($A3:$O4033)*($A3:$O4033<>"")))} -> 'Invoiced Labor'!$C$3:$C$3 | D2: {="'"&_xlfn.TEXTAFTER(CELL("filename",D1),"]")&"'!$"&CHAR(COLUMN()+64)&"$3:$"&CHAR(COLUMN()+64)&"$"&MAX(3,IF(NOT(ISERROR($A3:$O4033)), ROW($A3:$O4033)*($A3:$O4033<>"")))} -> 'Invoiced Labor'!$D$3:$D$3 | F2: {="'"&_xlfn.TEXTAFTER(CELL("filename",F1),"]")&"'!$"&CHAR(COLUMN()+64)&"$3:$"&CHAR(COLUMN()+64)&"$"&MAX(3,IF(NOT(ISERROR($A3:$O4033)), ROW($A3:$O4033)*($A3:$O4033<>"")))} -> 'Invoiced Labor'!$F$3:$F$3 | G2: {="'"&_xlfn.TEXTAFTER(CELL("filename",G1),"]")&"'!$"&CHAR(COLUMN()+64)&"$3:$"&CHAR(COLUMN()+64)&"$"&MAX(3,IF(NOT(ISERROR($A3:$O4033)), ROW($A3:$O4033)*($A3:$O4033<>"")))} -> 'Invoiced Labor'!$G$3:$G$3 | H2: {="'"&_xlfn.TEXTAFTER(CELL("filename",H1),"]")&"'!$"&CHAR(COLUMN()+64)&"$3:$"&CHAR(COLUMN()+64)&"$"&MAX(3,IF(NOT(ISERROR($A3:$O4033)), ROW($A3:$O4033)*($A3:$O4033<>"")))} -> 'Invoiced Labor'!$H$3:$H$3 | K2: {="'"&_xlfn.TEXTAFTER(CELL("filename",K1),"]")&"'!$"&CHAR(COLUMN()+64)&"$3:$"&CHAR(COLUMN()+64)&"$"&MAX(3,IF(NOT(ISERROR($A3:$O4033)), ROW($A3:$O4033)*($A3:$O4033<>"")))} -> 'Invoiced Labor'!$K$3:$K$3 | L2: {="'"&_xlfn.TEXTAFTER(CELL("filename",L1),"]")&"'!$"&CHAR(COLUMN()+64)&"$3:$"&CHAR(COLUMN()+64)&"$"&MAX(3,IF(NOT(ISERROR($A3:$O4033)), ROW($A3:$O4033)*($A3:$O4033<>"")))} -> 'Invoiced Labor'!$L$3:$L$3 | M2: {="'"&_xlfn.TEXTAFTER(CELL("filename",M1),"]")&"'!$"&CHAR(COLUMN()+64)&"$3:$"&CHAR(COLUMN()+64)&"$"&MAX(3,IF(NOT(ISERROR($A3:$O4033)), ROW($A3:$O4033)*($A3:$O4033<>"")))} -> 'Invoiced Labor'!$M$3:$M$3 | N2: {="'"&_xlfn.TEXTAFTER(CELL("filename",N1),"]")&"'!$"&CHAR(COLUMN()+64)&"$3:$"&CHAR(COLUMN()+64)&"$"&MAX(3,IF(NOT(ISERROR($A3:$O4033)), ROW($A3:$O4033)*($A3:$O4033<>"")))} -> 'Invoiced Labor'!$N$3:$N$3 | O2: {="'"&_xlfn.TEXTAFTER(CELL("filename",O1),"]")&"'!$"&CHAR(COLUMN()+64)&"$3:$"&CHAR(COLUMN()+64)&"$"&MAX(3,IF(NOT(ISERROR($A3:$O4033)), ROW($A3:$O4033)*($A3:$O4033<>"")))} -> 'Invoiced Labor'!$O$3:$O$3
B3: {=IF(A3="","",INDEX(CAGE,MATCH(A3,Company_Name,0)))} | C3: {=IF(A3="","",INDEX(Prime_Sub,MATCH(A3,Company_Name,0)))} | G3: {=IF(F3="","",INDEX(LCAT_ID,MATCH(F3,LCAT_Name,0)))} | K3: =IFERROR(_xlfn.XLOOKUP($J3,MSA_Title_List,MSA_Title_List!$A$2:$A$643,"",0),"")
B4: {=IF(A4="","",INDEX(CAGE,MATCH(A4,Company_Name,0)))} | C4: {=IF(A4="","",INDEX(Prime_Sub,MATCH(A4,Company_Name,0)))} | G4: {=IF(F4="","",INDEX(LCAT_ID,MATCH(F4,LCAT_Name,0)))} | K4: =IFERROR(_xlfn.XLOOKUP($J4,MSA_Title_List,MSA_Title_List!$A$2:$A$643,"",0),"")
B5: {=IF(A5="","",INDEX(CAGE,MATCH(A5,Company_Name,0)))} | C5: {=IF(A5="","",INDEX(Prime_Sub,MATCH(A5,Company_Name,0)))} | G5: {=IF(F5="","",INDEX(LCAT_ID,MATCH(F5,LCAT_Name,0)))} | K5: =IFERROR(_xlfn.XLOOKUP($J5,MSA_Title_List,MSA_Title_List!$A$2:$A$643,"",0),"")
B6: {=IF(A6="","",INDEX(CAGE,MATCH(A6,Company_Name,0)))} | C6: {=IF(A6="","",INDEX(Prime_Sub,MATCH(A6,Company_Name,0)))} | G6: {=IF(F6="","",INDEX(LCAT_ID,MATCH(F6,LCAT_Name,0)))} | K6: =IFERROR(_xlfn.XLOOKUP($J6,MSA_Title_List,MSA_Title_List!$A$2:$A$643,"",0),"")
B7: {=IF(A7="","",INDEX(CAGE,MATCH(A7,Company_Name,0)))} | C7: {=IF(A7="","",INDEX(Prime_Sub,MATCH(A7,Company_Name,0)))} | G7: {=IF(F7="","",INDEX(LCAT_ID,MATCH(F7,LCAT_Name,0)))} | K7: =IFERROR(_xlfn.XLOOKUP($J7,MSA_Title_List,MSA_Title_List!$A$2:$A$643,"",0),"")
B8: {=IF(A8="","",INDEX(CAGE,MATCH(A8,Company_Name,0)))} | C8: {=IF(A8="","",INDEX(Prime_Sub,MATCH(A8,Company_Name,0)))} | G8: {=IF(F8="","",INDEX(LCAT_ID,MATCH(F8,LCAT_Name,0)))} | K8: =IFERROR(_xlfn.XLOOKUP($J8,MSA_Title_List,MSA_Title_List!$A$2:$A$643,"",0),"")
B9: {=IF(A9="","",INDEX(CAGE,MATCH(A9,Company_Name,0)))} | C9: {=IF(A9="","",INDEX(Prime_Sub,MATCH(A9,Company_Name,0)))} | G9: {=IF(F9="","",INDEX(LCAT_ID,MATCH(F9,LCAT_Name,0)))} | K9: =IFERROR(_xlfn.XLOOKUP($J9,MSA_Title_List,MSA_Title_List!$A$2:$A$643,"",0),"")
B10: {=IF(A10="","",INDEX(CAGE,MATCH(A10,Company_Name,0)))} | C10: {=IF(A10="","",INDEX(Prime_Sub,MATCH(A10,Company_Name,0)))} | G10: {=IF(F10="","",INDEX(LCAT_ID,MATCH(F10,LCAT_Name,0)))} | K10: =IFERROR(_xlfn.XLOOKUP($J10,MSA_Title_List,MSA_Title_List!$A$2:$A$643,"",0),"")
B11: {=IF(A11="","",INDEX(CAGE,MATCH(A11,Company_Name,0)))} | C11: {=IF(A11="","",INDEX(Prime_Sub,MATCH(A11,Company_Name,0)))} | G11: {=IF(F11="","",INDEX(LCAT_ID,MATCH(F11,LCAT_Name,0)))} | K11: =IFERROR(_xlfn.XLOOKUP($J11,MSA_Title_List,MSA_Title_List!$A$2:$A$643,"",0),"")
B12: {=IF(A12="","",INDEX(CAGE,MATCH(A12,Company_Name,0)))} | C12: {=IF(A12="","",INDEX(Prime_Sub,MATCH(A12,Company_Name,0)))} | G12: {=IF(F12="","",INDEX(LCAT_ID,MATCH(F12,LCAT_Name,0)))} | K12: =IFERROR(_xlfn.XLOOKUP($J12,MSA_Title_List,MSA_Title_List!$A$2:$A$643,"",0),"")
B13: {=IF(A13="","",INDEX(CAGE,MATCH(A13,Company_Name,0)))} | C13: {=IF(A13="","",INDEX(Prime_Sub,MATCH(A13,Company_Name,0)))} | G13: {=IF(F13="","",INDEX(LCAT_ID,MATCH(F13,LCAT_Name,0)))} | K13: =IFERROR(_xlfn.XLOOKUP($J13,MSA_Title_List,MSA_Title_List!$A$2:$A$643,"",0),"")
B14: {=IF(A14="","",INDEX(CAGE,MATCH(A14,Company_Name,0)))} | C14: {=IF(A14="","",INDEX(Prime_Sub,MATCH(A14,Company_Name,0)))} | G14: {=IF(F14="","",INDEX(LCAT_ID,MATCH(F14,LCAT_Name,0)))} | K14: =IFERROR(_xlfn.XLOOKUP($J14,MSA_Title_List,MSA_Title_List!$A$2:$A$643,"",0),"")
... B30: {=IF(A30="","",INDEX(CAGE,MATCH(A30,Company_Name,0)))} | C30: {=IF(A30="","",INDEX(Prime_Sub,MATCH(A30,Company_Name,0)))} | G30: {=IF(F30="","",INDEX(LCAT_ID,MATCH(F30,LCAT_Name,0)))} | K30: =IFERROR(_xlfn.XLOOKUP($J30,MSA_Title_List,MSA_Title_List!$A$2:$A$643,"",0),"")
B31: {=IF(A31="","",INDEX(CAGE,MATCH(A31,Company_Name,0)))} | C31: {=IF(A31="","",INDEX(Prime_Sub,MATCH(A31,Company_Name,0)))} | G31: {=IF(F31="","",INDEX(LCAT_ID,MATCH(F31,LCAT_Name,0)))} | K31: =IFERROR(_xlfn.XLOOKUP($J31,MSA_Title_List,MSA_Title_List!$A$2:$A$643,"",0),"") | P31: Input required in columns M, N, and O within "active rows." Submission will be rejected if M, N, or O are left blank or if Vendor formulas are inputted. Similarly, if values are inputted into M, N, or O within an "active row," an LCAT entry must be inputted in column F.
B32: {=IF(A32="","",INDEX(CAGE,MATCH(A32,Company_Name,0)))} | C32: {=IF(A32="","",INDEX(Prime_Sub,MATCH(A32,Company_Name,0)))} | G32: {=IF(F32="","",INDEX(LCAT_ID,MATCH(F32,LCAT_Name,0)))} | K32: =IFERROR(_xlfn.XLOOKUP($J32,MSA_Title_List,MSA_Title_List!$A$2:$A$643,"",0),"")
B33: {=IF(A33="","",INDEX(CAGE,MATCH(A33,Company_Name,0)))} | C33: {=IF(A33="","",INDEX(Prime_Sub,MATCH(A33,Company_Name,0)))} | G33: {=IF(F33="","",INDEX(LCAT_ID,MATCH(F33,LCAT_Name,0)))} | K33: =IFERROR(_xlfn.XLOOKUP($J33,MSA_Title_List,MSA_Title_List!$A$2:$A$643,"",0),"")
B34: {=IF(A34="","",INDEX(CAGE,MATCH(A34,Company_Name,0)))} | C34: {=IF(A34="","",INDEX(Prime_Sub,MATCH(A34,Company_Name,0)))} | G34: {=IF(F34="","",INDEX(LCAT_ID,MATCH(F34,LCAT_Name,0)))} | K34: =IFERROR(_xlfn.XLOOKUP($J34,MSA_Title_List,MSA_Title_List!$A$2:$A$643,"",0),"")
B35: {=IF(A35="","",INDEX(CAGE,MATCH(A35,Company_Name,0)))} | C35: {=IF(A35="","",INDEX(Prime_Sub,MATCH(A35,Company_Name,0)))} | G35: {=IF(F35="","",INDEX(LCAT_ID,MATCH(F35,LCAT_Name,0)))} | K35: =IFERROR(_xlfn.XLOOKUP($J35,MSA_Title_List,MSA_Title_List!$A$2:$A$643,"",0),"")
B36: {=IF(A36="","",INDEX(CAGE,MATCH(A36,Company_Name,0)))} | C36: {=IF(A36="","",INDEX(Prime_Sub,MATCH(A36,Company_Name,0)))} | G36: {=IF(F36="","",INDEX(LCAT_ID,MATCH(F36,LCAT_Name,0)))} | K36: =IFERROR(_xlfn.XLOOKUP($J36,MSA_Title_List,MSA_Title_List!$A$2:$A$643,"",0),"")
B37: {=IF(A37="","",INDEX(CAGE,MATCH(A37,Company_Name,0)))} | C37: {=IF(A37="","",INDEX(Prime_Sub,MATCH(A37,Company_Name,0)))} | G37: {=IF(F37="","",INDEX(LCAT_ID,MATCH(F37,LCAT_Name,0)))} | K37: =IFERROR(_xlfn.XLOOKUP($J37,MSA_Title_List,MSA_Title_List!$A$2:$A$643,"",0),"")
B38: {=IF(A38="","",INDEX(CAGE,MATCH(A38,Company_Name,0)))} | C38: {=IF(A38="","",INDEX(Prime_Sub,MATCH(A38,Company_Name,0)))} | G38: {=IF(F38="","",INDEX(LCAT_ID,MATCH(F38,LCAT_Name,0)))} | K38: =IFERROR(_xlfn.XLOOKUP($J38,MSA_Title_List,MSA_Title_List!$A$2:$A$643,"",0),"")
B39: {=IF(A39="","",INDEX(CAGE,MATCH(A39,Company_Name,0)))} | C39: {=IF(A39="","",INDEX(Prime_Sub,MATCH(A39,Company_Name,0)))} | G39: {=IF(F39="","",INDEX(LCAT_ID,MATCH(F39,LCAT_Name,0)))} | K39: =IFERROR(_xlfn.XLOOKUP($J39,MSA_Title_List,MSA_Title_List!$A$2:$A$643,"",0),"")
B40: {=IF(A40="","",INDEX(CAGE,MATCH(A40,Company_Name,0)))} | C40: {=IF(A40="","",INDEX(Prime_Sub,MATCH(A40,Company_Name,0)))} | G40: {=IF(F40="","",INDEX(LCAT_ID,MATCH(F40,LCAT_Name,0)))} | K40: =IFERROR(_xlfn.XLOOKUP($J40,MSA_Title_List,MSA_Title_List!$A$2:$A$643,"",0),"")
B41: {=IF(A41="","",INDEX(CAGE,MATCH(A41,Company_Name,0)))} | C41: {=IF(A41="","",INDEX(Prime_Sub,MATCH(A41,Company_Name,0)))} | G41: {=IF(F41="","",INDEX(LCAT_ID,MATCH(F41,LCAT_Name,0)))} | K41: =IFERROR(_xlfn.XLOOKUP($J41,MSA_Title_List,MSA_Title_List!$A$2:$A$643,"",0),"")
B42: {=IF(A42="","",INDEX(CAGE,MATCH(A42,Company_Name,0)))} | C42: {=IF(A42="","",INDEX(Prime_Sub,MATCH(A42,Company_Name,0)))} | G42: {=IF(F42="","",INDEX(LCAT_ID,MATCH(F42,LCAT_Name,0)))} | K42: =IFERROR(_xlfn.XLOOKUP($J42,MSA_Title_List,MSA_Title_List!$A$2:$A$643,"",0),"")
B43: {=IF(A43="","",INDEX(CAGE,MATCH(A43,Company_Name,0)))} | C43: {=IF(A43="","",INDEX(Prime_Sub,MATCH(A43,Company_Name,0)))} | G43: {=IF(F43="","",INDEX(LCAT_ID,MATCH(F43,LCAT_Name,0)))} | K43: =IFERROR(_xlfn.XLOOKUP($J43,MSA_Title_List,MSA_Title_List!$A$2:$A$643,"",0),"")
... B4000: {=IF(A4000="","",INDEX(CAGE,MATCH(A4000,Company_Name,0)))} | C4000: {=IF(A4000="","",INDEX(Prime_Sub,MATCH(A4000,Company_Name,0)))} | G4000: {=IF(F4000="","",INDEX(LCAT_ID,MATCH(F4000,LCAT_Name,0)))} | K4000: =IFERROR(_xlfn.XLOOKUP($J4000,MSA_Title_List,MSA_Title_List!$A$2:$A$643,"",0),"")
B4001: {=IF(A4001="","",INDEX(CAGE,MATCH(A4001,Company_Name,0)))} | C4001: {=IF(A4001="","",INDEX(Prime_Sub,MATCH(A4001,Company_Name,0)))} | G4001: {=IF(F4001="","",INDEX(LCAT_ID,MATCH(F4001,LCAT_Name,0)))}
B4002: {=IF(A4002="","",INDEX(CAGE,MATCH(A4002,Company_Name,0)))} | C4002: {=IF(A4002="","",INDEX(Prime_Sub,MATCH(A4002,Company_Name,0)))} | G4002: {=IF(F4002="","",INDEX(LCAT_ID,MATCH(F4002,LCAT_Name,0)))}
B4003: {=IF(A4003="","",INDEX(CAGE,MATCH(A4003,Company_Name,0)))} | C4003: {=IF(A4003="","",INDEX(Prime_Sub,MATCH(A4003,Company_Name,0)))} | G4003: {=IF(F4003="","",INDEX(LCAT_ID,MATCH(F4003,LCAT_Name,0)))}
B4004: {=IF(A4004="","",INDEX(CAGE,MATCH(A4004,Company_Name,0)))} | C4004: {=IF(A4004="","",INDEX(Prime_Sub,MATCH(A4004,Company_Name,0)))} | G4004: {=IF(F4004="","",INDEX(LCAT_ID,MATCH(F4004,LCAT_Name,0)))}
B4005: {=IF(A4005="","",INDEX(CAGE,MATCH(A4005,Company_Name,0)))} | C4005: {=IF(A4005="","",INDEX(Prime_Sub,MATCH(A4005,Company_Name,0)))} | G4005: {=IF(F4005="","",INDEX(LCAT_ID,MATCH(F4005,LCAT_Name,0)))}
B4006: {=IF(A4006="","",INDEX(CAGE,MATCH(A4006,Company_Name,0)))} | C4006: {=IF(A4006="","",INDEX(Prime_Sub,MATCH(A4006,Company_Name,0)))} | G4006: {=IF(F4006="","",INDEX(LCAT_ID,MATCH(F4006,LCAT_Name,0)))}

Sheet Invoice Summary
A1: Invoice Details | B1: Contract_Number | C1: Order_Number | D1: Invoice_Number | E1: Invoice_Date | F1: First_Date_ Invoiced_Cost_ Incurred | G1: Last_Date_ Invoiced_Cost_ Incurred | H1: Period_of_ Performance | I1: Major_Subordinate_ Command | J1: Major_Subordinate_ Directorate | K1: KO_KS Name
H2: 1 | K2: =IF(K3="","",K3) -> MCBRIDE, SHANNON M
B3: *Format: XXXXXX-XX-X-XXXX | C3: *Format: XXXXXX-XX-X-XXXX | D3: e.g., R2xx | E3: xx/xx/xxxx | F3: xx/xx/xxxx | G3: xx/xx/xxxx | I3: e.g., PEO ABC | J3: e.g., PM XYZ | K3: MCBRIDE, SHANNON M
B5: Hours | F5: Total Cost per Hour | G5: Total Cost
A6: Labor, Prime Direct | G6: {=SUMIF(Invoice_Prime_Sub,"Prime",Invoice_Direct_Cost)} -> 0
A7: Prime Indirect & FCCOM on Prime Direct Labor | G7: =G8-G6 -> 0 | H7: =IFERROR(G7/G6,"")
A8: Labor, Prime Fully Burdened Cost | B8: {=SUMIF(Invoice_Prime_Sub,"Prime",Invoice_Hours)} -> 0 | F8: =IFERROR(G8/B8,"") | G8: {=SUMIF(Invoice_Prime_Sub,"Prime",Invoice_Total_Cost)} -> 0
A10: Direct Subcontracts Cost (labor costs) | G10: {=SUMIF(Invoice_Prime_Sub,"Sub",Invoice_Direct_Cost)} -> 0
A11: Prime Indirect & FCCOM on Subcontract Costs | G11: =G12-G10 -> 0 | H11: =IFERROR(G11/G10,"")
A12: Subtotal, Subcontracts | B12: {=SUMIF(Invoice_Prime_Sub,"Sub",Invoice_Hours)} -> 0 | F12: =IFERROR(G12/B12,"") | G12: {=SUMIF(Invoice_Prime_Sub,"Sub",Invoice_Total_Cost)} -> 0
A14: Subtotal, Total Labor Cost | B14: =SUM(B8,B12) -> 0 | F14: =IFERROR(G14/B14,"") | G14: =SUM(G8,G12) -> 0
A16: Direct Subcontracts (non-labor costs) | G16: <Ref>
A17: M&S Handling | F17: <Rate> | G17: <Formula>
A18: Subtotal, Materials | G18: 0
A20: Direct Materials | G20: <Ref>
A21: M&S Handling | F21: <Rate> | G21: <Formula>
A22: Subtotal, Materials | G22: 0
A24: Travel | G24: <Ref>
A26: ODCs | G26: <Ref>
A28: G&A (Non-Labor Costs Only) | F28: <Rate> | G28: <Formula> | H28: ← Do not apply G&A twice on direct labor: Total direct labor costs should already include G&A.
A30: Subtotal, Non-Labor Costs | G30: =SUM(G18,G22,G24,G26,G28) -> 0
A32: Total Invoiced Cost | G32: =SUM(G14,G30) -> 0
A33: Invoiced Fee | G33: 0 | H33: ← Note: Fixed fee awarded is a dollar amount, not a percentage: Incurring more cost will not result in more fee.
A34: Total Invoiced | G34: =G33+G32 -> 0 | H34: (30194+540) *.08 = 2459 | I34: 10800*.03 = 324

Sheet Potential Recovery Amount
G1: Proposed Direct Labor | J1: Invoiced Direct Labor | M1: Delta between Invoiced and Proposed | P1: Potential Recovery > 5.0% | Q1: Overbilled between > 0% and < 5.0% | R1: Not Proposed | S1: Underbilled < 0% | T1: Accurately Billed (Absolute) | U1: Count of LCATs Invoiced | V1: Potential Recovery Amount > 5% | X1: =SUM($X$3:$X$5000) -> 0 | Z1: Contractor Notes | AE1: =SUM($AE$3:$AE$5000) -> 0
B2: Helper Column (Hidden) | C2: Company | D2: LCAT | E2: MSA ID# | F2: MSA | G2: Hours | H2: Direct Labor Cost per Hour | I2: Total Direct Labor Cost | J2: Hours | K2: Direct Labor Cost per Hour | L2: Total Direct Labor Cost | M2: Delta $ | N2: Delta % | O2: Extended $ | P2: =SUM(P3:P5000) -> 0 | Q2: =SUM(Q3:Q5000) -> 0 | R2: =SUM(R3:R5000) -> 0 | S2: =SUM(S3:S5000) -> 0 | T2: =SUM(T3:T5000) -> 0 | U2: =COUNTA(D3:D5000) -> 1 | V2: Invoiced Hours | W2: Overbilled per Hour > 5.0% | X2: Overbilled > 5.0% extended | AB2: Company_PRA | AC2: LCAT_PRA | AD2: MSA_PRA | AE2: Potential_Recovery_Amount
B3: {=_xlfn._xlws.SORT(_xlfn.UNIQUE(Invoice_Company&"^"&Invoice_Labor_Category&"^"&Invoice_MSA_Code),,)} -> ^^ | C3: {=IFERROR(_xlfn.TEXTSPLIT(B3,"^"),"")} | F3: {=IFERROR(INDEX(MSA_Title,MATCH(E3,MSA_Code,0)),"")} | G3: {=SUMIFS(Proposed_Hours,Proposed_Labor_Category,$D3,Proposed_Company,$C3,Proposed_MSA_Code,$E3)} -> 0 | H3: =IFERROR(I3/G3,"") | I3: {=IFERROR(IF(SUMIFS(Proposed_Direct_Cost,Proposed_Labor_Category,$D3,Proposed_Company,$C3,Proposed_MSA_Code,$E3)=0,"Not Proposed",SUMIFS(Proposed_Direct_Cost,Proposed_Labor_Category,$D3,Proposed_Company,$C3,Proposed_MSA_Code,$E3)),"")} -> Not Proposed | J3: {=SUMIFS(Invoice_Hours,Invoice_Labor_Category,$D3,Invoice_Company,$C3,Invoice_MSA_Code,$E3)} -> 0 | K3: =IFERROR(L3/J3,"") | L3: {=IFERROR(SUMIFS(Invoice_Direct_Cost,Invoice_Labor_Category,$D3,Invoice_Company,$C3,Invoice_MSA_Code,$E3),"")} -> 0 | M3: =IFERROR(K3-H3,"") | N3: =IFERROR(M3/H3,"") | O3: =IFERROR(M3*J3,"") | P3: =IFERROR(IF(N3>5%,O3*((N3-5%)/N3),""),"") | Q3: =IFERROR(IF(N3>0,O3*(MIN(N3,5%)/N3),""),"") | R3: =IFERROR(IF(AND(K3>0,H3="",L3<>0),L3,""),"") | S3: =IFERROR(IF(N3<0,-O3,""),"") | T3: =IFERROR(IF(AND(K3<>"",H3<>"",K3=H3),L3,""),"") | V3: {=SUMIFS(Invoice_Hours,Invoice_Labor_Category,$D3,Invoice_Company,$C3,Invoice_MSA_Code,$E3)} -> 0 | W3: =IFERROR(IF(AND(H3<>0,K3>H3,(K3-H3)/H3>0.05),(K3-H3),""),"") | X3: =IFERROR(IF(H3="",K3*J3,W3*V3),"") | AB3: =IF(C3=0,"",C3) | AC3: =IF(D3=0,"",D3) | AD3: =IF(F3=0,"",F3) | AE3: =X3
C4: {=IFERROR(_xlfn.TEXTSPLIT(B4,"^"),"")} | F4: {=IFERROR(INDEX(MSA_Title,MATCH(E4,MSA_Code,0)),"")} | G4: {=SUMIFS(Proposed_Hours,Proposed_Labor_Category,$D4,Proposed_Company,$C4,Proposed_MSA_Code,$E4)} -> 0 | H4: =IFERROR(I4/G4,"") | I4: {=IFERROR(IF(SUMIFS(Proposed_Direct_Cost,Proposed_Labor_Category,$D4,Proposed_Company,$C4,Proposed_MSA_Code,$E4)=0,"Not Proposed",SUMIFS(Proposed_Direct_Cost,Proposed_Labor_Category,$D4,Proposed_Company,$C4,Proposed_MSA_Code,$E4)),"")} -> Not Proposed | J4: {=SUMIFS(Invoice_Hours,Invoice_Labor_Category,$D4,Invoice_Company,$C4,Invoice_MSA_Code,$E4)} -> 0 | K4: =IFERROR(L4/J4,"") | L4: {=IFERROR(SUMIFS(Invoice_Direct_Cost,Invoice_Labor_Category,$D4,Invoice_Company,$C4,Invoice_MSA_Code,$E4),"")} -> 0 | M4: =IFERROR(K4-H4,"") | N4: =IFERROR(M4/H4,"") | O4: =IFERROR(M4*J4,"") | P4: =IFERROR(IF(N4>5%,O4*((N4-5%)/N4),""),"") | Q4: =IFERROR(IF(N4>0,O4*(MIN(N4,5%)/N4),""),"") | R4: =IFERROR(IF(AND(K4>0,H4="",L4<>0),L4,""),"") | S4: =IFERROR(IF(N4<0,-O4,""),"") | T4: =IFERROR(IF(AND(K4<>"",H4<>"",K4=H4),L4,""),"") | V4: {=SUMIFS(Invoice_Hours,Invoice_Labor_Category,$D4,Invoice_Company,$C4,Invoice_MSA_Code,$E4)} -> 0 | W4: =IFERROR(IF(AND(H4<>0,K4>H4,(K4-H4)/H4>0.05),(K4-H4),""),"") | X4: =IFERROR(IF(H4="",K4*J4,W4*V4),"") | AB4: =IF(C4=0,"",C4) | AC4: =IF(D4=0,"",D4) | AD4: =IF(F4=0,"",F4) | AE4: =X4
C5: {=IFERROR(_xlfn.TEXTSPLIT(B5,"^"),"")} | F5: {=IFERROR(INDEX(MSA_Title,MATCH(E5,MSA_Code,0)),"")} | G5: {=SUMIFS(Proposed_Hours,Proposed_Labor_Category,$D5,Proposed_Company,$C5,Proposed_MSA_Code,$E5)} -> 0 | H5: =IFERROR(I5/G5,"") | I5: {=IFERROR(IF(SUMIFS(Proposed_Direct_Cost,Proposed_Labor_Category,$D5,Proposed_Company,$C5,Proposed_MSA_Code,$E5)=0,"Not Proposed",SUMIFS(Proposed_Direct_Cost,Proposed_Labor_Category,$D5,Proposed_Company,$C5,Proposed_MSA_Code,$E5)),"")} -> Not Proposed | J5: {=SUMIFS(Invoice_Hours,Invoice_Labor_Category,$D5,Invoice_Company,$C5,Invoice_MSA_Code,$E5)} -> 0 | K5: =IFERROR(L5/J5,"") | L5: {=IFERROR(SUMIFS(Invoice_Direct_Cost,Invoice_Labor_Category,$D5,Invoice_Company,$C5,Invoice_MSA_Code,$E5),"")} -> 0 | M5: =IFERROR(K5-H5,"") | N5: =IFERROR(M5/H5,"") | O5: =IFERROR(M5*J5,"") | P5: =IFERROR(IF(N5>5%,O5*((N5-5%)/N5),""),"") | Q5: =IFERROR(IF(N5>0,O5*(MIN(N5,5%)/N5),""),"") | R5: =IFERROR(IF(AND(K5>0,H5="",L5<>0),L5,""),"") | S5: =IFERROR(IF(N5<0,-O5,""),"") | T5: =IFERROR(IF(AND(K5<>"",H5<>"",K5=H5),L5,""),"") | V5: {=SUMIFS(Invoice_Hours,Invoice_Labor_Category,$D5,Invoice_Company,$C5,Invoice_MSA_Code,$E5)} -> 0 | W5: =IFERROR(IF(AND(H5<>0,K5>H5,(K5-H5)/H5>0.05),(K5-H5),""),"") | X5: =IFERROR(IF(H5="",K5*J5,W5*V5),"") | AB5: =IF(C5=0,"",C5) | AC5: =IF(D5=0,"",D5) | AD5: =IF(F5=0,"",F5) | AE5: =X5
C6: {=IFERROR(_xlfn.TEXTSPLIT(B6,"^"),"")} | F6: {=IFERROR(INDEX(MSA_Title,MATCH(E6,MSA_Code,0)),"")} | G6: {=SUMIFS(Proposed_Hours,Proposed_Labor_Category,$D6,Proposed_Company,$C6,Proposed_MSA_Code,$E6)} -> 0 | H6: =IFERROR(I6/G6,"") | I6: {=IFERROR(IF(SUMIFS(Proposed_Direct_Cost,Proposed_Labor_Category,$D6,Proposed_Company,$C6,Proposed_MSA_Code,$E6)=0,"Not Proposed",SUMIFS(Proposed_Direct_Cost,Proposed_Labor_Category,$D6,Proposed_Company,$C6,Proposed_MSA_Code,$E6)),"")} -> Not Proposed | J6: {=SUMIFS(Invoice_Hours,Invoice_Labor_Category,$D6,Invoice_Company,$C6,Invoice_MSA_Code,$E6)} -> 0 | K6: =IFERROR(L6/J6,"") | L6: {=IFERROR(SUMIFS(Invoice_Direct_Cost,Invoice_Labor_Category,$D6,Invoice_Company,$C6,Invoice_MSA_Code,$E6),"")} -> 0 | M6: =IFERROR(K6-H6,"") | N6: =IFERROR(M6/H6,"") | O6: =IFERROR(M6*J6,"") | P6: =IFERROR(IF(N6>5%,O6*((N6-5%)/N6),""),"") | Q6: =IFERROR(IF(N6>0,O6*(MIN(N6,5%)/N6),""),"") | R6: =IFERROR(IF(AND(K6>0,H6="",L6<>0),L6,""),"") | S6: =IFERROR(IF(N6<0,-O6,""),"") | T6: =IFERROR(IF(AND(K6<>"",H6<>"",K6=H6),L6,""),"") | V6: {=SUMIFS(Invoice_Hours,Invoice_Labor_Category,$D6,Invoice_Company,$C6,Invoice_MSA_Code,$E6)} -> 0 | W6: =IFERROR(IF(AND(H6<>0,K6>H6,(K6-H6)/H6>0.05),(K6-H6),""),"") | X6: =IFERROR(IF(H6="",K6*J6,W6*V6),"") | AB6: =IF(C6=0,"",C6) | AC6: =IF(D6=0,"",D6) | AD6: =IF(F6=0,"",F6) | AE6: =X6
C7: {=IFERROR(_xlfn.TEXTSPLIT(B7,"^"),"")} | F7: {=IFERROR(INDEX(MSA_Title,MATCH(E7,MSA_Code,0)),"")} | G7: {=SUMIFS(Proposed_Hours,Proposed_Labor_Category,$D7,Proposed_Company,$C7,Proposed_MSA_Code,$E7)} -> 0 | H7: =IFERROR(I7/G7,"") | I7: {=IFERROR(IF(SUMIFS(Proposed_Direct_Cost,Proposed_Labor_Category,$D7,Proposed_Company,$C7,Proposed_MSA_Code,$E7)=0,"Not Proposed",SUMIFS(Proposed_Direct_Cost,Proposed_Labor_Category,$D7,Proposed_Company,$C7,Proposed_MSA_Code,$E7)),"")} -> Not Proposed | J7: {=SUMIFS(Invoice_Hours,Invoice_Labor_Category,$D7,Invoice_Company,$C7,Invoice_MSA_Code,$E7)} -> 0 | K7: =IFERROR(L7/J7,"") | L7: {=IFERROR(SUMIFS(Invoice_Direct_Cost,Invoice_Labor_Category,$D7,Invoice_Company,$C7,Invoice_MSA_Code,$E7),"")} -> 0 | M7: =IFERROR(K7-H7,"") | N7: =IFERROR(M7/H7,"") | O7: =IFERROR(M7*J7,"") | P7: =IFERROR(IF(N7>5%,O7*((N7-5%)/N7),""),"") | Q7: =IFERROR(IF(N7>0,O7*(MIN(N7,5%)/N7),""),"") | R7: =IFERROR(IF(AND(K7>0,H7="",L7<>0),L7,""),"") | S7: =IFERROR(IF(N7<0,-O7,""),"") | T7: =IFERROR(IF(AND(K7<>"",H7<>"",K7=H7),L7,""),"") | V7: {=SUMIFS(Invoice_Hours,Invoice_Labor_Category,$D7,Invoice_Company,$C7,Invoice_MSA_Code,$E7)} -> 0 | W7: =IFERROR(IF(AND(H7<>0,K7>H7,(K7-H7)/H7>0.05),(K7-H7),""),"") | X7: =IFERROR(IF(H7="",K7*J7,W7*V7),"") | AB7: =IF(C7=0,"",C7) | AC7: =IF(D7=0,"",D7) | AD7: =IF(F7=0,"",F7) | AE7: =X7
C8: {=IFERROR(_xlfn.TEXTSPLIT(B8,"^"),"")} | F8: {=IFERROR(INDEX(MSA_Title,MATCH(E8,MSA_Code,0)),"")} | G8: {=SUMIFS(Proposed_Hours,Proposed_Labor_Category,$D8,Proposed_Company,$C8,Proposed_MSA_Code,$E8)} -> 0 | H8: =IFERROR(I8/G8,"") | I8: {=IFERROR(IF(SUMIFS(Proposed_Direct_Cost,Proposed_Labor_Category,$D8,Proposed_Company,$C8,Proposed_MSA_Code,$E8)=0,"Not Proposed",SUMIFS(Proposed_Direct_Cost,Proposed_Labor_Category,$D8,Proposed_Company,$C8,Proposed_MSA_Code,$E8)),"")} -> Not Proposed | J8: {=SUMIFS(Invoice_Hours,Invoice_Labor_Category,$D8,Invoice_Company,$C8,Invoice_MSA_Code,$E8)} -> 0 | K8: =IFERROR(L8/J8,"") | L8: {=IFERROR(SUMIFS(Invoice_Direct_Cost,Invoice_Labor_Category,$D8,Invoice_Company,$C8,Invoice_MSA_Code,$E8),"")} -> 0 | M8: =IFERROR(K8-H8,"") | N8: =IFERROR(M8/H8,"") | O8: =IFERROR(M8*J8,"") | P8: =IFERROR(IF(N8>5%,O8*((N8-5%)/N8),""),"") | Q8: =IFERROR(IF(N8>0,O8*(MIN(N8,5%)/N8),""),"") | R8: =IFERROR(IF(AND(K8>0,H8="",L8<>0),L8,""),"") | S8: =IFERROR(IF(N8<0,-O8,""),"") | T8: =IFERROR(IF(AND(K8<>"",H8<>"",K8=H8),L8,""),"") | V8: {=SUMIFS(Invoice_Hours,Invoice_Labor_Category,$D8,Invoice_Company,$C8,Invoice_MSA_Code,$E8)} -> 0 | W8: =IFERROR(IF(AND(H8<>0,K8>H8,(K8-H8)/H8>0.05),(K8-H8),""),"") | X8: =IFERROR(IF(H8="",K8*J8,W8*V8),"") | AB8: =IF(C8=0,"",C8) | AC8: =IF(D8=0,"",D8) | AD8: =IF(F8=0,"",F8) | AE8: =X8
C9: {=IFERROR(_xlfn.TEXTSPLIT(B9,"^"),"")} | F9: {=IFERROR(INDEX(MSA_Title,MATCH(E9,MSA_Code,0)),"")} | G9: {=SUMIFS(Proposed_Hours,Proposed_Labor_Category,$D9,Proposed_Company,$C9,Proposed_MSA_Code,$E9)} -> 0 | H9: =IFERROR(I9/G9,"") | I9: {=IFERROR(IF(SUMIFS(Proposed_Direct_Cost,Proposed_Labor_Category,$D9,Proposed_Company,$C9,Proposed_MSA_Code,$E9)=0,"Not Proposed",SUMIFS(Proposed_Direct_Cost,Proposed_Labor_Category,$D9,Proposed_Company,$C9,Proposed_MSA_Code,$E9)),"")} -> Not Proposed | J9: {=SUMIFS(Invoice_Hours,Invoice_Labor_Category,$D9,Invoice_Company,$C9,Invoice_MSA_Code,$E9)} -> 0 | K9: =IFERROR(L9/J9,"") | L9: {=IFERROR(SUMIFS(Invoice_Direct_Cost,Invoice_Labor_Category,$D9,Invoice_Company,$C9,Invoice_MSA_Code,$E9),"")} -> 0 | M9: =IFERROR(K9-H9,"") | N9: =IFERROR(M9/H9,"") | O9: =IFERROR(M9*J9,"") | P9: =IFERROR(IF(N9>5%,O9*((N9-5%)/N9),""),"") | Q9: =IFERROR(IF(N9>0,O9*(MIN(N9,5%)/N9),""),"") | R9: =IFERROR(IF(AND(K9>0,H9="",L9<>0),L9,""),"") | S9: =IFERROR(IF(N9<0,-O9,""),"") | T9: =IFERROR(IF(AND(K9<>"",H9<>"",K9=H9),L9,""),"") | V9: {=SUMIFS(Invoice_Hours,Invoice_Labor_Category,$D9,Invoice_Company,$C9,Invoice_MSA_Code,$E9)} -> 0 | W9: =IFERROR(IF(AND(H9<>0,K9>H9,(K9-H9)/H9>0.05),(K9-H9),""),"") | X9: =IFERROR(IF(H9="",K9*J9,W9*V9),"") | AB9: =IF(C9=0,"",C9) | AC9: =IF(D9=0,"",D9) | AD9: =IF(F9=0,"",F9) | AE9: =X9
C10: {=IFERROR(_xlfn.TEXTSPLIT(B10,"^"),"")} | F10: {=IFERROR(INDEX(MSA_Title,MATCH(E10,MSA_Code,0)),"")} | G10: {=SUMIFS(Proposed_Hours,Proposed_Labor_Category,$D10,Proposed_Company,$C10,Proposed_MSA_Code,$E10)} -> 0 | H10: =IFERROR(I10/G10,"") | I10: {=IFERROR(IF(SUMIFS(Proposed_Direct_Cost,Proposed_Labor_Category,$D10,Proposed_Company,$C10,Proposed_MSA_Code,$E10)=0,"Not Proposed",SUMIFS(Proposed_Direct_Cost,Proposed_Labor_Category,$D10,Proposed_Company,$C10,Proposed_MSA_Code,$E10)),"")} -> Not Proposed | J10: {=SUMIFS(Invoice_Hours,Invoice_Labor_Category,$D10,Invoice_Company,$C10,Invoice_MSA_Code,$E10)} -> 0 | K10: =IFERROR(L10/J10,"") | L10: {=IFERROR(SUMIFS(Invoice_Direct_Cost,Invoice_Labor_Category,$D10,Invoice_Company,$C10,Invoice_MSA_Code,$E10),"")} -> 0 | M10: =IFERROR(K10-H10,"") | N10: =IFERROR(M10/H10,"") | O10: =IFERROR(M10*J10,"") | P10: =IFERROR(IF(N10>5%,O10*((N10-5%)/N10),""),"") | Q10: =IFERROR(IF(N10>0,O10*(MIN(N10,5%)/N10),""),"") | R10: =IFERROR(IF(AND(K10>0,H10="",L10<>0),L10,""),"") | S10: =IFERROR(IF(N10<0,-O10,""),"") | T10: =IFERROR(IF(AND(K10<>"",H10<>"",K10=H10),L10,""),"") | V10: {=SUMIFS(Invoice_Hours,Invoice_Labor_Category,$D10,Invoice_Company,$C10,Invoice_MSA_Code,$E10)} -> 0 | W10: =IFERROR(IF(AND(H10<>0,K10>H10,(K10-H10)/H10>0.05),(K10-H10),""),"") | X10: =IFERROR(IF(H10="",K10*J10,W10*V10),"") | AB10: =IF(C10=0,"",C10) | AC10: =IF(D10=0,"",D10) | AD10: =IF(F10=0,"",F10) | AE10: =X10
C11: {=IFERROR(_xlfn.TEXTSPLIT(B11,"^"),"")} | F11: {=IFERROR(INDEX(MSA_Title,MATCH(E11,MSA_Code,0)),"")} | G11: {=SUMIFS(Proposed_Hours,Proposed_Labor_Category,$D11,Proposed_Company,$C11,Proposed_MSA_Code,$E11)} -> 0 | H11: =IFERROR(I11/G11,"") | I11: {=IFERROR(IF(SUMIFS(Proposed_Direct_Cost,Proposed_Labor_Category,$D11,Proposed_Company,$C11,Proposed_MSA_Code,$E11)=0,"Not Proposed",SUMIFS(Proposed_Direct_Cost,Proposed_Labor_Category,$D11,Proposed_Company,$C11,Proposed_MSA_Code,$E11)),"")} -> Not Proposed | J11: {=SUMIFS(Invoice_Hours,Invoice_Labor_Category,$D11,Invoice_Company,$C11,Invoice_MSA_Code,$E11)} -> 0 | K11: =IFERROR(L11/J11,"") | L11: {=IFERROR(SUMIFS(Invoice_Direct_Cost,Invoice_Labor_Category,$D11,Invoice_Company,$C11,Invoice_MSA_Code,$E11),"")} -> 0 | M11: =IFERROR(K11-H11,"") | N11: =IFERROR(M11/H11,"") | O11: =IFERROR(M11*J11,"") | P11: =IFERROR(IF(N11>5%,O11*((N11-5%)/N11),""),"") | Q11: =IFERROR(IF(N11>0,O11*(MIN(N11,5%)/N11),""),"") | R11: =IFERROR(IF(AND(K11>0,H11="",L11<>0),L11,""),"") | S11: =IFERROR(IF(N11<0,-O11,""),"") | T11: =IFERROR(IF(AND(K11<>"",H11<>"",K11=H11),L11,""),"") | V11: {=SUMIFS(Invoice_Hours,Invoice_Labor_Category,$D11,Invoice_Company,$C11,Invoice_MSA_Code,$E11)} -> 0 | W11: =IFERROR(IF(AND(H11<>0,K11>H11,(K11-H11)/H11>0.05),(K11-H11),""),"") | X11: =IFERROR(IF(H11="",K11*J11,W11*V11),"") | AB11: =IF(C11=0,"",C11) | AC11: =IF(D11=0,"",D11) | AD11: =IF(F11=0,"",F11) | AE11: =X11
C12: {=IFERROR(_xlfn.TEXTSPLIT(B12,"^"),"")} | F12: {=IFERROR(INDEX(MSA_Title,MATCH(E12,MSA_Code,0)),"")} | G12: {=SUMIFS(Proposed_Hours,Proposed_Labor_Category,$D12,Proposed_Company,$C12,Proposed_MSA_Code,$E12)} -> 0 | H12: =IFERROR(I12/G12,"") | I12: {=IFERROR(IF(SUMIFS(Proposed_Direct_Cost,Proposed_Labor_Category,$D12,Proposed_Company,$C12,Proposed_MSA_Code,$E12)=0,"Not Proposed",SUMIFS(Proposed_Direct_Cost,Proposed_Labor_Category,$D12,Proposed_Company,$C12,Proposed_MSA_Code,$E12)),"")} -> Not Proposed | J12: {=SUMIFS(Invoice_Hours,Invoice_Labor_Category,$D12,Invoice_Company,$C12,Invoice_MSA_Code,$E12)} -> 0 | K12: =IFERROR(L12/J12,"") | L12: {=IFERROR(SUMIFS(Invoice_Direct_Cost,Invoice_Labor_Category,$D12,Invoice_Company,$C12,Invoice_MSA_Code,$E12),"")} -> 0 | M12: =IFERROR(K12-H12,"") | N12: =IFERROR(M12/H12,"") | O12: =IFERROR(M12*J12,"") | P12: =IFERROR(IF(N12>5%,O12*((N12-5%)/N12),""),"") | Q12: =IFERROR(IF(N12>0,O12*(MIN(N12,5%)/N12),""),"") | R12: =IFERROR(IF(AND(K12>0,H12="",L12<>0),L12,""),"") | S12: =IFERROR(IF(N12<0,-O12,""),"") | T12: =IFERROR(IF(AND(K12<>"",H12<>"",K12=H12),L12,""),"") | V12: {=SUMIFS(Invoice_Hours,Invoice_Labor_Category,$D12,Invoice_Company,$C12,Invoice_MSA_Code,$E12)} -> 0 | W12: =IFERROR(IF(AND(H12<>0,K12>H12,(K12-H12)/H12>0.05),(K12-H12),""),"") | X12: =IFERROR(IF(H12="",K12*J12,W12*V12),"") | AB12: =IF(C12=0,"",C12) | AC12: =IF(D12=0,"",D12) | AD12: =IF(F12=0,"",F12) | AE12: =X12
C13: {=IFERROR(_xlfn.TEXTSPLIT(B13,"^"),"")} | F13: {=IFERROR(INDEX(MSA_Title,MATCH(E13,MSA_Code,0)),"")} | G13: {=SUMIFS(Proposed_Hours,Proposed_Labor_Category,$D13,Proposed_Company,$C13,Proposed_MSA_Code,$E13)} -> 0 | H13: =IFERROR(I13/G13,"") | I13: {=IFERROR(IF(SUMIFS(Proposed_Direct_Cost,Proposed_Labor_Category,$D13,Proposed_Company,$C13,Proposed_MSA_Code,$E13)=0,"Not Proposed",SUMIFS(Proposed_Direct_Cost,Proposed_Labor_Category,$D13,Proposed_Company,$C13,Proposed_MSA_Code,$E13)),"")} -> Not Proposed | J13: {=SUMIFS(Invoice_Hours,Invoice_Labor_Category,$D13,Invoice_Company,$C13,Invoice_MSA_Code,$E13)} -> 0 | K13: =IFERROR(L13/J13,"") | L13: {=IFERROR(SUMIFS(Invoice_Direct_Cost,Invoice_Labor_Category,$D13,Invoice_Company,$C13,Invoice_MSA_Code,$E13),"")} -> 0 | M13: =IFERROR(K13-H13,"") | N13: =IFERROR(M13/H13,"") | O13: =IFERROR(M13*J13,"") | P13: =IFERROR(IF(N13>5%,O13*((N13-5%)/N13),""),"") | Q13: =IFERROR(IF(N13>0,O13*(MIN(N13,5%)/N13),""),"") | R13: =IFERROR(IF(AND(K13>0,H13="",L13<>0),L13,""),"") | S13: =IFERROR(IF(N13<0,-O13,""),"") | T13: =IFERROR(IF(AND(K13<>"",H13<>"",K13=H13),L13,""),"") | V13: {=SUMIFS(Invoice_Hours,Invoice_Labor_Category,$D13,Invoice_Company,$C13,Invoice_MSA_Code,$E13)} -> 0 | W13: =IFERROR(IF(AND(H13<>0,K13>H13,(K13-H13)/H13>0.05),(K13-H13),""),"") | X13: =IFERROR(IF(H13="",K13*J13,W13*V13),"") | AB13: =IF(C13=0,"",C13) | AC13: =IF(D13=0,"",D13) | AD13: =IF(F13=0,"",F13) | AE13: =X13
C14: {=IFERROR(_xlfn.TEXTSPLIT(B14,"^"),"")} | F14: {=IFERROR(INDEX(MSA_Title,MATCH(E14,MSA_Code,0)),"")} | G14: {=SUMIFS(Proposed_Hours,Proposed_Labor_Category,$D14,Proposed_Company,$C14,Proposed_MSA_Code,$E14)} -> 0 | H14: =IFERROR(I14/G14,"") | I14: {=IFERROR(IF(SUMIFS(Proposed_Direct_Cost,Proposed_Labor_Category,$D14,Proposed_Company,$C14,Proposed_MSA_Code,$E14)=0,"Not Proposed",SUMIFS(Proposed_Direct_Cost,Proposed_Labor_Category,$D14,Proposed_Company,$C14,Proposed_MSA_Code,$E14)),"")} -> Not Proposed | J14: {=SUMIFS(Invoice_Hours,Invoice_Labor_Category,$D14,Invoice_Company,$C14,Invoice_MSA_Code,$E14)} -> 0 | K14: =IFERROR(L14/J14,"") | L14: {=IFERROR(SUMIFS(Invoice_Direct_Cost,Invoice_Labor_Category,$D14,Invoice_Company,$C14,Invoice_MSA_Code,$E14),"")} -> 0 | M14: =IFERROR(K14-H14,"") | N14: =IFERROR(M14/H14,"") | O14: =IFERROR(M14*J14,"") | P14: =IFERROR(IF(N14>5%,O14*((N14-5%)/N14),""),"") | Q14: =IFERROR(IF(N14>0,O14*(MIN(N14,5%)/N14),""),"") | R14: =IFERROR(IF(AND(K14>0,H14="",L14<>0),L14,""),"") | S14: =IFERROR(IF(N14<0,-O14,""),"") | T14: =IFERROR(IF(AND(K14<>"",H14<>"",K14=H14),L14,""),"") | V14: {=SUMIFS(Invoice_Hours,Invoice_Labor_Category,$D14,Invoice_Company,$C14,Invoice_MSA_Code,$E14)} -> 0 | W14: =IFERROR(IF(AND(H14<>0,K14>H14,(K14-H14)/H14>0.05),(K14-H14),""),"") | X14: =IFERROR(IF(H14="",K14*J14,W14*V14),"") | AB14: =IF(C14=0,"",C14) | AC14: =IF(D14=0,"",D14) | AD14: =IF(F14=0,"",F14) | AE14: =X14
C15: {=IFERROR(_xlfn.TEXTSPLIT(B15,"^"),"")} | F15: {=IFERROR(INDEX(MSA_Title,MATCH(E15,MSA_Code,0)),"")} | G15: {=SUMIFS(Proposed_Hours,Proposed_Labor_Category,$D15,Proposed_Company,$C15,Proposed_MSA_Code,$E15)} -> 0 | H15: =IFERROR(I15/G15,"") | I15: {=IFERROR(IF(SUMIFS(Proposed_Direct_Cost,Proposed_Labor_Category,$D15,Proposed_Company,$C15,Proposed_MSA_Code,$E15)=0,"Not Proposed",SUMIFS(Proposed_Direct_Cost,Proposed_Labor_Category,$D15,Proposed_Company,$C15,Proposed_MSA_Code,$E15)),"")} -> Not Proposed | J15: {=SUMIFS(Invoice_Hours,Invoice_Labor_Category,$D15,Invoice_Company,$C15,Invoice_MSA_Code,$E15)} -> 0 | K15: =IFERROR(L15/J15,"") | L15: {=IFERROR(SUMIFS(Invoice_Direct_Cost,Invoice_Labor_Category,$D15,Invoice_Company,$C15,Invoice_MSA_Code,$E15),"")} -> 0 | M15: =IFERROR(K15-H15,"") | N15: =IFERROR(M15/H15,"") | O15: =IFERROR(M15*J15,"") | P15: =IFERROR(IF(N15>5%,O15*((N15-5%)/N15),""),"") | Q15: =IFERROR(IF(N15>0,O15*(MIN(N15,5%)/N15),""),"") | R15: =IFERROR(IF(AND(K15>0,H15="",L15<>0),L15,""),"") | S15: =IFERROR(IF(N15<0,-O15,""),"") | T15: =IFERROR(IF(AND(K15<>"",H15<>"",K15=H15),L15,""),"") | V15: {=SUMIFS(Invoice_Hours,Invoice_Labor_Category,$D15,Invoice_Company,$C15,Invoice_MSA_Code,$E15)} -> 0 | W15: =IFERROR(IF(AND(H15<>0,K15>H15,(K15-H15)/H15>0.05),(K15-H15),""),"") | X15: =IFERROR(IF(H15="",K15*J15,W15*V15),"") | AB15: =IF(C15=0,"",C15) | AC15: =IF(D15=0,"",D15) | AD15: =IF(F15=0,"",F15) | AE15: =X15
... C1000: {=IFERROR(_xlfn.TEXTSPLIT(B1000,"^"),"")} | F1000: {=IFERROR(INDEX(MSA_Title,MATCH(E1000,MSA_Code,0)),"")} | G1000: {=SUMIFS(Proposed_Hours,Proposed_Labor_Category,$D1000,Proposed_Company,$C1000,Proposed_MSA_Code,$E1000)} -> 0 | H1000: =IFERROR(I1000/G1000,"") | I1000: {=IFERROR(IF(SUMIFS(Proposed_Direct_Cost,Proposed_Labor_Category,$D1000,Proposed_Company,$C1000,Proposed_MSA_Code,$E1000)=0,"Not Proposed",SUMIFS(Proposed_Direct_Cost,Proposed_Labor_Category,$D1000,Proposed_Company,$C1000,Proposed_MSA_Code,$E1000)),"")} -> Not Proposed | J1000: {=SUMIFS(Invoice_Hours,Invoice_Labor_Category,$D1000,Invoice_Company,$C1000,Invoice_MSA_Code,$E1000)} -> 0 | K1000: =IFERROR(L1000/J1000,"") | L1000: {=IFERROR(SUMIFS(Invoice_Direct_Cost,Invoice_Labor_Category,$D1000,Invoice_Company,$C1000,Invoice_MSA_Code,$E1000),"")} -> 0 | M1000: =IFERROR(K1000-H1000,"") | N1000: =IFERROR(M1000/H1000,"") | O1000: =IFERROR(M1000*J1000,"") | P1000: =IFERROR(IF(N1000>5%,O1000*((N1000-5%)/N1000),""),"") | Q1000: =IFERROR(IF(N1000>0,O1000*(MIN(N1000,5%)/N1000),""),"") | R1000: =IFERROR(IF(AND(K1000>0,H1000="",L1000<>0),L1000,""),"") | S1000: =IFERROR(IF(N1000<0,-O1000,""),"") | T1000: =IFERROR(IF(AND(K1000<>"",H1000<>"",K1000=H1000),L1000,""),"") | V1000: {=SUMIFS(Invoice_Hours,Invoice_Labor_Category,$D1000,Invoice_Company,$C1000,Invoice_MSA_Code,$E1000)} -> 0 | W1000: =IFERROR(IF(AND(H1000<>0,K1000>H1000,(K1000-H1000)/H1000>0.05),(K1000-H1000),""),"") | X1000: =IFERROR(IF(H1000="",K1000*J1000,W1000*V1000),"") | AB1000: =IF(C1000=0,"",C1000) | AC1000: =IF(D1000=0,"",D1000) | AD1000: =IF(F1000=0,"",F1000) | AE1000: =X1000
C1001: {=IFERROR(_xlfn.TEXTSPLIT(B1001,"^"),"")} | G1001: {=SUMIFS(Proposed_Hours,Proposed_Labor_Category,$D1001,Proposed_Company,$C1001,Proposed_MSA_Code,$E1001)} -> 0 | H1001: =IFERROR(I1001/G1001,"") | I1001: {=IFERROR(IF(SUMIFS(Proposed_Direct_Cost,Proposed_Labor_Category,$D1001,Proposed_Company,$C1001,Proposed_MSA_Code,$E1001)=0,"Not Proposed",SUMIFS(Proposed_Direct_Cost,Proposed_Labor_Category,$D1001,Proposed_Company,$C1001,Proposed_MSA_Code,$E1001)),"")} -> Not Proposed | J1001: {=SUMIFS(Invoice_Hours,Invoice_Labor_Category,$D1001,Invoice_Company,$C1001,Invoice_MSA_Code,$E1001)} -> 0 | K1001: =IFERROR(L1001/J1001,"") | L1001: {=IFERROR(SUMIFS(Invoice_Direct_Cost,Invoice_Labor_Category,$D1001,Invoice_Company,$C1001,Invoice_MSA_Code,$E1001),"")} -> 0 | M1001: =IFERROR(K1001-H1001,"") | N1001: =IFERROR(M1001/H1001,"") | O1001: =IFERROR(M1001*J1001,"") | P1001: =IFERROR(IF(N1001>5%,O1001*((N1001-5%)/N1001),""),"") | Q1001: =IFERROR(IF(N1001>0,O1001*(MIN(N1001,5%)/N1001),""),"") | R1001: =IFERROR(IF(AND(K1001>0,H1001="",L1001<>0),L1001,""),"") | S1001: =IFERROR(IF(N1001<0,-O1001,""),"") | T1001: =IFERROR(IF(AND(K1001<>"",H1001<>"",K1001=H1001),L1001,""),"") | V1001: {=SUMIFS(Invoice_Hours,Invoice_Labor_Category,$D1001,Invoice_Company,$C1001,Invoice_MSA_Code,$E1001)} -> 0 | W1001: =IFERROR(IF(AND(H1001<>0,K1001>H1001,(K1001-H1001)/H1001>0.05),(K1001-H1001),""),"") | X1001: =IFERROR(IF(H1001="",K1001*J1001,W1001*V1001),"") | AB1001: =IF(C1001=0,"",C1001) | AC1001: =IF(D1001=0,"",D1001) | AD1001: =IF(F1001=0,"",F1001) | AE1001: =X1001
C1002: {=IFERROR(_xlfn.TEXTSPLIT(B1002,"^"),"")} | G1002: {=SUMIFS(Proposed_Hours,Proposed_Labor_Category,$D1002,Proposed_Company,$C1002,Proposed_MSA_Code,$E1002)} -> 0 | H1002: =IFERROR(I1002/G1002,"") | I1002: {=IFERROR(IF(SUMIFS(Proposed_Direct_Cost,Proposed_Labor_Category,$D1002,Proposed_Company,$C1002,Proposed_MSA_Code,$E1002)=0,"Not Proposed",SUMIFS(Proposed_Direct_Cost,Proposed_Labor_Category,$D1002,Proposed_Company,$C1002,Proposed_MSA_Code,$E1002)),"")} -> Not Proposed | J1002: {=SUMIFS(Invoice_Hours,Invoice_Labor_Category,$D1002,Invoice_Company,$C1002,Invoice_MSA_Code,$E1002)} -> 0 | K1002: =IFERROR(L1002/J1002,"") | L1002: {=IFERROR(SUMIFS(Invoice_Direct_Cost,Invoice_Labor_Category,$D1002,Invoice_Company,$C1002,Invoice_MSA_Code,$E1002),"")} -> 0 | M1002: =IFERROR(K1002-H1002,"") | N1002: =IFERROR(M1002/H1002,"") | O1002: =IFERROR(M1002*J1002,"") | P1002: =IFERROR(IF(N1002>5%,O1002*((N1002-5%)/N1002),""),"") | Q1002: =IFERROR(IF(N1002>0,O1002*(MIN(N1002,5%)/N1002),""),"") | R1002: =IFERROR(IF(AND(K1002>0,H1002="",L1002<>0),L1002,""),"") | S1002: =IFERROR(IF(N1002<0,-O1002,""),"") | T1002: =IFERROR(IF(AND(K1002<>"",H1002<>"",K1002=H1002),L1002,""),"") | V1002: {=SUMIFS(Invoice_Hours,Invoice_Labor_Category,$D1002,Invoice_Company,$C1002,Invoice_MSA_Code,$E1002)} -> 0 | W1002: =IFERROR(IF(AND(H1002<>0,K1002>H1002,(K1002-H1002)/H1002>0.05),(K1002-H1002),""),"") | X1002: =IFERROR(IF(H1002="",K1002*J1002,W1002*V1002),"") | AB1002: =IF(C1002=0,"",C1002) | AC1002: =IF(D1002=0,"",D1002) | AD1002: =IF(F1002=0,"",F1002) | AE1002: =X1002
C1003: {=IFERROR(_xlfn.TEXTSPLIT(B1003,"^"),"")} | G1003: {=SUMIFS(Proposed_Hours,Proposed_Labor_Category,$D1003,Proposed_Company,$C1003,Proposed_MSA_Code,$E1003)} -> 0 | H1003: =IFERROR(I1003/G1003,"") | I1003: {=IFERROR(IF(SUMIFS(Proposed_Direct_Cost,Proposed_Labor_Category,$D1003,Proposed_Company,$C1003,Proposed_MSA_Code,$E1003)=0,"Not Proposed",SUMIFS(Proposed_Direct_Cost,Proposed_Labor_Category,$D1003,Proposed_Company,$C1003,Proposed_MSA_Code,$E1003)),"")} -> Not Proposed | J1003: {=SUMIFS(Invoice_Hours,Invoice_Labor_Category,$D1003,Invoice_Company,$C1003,Invoice_MSA_Code,$E1003)} -> 0 | K1003: =IFERROR(L1003/J1003,"") | L1003: {=IFERROR(SUMIFS(Invoice_Direct_Cost,Invoice_Labor_Category,$D1003,Invoice_Company,$C1003,Invoice_MSA_Code,$E1003),"")} -> 0 | M1003: =IFERROR(K1003-H1003,"") | N1003: =IFERROR(M1003/H1003,"") | O1003: =IFERROR(M1003*J1003,"") | P1003: =IFERROR(IF(N1003>5%,O1003*((N1003-5%)/N1003),""),"") | Q1003: =IFERROR(IF(N1003>0,O1003*(MIN(N1003,5%)/N1003),""),"") | R1003: =IFERROR(IF(AND(K1003>0,H1003="",L1003<>0),L1003,""),"") | S1003: =IFERROR(IF(N1003<0,-O1003,""),"") | T1003: =IFERROR(IF(AND(K1003<>"",H1003<>"",K1003=H1003),L1003,""),"") | V1003: {=SUMIFS(Invoice_Hours,Invoice_Labor_Category,$D1003,Invoice_Company,$C1003,Invoice_MSA_Code,$E1003)} -> 0 | W1003: =IFERROR(IF(AND(H1003<>0,K1003>H1003,(K1003-H1003)/H1003>0.05),(K1003-H1003),""),"") | X1003: =IFERROR(IF(H1003="",K1003*J1003,W1003*V1003),"") | AB1003: =IF(C1003=0,"",C1003) | AC1003: =IF(D1003=0,"",D1003) | AD1003: =IF(F1003=0,"",F1003) | AE1003: =X1003
C1004: {=IFERROR(_xlfn.TEXTSPLIT(B1004,"^"),"")} | G1004: {=SUMIFS(Proposed_Hours,Proposed_Labor_Category,$D1004,Proposed_Company,$C1004,Proposed_MSA_Code,$E1004)} -> 0 | H1004: =IFERROR(I1004/G1004,"") | I1004: {=IFERROR(IF(SUMIFS(Proposed_Direct_Cost,Proposed_Labor_Category,$D1004,Proposed_Company,$C1004,Proposed_MSA_Code,$E1004)=0,"Not Proposed",SUMIFS(Proposed_Direct_Cost,Proposed_Labor_Category,$D1004,Proposed_Company,$C1004,Proposed_MSA_Code,$E1004)),"")} -> Not Proposed | J1004: {=SUMIFS(Invoice_Hours,Invoice_Labor_Category,$D1004,Invoice_Company,$C1004,Invoice_MSA_Code,$E1004)} -> 0 | K1004: =IFERROR(L1004/J1004,"") | L1004: {=IFERROR(SUMIFS(Invoice_Direct_Cost,Invoice_Labor_Category,$D1004,Invoice_Company,$C1004,Invoice_MSA_Code,$E1004),"")} -> 0 | M1004: =IFERROR(K1004-H1004,"") | N1004: =IFERROR(M1004/H1004,"") | O1004: =IFERROR(M1004*J1004,"") | P1004: =IFERROR(IF(N1004>5%,O1004*((N1004-5%)/N1004),""),"") | Q1004: =IFERROR(IF(N1004>0,O1004*(MIN(N1004,5%)/N1004),""),"") | R1004: =IFERROR(IF(AND(K1004>0,H1004="",L1004<>0),L1004,""),"") | S1004: =IFERROR(IF(N1004<0,-O1004,""),"") | T1004: =IFERROR(IF(AND(K1004<>"",H1004<>"",K1004=H1004),L1004,""),"") | V1004: {=SUMIFS(Invoice_Hours,Invoice_Labor_Category,$D1004,Invoice_Company,$C1004,Invoice_MSA_Code,$E1004)} -> 0 | W1004: =IFERROR(IF(AND(H1004<>0,K1004>H1004,(K1004-H1004)/H1004>0.05),(K1004-H1004),""),"") | X1004: =IFERROR(IF(H1004="",K1004*J1004,W1004*V1004),"") | AB1004: =IF(C1004=0,"",C1004) | AC1004: =IF(D1004=0,"",D1004) | AD1004: =IF(F1004=0,"",F1004) | AE1004: =X1004
C1005: {=IFERROR(_xlfn.TEXTSPLIT(B1005,"^"),"")} | G1005: {=SUMIFS(Proposed_Hours,Proposed_Labor_Category,$D1005,Proposed_Company,$C1005,Proposed_MSA_Code,$E1005)} -> 0 | H1005: =IFERROR(I1005/G1005,"") | I1005: {=IFERROR(IF(SUMIFS(Proposed_Direct_Cost,Proposed_Labor_Category,$D1005,Proposed_Company,$C1005,Proposed_MSA_Code,$E1005)=0,"Not Proposed",SUMIFS(Proposed_Direct_Cost,Proposed_Labor_Category,$D1005,Proposed_Company,$C1005,Proposed_MSA_Code,$E1005)),"")} -> Not Proposed | J1005: {=SUMIFS(Invoice_Hours,Invoice_Labor_Category,$D1005,Invoice_Company,$C1005,Invoice_MSA_Code,$E1005)} -> 0 | K1005: =IFERROR(L1005/J1005,"") | L1005: {=IFERROR(SUMIFS(Invoice_Direct_Cost,Invoice_Labor_Category,$D1005,Invoice_Company,$C1005,Invoice_MSA_Code,$E1005),"")} -> 0 | M1005: =IFERROR(K1005-H1005,"") | N1005: =IFERROR(M1005/H1005,"") | O1005: =IFERROR(M1005*J1005,"") | P1005: =IFERROR(IF(N1005>5%,O1005*((N1005-5%)/N1005),""),"") | Q1005: =IFERROR(IF(N1005>0,O1005*(MIN(N1005,5%)/N1005),""),"") | R1005: =IFERROR(IF(AND(K1005>0,H1005="",L1005<>0),L1005,""),"") | S1005: =IFERROR(IF(N1005<0,-O1005,""),"") | T1005: =IFERROR(IF(AND(K1005<>"",H1005<>"",K1005=H1005),L1005,""),"") | V1005: {=SUMIFS(Invoice_Hours,Invoice_Labor_Category,$D1005,Invoice_Company,$C1005,Invoice_MSA_Code,$E1005)} -> 0 | W1005: =IFERROR(IF(AND(H1005<>0,K1005>H1005,(K1005-H1005)/H1005>0.05),(K1005-H1005),""),"") | X1005: =IFERROR(IF(H1005="",K1005*J1005,W1005*V1005),"") | AB1005: =IF(C1005=0,"",C1005) | AC1005: =IF(D1005=0,"",D1005) | AD1005: =IF(F1005=0,"",F1005) | AE1005: =X1005
C1006: {=IFERROR(_xlfn.TEXTSPLIT(B1006,"^"),"")} | G1006: {=SUMIFS(Proposed_Hours,Proposed_Labor_Category,$D1006,Proposed_Company,$C1006,Proposed_MSA_Code,$E1006)} -> 0 | H1006: =IFERROR(I1006/G1006,"") | I1006: {=IFERROR(IF(SUMIFS(Proposed_Direct_Cost,Proposed_Labor_Category,$D1006,Proposed_Company,$C1006,Proposed_MSA_Code,$E1006)=0,"Not Proposed",SUMIFS(Proposed_Direct_Cost,Proposed_Labor_Category,$D1006,Proposed_Company,$C1006,Proposed_MSA_Code,$E1006)),"")} -> Not Proposed | J1006: {=SUMIFS(Invoice_Hours,Invoice_Labor_Category,$D1006,Invoice_Company,$C1006,Invoice_MSA_Code,$E1006)} -> 0 | K1006: =IFERROR(L1006/J1006,"") | L1006: {=IFERROR(SUMIFS(Invoice_Direct_Cost,Invoice_Labor_Category,$D1006,Invoice_Company,$C1006,Invoice_MSA_Code,$E1006),"")} -> 0 | M1006: =IFERROR(K1006-H1006,"") | N1006: =IFERROR(M1006/H1006,"") | O1006: =IFERROR(M1006*J1006,"") | P1006: =IFERROR(IF(N1006>5%,O1006*((N1006-5%)/N1006),""),"") | Q1006: =IFERROR(IF(N1006>0,O1006*(MIN(N1006,5%)/N1006),""),"") | R1006: =IFERROR(IF(AND(K1006>0,H1006="",L1006<>0),L1006,""),"") | S1006: =IFERROR(IF(N1006<0,-O1006,""),"") | T1006: =IFERROR(IF(AND(K1006<>"",H1006<>"",K1006=H1006),L1006,""),"") | V1006: {=SUMIFS(Invoice_Hours,Invoice_Labor_Category,$D1006,Invoice_Company,$C1006,Invoice_MSA_Code,$E1006)} -> 0 | W1006: =IFERROR(IF(AND(H1006<>0,K1006>H1006,(K1006-H1006)/H1006>0.05),(K1006-H1006),""),"") | X1006: =IFERROR(IF(H1006="",K1006*J1006,W1006*V1006),"") | AB1006: =IF(C1006=0,"",C1006) | AC1006: =IF(D1006=0,"",D1006) | AD1006: =IF(F1006=0,"",F1006) | AE1006: =X1006
C1007: {=IFERROR(_xlfn.TEXTSPLIT(B1007,"^"),"")} | G1007: {=SUMIFS(Proposed_Hours,Proposed_Labor_Category,$D1007,Proposed_Company,$C1007,Proposed_MSA_Code,$E1007)} -> 0 | H1007: =IFERROR(I1007/G1007,"") | I1007: {=IFERROR(IF(SUMIFS(Proposed_Direct_Cost,Proposed_Labor_Category,$D1007,Proposed_Company,$C1007,Proposed_MSA_Code,$E1007)=0,"Not Proposed",SUMIFS(Proposed_Direct_Cost,Proposed_Labor_Category,$D1007,Proposed_Company,$C1007,Proposed_MSA_Code,$E1007)),"")} -> Not Proposed | J1007: {=SUMIFS(Invoice_Hours,Invoice_Labor_Category,$D1007,Invoice_Company,$C1007,Invoice_MSA_Code,$E1007)} -> 0 | K1007: =IFERROR(L1007/J1007,"") | L1007: {=IFERROR(SUMIFS(Invoice_Direct_Cost,Invoice_Labor_Category,$D1007,Invoice_Company,$C1007,Invoice_MSA_Code,$E1007),"")} -> 0 | M1007: =IFERROR(K1007-H1007,"") | N1007: =IFERROR(M1007/H1007,"") | O1007: =IFERROR(M1007*J1007,"") | P1007: =IFERROR(IF(N1007>5%,O1007*((N1007-5%)/N1007),""),"") | Q1007: =IFERROR(IF(N1007>0,O1007*(MIN(N1007,5%)/N1007),""),"") | R1007: =IFERROR(IF(AND(K1007>0,H1007="",L1007<>0),L1007,""),"") | S1007: =IFERROR(IF(N1007<0,-O1007,""),"") | T1007: =IFERROR(IF(AND(K1007<>"",H1007<>"",K1007=H1007),L1007,""),"") | V1007: {=SUMIFS(Invoice_Hours,Invoice_Labor_Category,$D1007,Invoice_Company,$C1007,Invoice_MSA_Code,$E1007)} -> 0 | W1007: =IFERROR(IF(AND(H1007<>0,K1007>H1007,(K1007-H1007)/H1007>0.05),(K1007-H1007),""),"") | X1007: =IFERROR(IF(H1007="",K1007*J1007,W1007*V1007),"") | AB1007: =IF(C1007=0,"",C1007) | AC1007: =IF(D1007=0,"",D1007) | AD1007: =IF(F1007=0,"",F1007) | AE1007: =X1007
C1008: {=IFERROR(_xlfn.TEXTSPLIT(B1008,"^"),"")} | G1008: {=SUMIFS(Proposed_Hours,Proposed_Labor_Category,$D1008,Proposed_Company,$C1008,Proposed_MSA_Code,$E1008)} -> 0 | H1008: =IFERROR(I1008/G1008,"") | I1008: {=IFERROR(IF(SUMIFS(Proposed_Direct_Cost,Proposed_Labor_Category,$D1008,Proposed_Company,$C1008,Proposed_MSA_Code,$E1008)=0,"Not Proposed",SUMIFS(Proposed_Direct_Cost,Proposed_Labor_Category,$D1008,Proposed_Company,$C1008,Proposed_MSA_Code,$E1008)),"")} -> Not Proposed | J1008: {=SUMIFS(Invoice_Hours,Invoice_Labor_Category,$D1008,Invoice_Company,$C1008,Invoice_MSA_Code,$E1008)} -> 0 | K1008: =IFERROR(L1008/J1008,"") | L1008: {=IFERROR(SUMIFS(Invoice_Direct_Cost,Invoice_Labor_Category,$D1008,Invoice_Company,$C1008,Invoice_MSA_Code,$E1008),"")} -> 0 | M1008: =IFERROR(K1008-H1008,"") | N1008: =IFERROR(M1008/H1008,"") | O1008: =IFERROR(M1008*J1008,"") | P1008: =IFERROR(IF(N1008>5%,O1008*((N1008-5%)/N1008),""),"") | Q1008: =IFERROR(IF(N1008>0,O1008*(MIN(N1008,5%)/N1008),""),"") | R1008: =IFERROR(IF(AND(K1008>0,H1008="",L1008<>0),L1008,""),"") | S1008: =IFERROR(IF(N1008<0,-O1008,""),"") | T1008: =IFERROR(IF(AND(K1008<>"",H1008<>"",K1008=H1008),L1008,""),"") | V1008: {=SUMIFS(Invoice_Hours,Invoice_Labor_Category,$D1008,Invoice_Company,$C1008,Invoice_MSA_Code,$E1008)} -> 0 | W1008: =IFERROR(IF(AND(H1008<>0,K1008>H1008,(K1008-H1008)/H1008>0.05),(K1008-H1008),""),"") | X1008: =IFERROR(IF(H1008="",K1008*J1008,W1008*V1008),"") | AB1008: =IF(C1008=0,"",C1008) | AC1008: =IF(D1008=0,"",D1008) | AD1008: =IF(F1008=0,"",F1008) | AE1008: =X1008
C1009: {=IFERROR(_xlfn.TEXTSPLIT(B1009,"^"),"")} | G1009: {=SUMIFS(Proposed_Hours,Proposed_Labor_Category,$D1009,Proposed_Company,$C1009,Proposed_MSA_Code,$E1009)} -> 0 | H1009: =IFERROR(I1009/G1009,"") | I1009: {=IFERROR(IF(SUMIFS(Proposed_Direct_Cost,Proposed_Labor_Category,$D1009,Proposed_Company,$C1009,Proposed_MSA_Code,$E1009)=0,"Not Proposed",SUMIFS(Proposed_Direct_Cost,Proposed_Labor_Category,$D1009,Proposed_Company,$C1009,Proposed_MSA_Code,$E1009)),"")} -> Not Proposed | J1009: {=SUMIFS(Invoice_Hours,Invoice_Labor_Category,$D1009,Invoice_Company,$C1009,Invoice_MSA_Code,$E1009)} -> 0 | K1009: =IFERROR(L1009/J1009,"") | L1009: {=IFERROR(SUMIFS(Invoice_Direct_Cost,Invoice_Labor_Category,$D1009,Invoice_Company,$C1009,Invoice_MSA_Code,$E1009),"")} -> 0 | M1009: =IFERROR(K1009-H1009,"") | N1009: =IFERROR(M1009/H1009,"") | O1009: =IFERROR(M1009*J1009,"") | P1009: =IFERROR(IF(N1009>5%,O1009*((N1009-5%)/N1009),""),"") | Q1009: =IFERROR(IF(N1009>0,O1009*(MIN(N1009,5%)/N1009),""),"") | R1009: =IFERROR(IF(AND(K1009>0,H1009="",L1009<>0),L1009,""),"") | S1009: =IFERROR(IF(N1009<0,-O1009,""),"") | T1009: =IFERROR(IF(AND(K1009<>"",H1009<>"",K1009=H1009),L1009,""),"") | V1009: {=SUMIFS(Invoice_Hours,Invoice_Labor_Category,$D1009,Invoice_Company,$C1009,Invoice_MSA_Code,$E1009)} -> 0 | W1009: =IFERROR(IF(AND(H1009<>0,K1009>H1009,(K1009-H1009)/H1009>0.05),(K1009-H1009),""),"") | X1009: =IFERROR(IF(H1009="",K1009*J1009,W1009*V1009),"") | AB1009: =IF(C1009=0,"",C1009) | AC1009: =IF(D1009=0,"",D1009) | AD1009: =IF(F1009=0,"",F1009) | AE1009: =X1009
C1010: {=IFERROR(_xlfn.TEXTSPLIT(B1010,"^"),"")} | G1010: {=SUMIFS(Proposed_Hours,Proposed_Labor_Category,$D1010,Proposed_Company,$C1010,Proposed_MSA_Code,$E1010)} -> 0 | H1010: =IFERROR(I1010/G1010,"") | I1010: {=IFERROR(IF(SUMIFS(Proposed_Direct_Cost,Proposed_Labor_Category,$D1010,Proposed_Company,$C1010,Proposed_MSA_Code,$E1010)=0,"Not Proposed",SUMIFS(Proposed_Direct_Cost,Proposed_Labor_Category,$D1010,Proposed_Company,$C1010,Proposed_MSA_Code,$E1010)),"")} -> Not Proposed | J1010: {=SUMIFS(Invoice_Hours,Invoice_Labor_Category,$D1010,Invoice_Company,$C1010,Invoice_MSA_Code,$E1010)} -> 0 | K1010: =IFERROR(L1010/J1010,"") | L1010: {=IFERROR(SUMIFS(Invoice_Direct_Cost,Invoice_Labor_Category,$D1010,Invoice_Company,$C1010,Invoice_MSA_Code,$E1010),"")} -> 0 | M1010: =IFERROR(K1010-H1010,"") | N1010: =IFERROR(M1010/H1010,"") | O1010: =IFERROR(M1010*J1010,"") | P1010: =IFERROR(IF(N1010>5%,O1010*((N1010-5%)/N1010),""),"") | Q1010: =IFERROR(IF(N1010>0,O1010*(MIN(N1010,5%)/N1010),""),"") | R1010: =IFERROR(IF(AND(K1010>0,H1010="",L1010<>0),L1010,""),"") | S1010: =IFERROR(IF(N1010<0,-O1010,""),"") | T1010: =IFERROR(IF(AND(K1010<>"",H1010<>"",K1010=H1010),L1010,""),"") | V1010: {=SUMIFS(Invoice_Hours,Invoice_Labor_Category,$D1010,Invoice_Company,$C1010,Invoice_MSA_Code,$E1010)} -> 0 | W1010: =IFERROR(IF(AND(H1010<>0,K1010>H1010,(K1010-H1010)/H1010>0.05),(K1010-H1010),""),"") | X1010: =IFERROR(IF(H1010="",K1010*J1010,W1010*V1010),"") | AB1010: =IF(C1010=0,"",C1010) | AC1010: =IF(D1010=0,"",D1010) | AD1010: =IF(F1010=0,"",F1010) | AE1010: =X1010
C1011: {=IFERROR(_xlfn.TEXTSPLIT(B1011,"^"),"")} | G1011: {=SUMIFS(Proposed_Hours,Proposed_Labor_Category,$D1011,Proposed_Company,$C1011,Proposed_MSA_Code,$E1011)} -> 0 | H1011: =IFERROR(I1011/G1011,"") | I1011: {=IFERROR(IF(SUMIFS(Proposed_Direct_Cost,Proposed_Labor_Category,$D1011,Proposed_Company,$C1011,Proposed_MSA_Code,$E1011)=0,"Not Proposed",SUMIFS(Proposed_Direct_Cost,Proposed_Labor_Category,$D1011,Proposed_Company,$C1011,Proposed_MSA_Code,$E1011)),"")} -> Not Proposed | J1011: {=SUMIFS(Invoice_Hours,Invoice_Labor_Category,$D1011,Invoice_Company,$C1011,Invoice_MSA_Code,$E1011)} -> 0 | K1011: =IFERROR(L1011/J1011,"") | L1011: {=IFERROR(SUMIFS(Invoice_Direct_Cost,Invoice_Labor_Category,$D1011,Invoice_Company,$C1011,Invoice_MSA_Code,$E1011),"")} -> 0 | M1011: =IFERROR(K1011-H1011,"") | N1011: =IFERROR(M1011/H1011,"") | O1011: =IFERROR(M1011*J1011,"") | P1011: =IFERROR(IF(N1011>5%,O1011*((N1011-5%)/N1011),""),"") | Q1011: =IFERROR(IF(N1011>0,O1011*(MIN(N1011,5%)/N1011),""),"") | R1011: =IFERROR(IF(AND(K1011>0,H1011="",L1011<>0),L1011,""),"") | S1011: =IFERROR(IF(N1011<0,-O1011,""),"") | T1011: =IFERROR(IF(AND(K1011<>"",H1011<>"",K1011=H1011),L1011,""),"") | V1011: {=SUMIFS(Invoice_Hours,Invoice_Labor_Category,$D1011,Invoice_Company,$C1011,Invoice_MSA_Code,$E1011)} -> 0 | W1011: =IFERROR(IF(AND(H1011<>0,K1011>H1011,(K1011-H1011)/H1011>0.05),(K1011-H1011),""),"") | X1011: =IFERROR(IF(H1011="",K1011*J1011,W1011*V1011),"") | AB1011: =IF(C1011=0,"",C1011) | AC1011: =IF(D1011=0,"",D1011) | AD1011: =IF(F1011=0,"",F1011) | AE1011: =X1011
C1012: {=IFERROR(_xlfn.TEXTSPLIT(B1012,"^"),"")} | G1012: {=SUMIFS(Proposed_Hours,Proposed_Labor_Category,$D1012,Proposed_Company,$C1012,Proposed_MSA_Code,$E1012)} -> 0 | H1012: =IFERROR(I1012/G1012,"") | I1012: {=IFERROR(IF(SUMIFS(Proposed_Direct_Cost,Proposed_Labor_Category,$D1012,Proposed_Company,$C1012,Proposed_MSA_Code,$E1012)=0,"Not Proposed",SUMIFS(Proposed_Direct_Cost,Proposed_Labor_Category,$D1012,Proposed_Company,$C1012,Proposed_MSA_Code,$E1012)),"")} -> Not Proposed | J1012: {=SUMIFS(Invoice_Hours,Invoice_Labor_Category,$D1012,Invoice_Company,$C1012,Invoice_MSA_Code,$E1012)} -> 0 | K1012: =IFERROR(L1012/J1012,"") | L1012: {=IFERROR(SUMIFS(Invoice_Direct_Cost,Invoice_Labor_Category,$D1012,Invoice_Company,$C1012,Invoice_MSA_Code,$E1012),"")} -> 0 | M1012: =IFERROR(K1012-H1012,"") | N1012: =IFERROR(M1012/H1012,"") | O1012: =IFERROR(M1012*J1012,"") | P1012: =IFERROR(IF(N1012>5%,O1012*((N1012-5%)/N1012),""),"") | Q1012: =IFERROR(IF(N1012>0,O1012*(MIN(N1012,5%)/N1012),""),"") | R1012: =IFERROR(IF(AND(K1012>0,H1012="",L1012<>0),L1012,""),"") | S1012: =IFERROR(IF(N1012<0,-O1012,""),"") | T1012: =IFERROR(IF(AND(K1012<>"",H1012<>"",K1012=H1012),L1012,""),"") | V1012: {=SUMIFS(Invoice_Hours,Invoice_Labor_Category,$D1012,Invoice_Company,$C1012,Invoice_MSA_Code,$E1012)} -> 0 | W1012: =IFERROR(IF(AND(H1012<>0,K1012>H1012,(K1012-H1012)/H1012>0.05),(K1012-H1012),""),"") | X1012: =IFERROR(IF(H1012="",K1012*J1012,W1012*V1012),"") | AB1012: =IF(C1012=0,"",C1012) | AC1012: =IF(D1012=0,"",D1012) | AD1012: =IF(F1012=0,"",F1012) | AE1012: =X1012
C1013: {=IFERROR(_xlfn.TEXTSPLIT(B1013,"^"),"")} | G1013: {=SUMIFS(Proposed_Hours,Proposed_Labor_Category,$D1013,Proposed_Company,$C1013,Proposed_MSA_Code,$E1013)} -> 0 | H1013: =IFERROR(I1013/G1013,"") | I1013: {=IFERROR(IF(SUMIFS(Proposed_Direct_Cost,Proposed_Labor_Category,$D1013,Proposed_Company,$C1013,Proposed_MSA_Code,$E1013)=0,"Not Proposed",SUMIFS(Proposed_Direct_Cost,Proposed_Labor_Category,$D1013,Proposed_Company,$C1013,Proposed_MSA_Code,$E1013)),"")} -> Not Proposed | J1013: {=SUMIFS(Invoice_Hours,Invoice_Labor_Category,$D1013,Invoice_Company,$C1013,Invoice_MSA_Code,$E1013)} -> 0 | K1013: =IFERROR(L1013/J1013,"") | L1013: {=IFERROR(SUMIFS(Invoice_Direct_Cost,Invoice_Labor_Category,$D1013,Invoice_Company,$C1013,Invoice_MSA_Code,$E1013),"")} -> 0 | M1013: =IFERROR(K1013-H1013,"") | N1013: =IFERROR(M1013/H1013,"") | O1013: =IFERROR(M1013*J1013,"") | P1013: =IFERROR(IF(N1013>5%,O1013*((N1013-5%)/N1013),""),"") | Q1013: =IFERROR(IF(N1013>0,O1013*(MIN(N1013,5%)/N1013),""),"") | R1013: =IFERROR(IF(AND(K1013>0,H1013="",L1013<>0),L1013,""),"") | S1013: =IFERROR(IF(N1013<0,-O1013,""),"") | T1013: =IFERROR(IF(AND(K1013<>"",H1013<>"",K1013=H1013),L1013,""),"") | V1013: {=SUMIFS(Invoice_Hours,Invoice_Labor_Category,$D1013,Invoice_Company,$C1013,Invoice_MSA_Code,$E1013)} -> 0 | W1013: =IFERROR(IF(AND(H1013<>0,K1013>H1013,(K1013-H1013)/H1013>0.05),(K1013-H1013),""),"") | X1013: =IFERROR(IF(H1013="",K1013*J1013,W1013*V1013),"") | AB1013: =IF(C1013=0,"",C1013) | AC1013: =IF(D1013=0,"",D1013) | AD1013: =IF(F1013=0,"",F1013) | AE1013: =X1013
G1014: {=SUMIFS(Proposed_Hours,Proposed_Labor_Category,$D1014,Proposed_Company,$C1014,Proposed_MSA_Code,$E1014)} -> 0 | H1014: =IFERROR(I1014/G1014,"") | I1014: {=IFERROR(IF(SUMIFS(Proposed_Direct_Cost,Proposed_Labor_Category,$D1014,Proposed_Company,$C1014,Proposed_MSA_Code,$E1014)=0,"Not Proposed",SUMIFS(Proposed_Direct_Cost,Proposed_Labor_Category,$D1014,Proposed_Company,$C1014,Proposed_MSA_Code,$E1014)),"")} -> Not Proposed | J1014: {=SUMIFS(Invoice_Hours,Invoice_Labor_Category,$D1014,Invoice_Company,$C1014,Invoice_MSA_Code,$E1014)} -> 0 | K1014: =IFERROR(L1014/J1014,"") | L1014: {=IFERROR(SUMIFS(Invoice_Direct_Cost,Invoice_Labor_Category,$D1014,Invoice_Company,$C1014,Invoice_MSA_Code,$E1014),"")} -> 0 | M1014: =IFERROR(K1014-H1014,"") | N1014: =IFERROR(M1014/H1014,"") | O1014: =IFERROR(M1014*J1014,"") | P1014: =IFERROR(IF(N1014>5%,O1014*((N1014-5%)/N1014),""),"") | Q1014: =IFERROR(IF(N1014>0,O1014*(MIN(N1014,5%)/N1014),""),"") | R1014: =IFERROR(IF(AND(K1014>0,H1014="",L1014<>0),L1014,""),"") | S1014: =IFERROR(IF(N1014<0,-O1014,""),"") | T1014: =IFERROR(IF(AND(K1014<>"",H1014<>"",K1014=H1014),L1014,""),"") | V1014: {=SUMIFS(Invoice_Hours,Invoice_Labor_Category,$D1014,Invoice_Company,$C1014,Invoice_MSA_Code,$E1014)} -> 0 | W1014: =IFERROR(IF(AND(H1014<>0,K1014>H1014,(K1014-H1014)/H1014>0.05),(K1014-H1014),""),"") | X1014: =IFERROR(IF(H1014="",K1014*J1014,W1014*V1014),"") | AB1014: =IF(C1014=0,"",C1014) | AC1014: =IF(D1014=0,"",D1014) | AD1014: =IF(F1014=0,"",F1014) | AE1014: =X1014
G1015: {=SUMIFS(Proposed_Hours,Proposed_Labor_Category,$D1015,Proposed_Company,$C1015,Proposed_MSA_Code,$E1015)} -> 0 | H1015: =IFERROR(I1015/G1015,"") | I1015: {=IFERROR(IF(SUMIFS(Proposed_Direct_Cost,Proposed_Labor_Category,$D1015,Proposed_Company,$C1015,Proposed_MSA_Code,$E1015)=0,"Not Proposed",SUMIFS(Proposed_Direct_Cost,Proposed_Labor_Category,$D1015,Proposed_Company,$C1015,Proposed_MSA_Code,$E1015)),"")} -> Not Proposed | J1015: {=SUMIFS(Invoice_Hours,Invoice_Labor_Category,$D1015,Invoice_Company,$C1015,Invoice_MSA_Code,$E1015)} -> 0 | K1015: =IFERROR(L1015/J1015,"") | L1015: {=IFERROR(SUMIFS(Invoice_Direct_Cost,Invoice_Labor_Category,$D1015,Invoice_Company,$C1015,Invoice_MSA_Code,$E1015),"")} -> 0 | M1015: =IFERROR(K1015-H1015,"") | N1015: =IFERROR(M1015/H1015,"") | O1015: =IFERROR(M1015*J1015,"") | P1015: =IFERROR(IF(N1015>5%,O1015*((N1015-5%)/N1015),""),"") | Q1015: =IFERROR(IF(N1015>0,O1015*(MIN(N1015,5%)/N1015),""),"") | R1015: =IFERROR(IF(AND(K1015>0,H1015="",L1015<>0),L1015,""),"") | S1015: =IFERROR(IF(N1015<0,-O1015,""),"") | T1015: =IFERROR(IF(AND(K1015<>"",H1015<>"",K1015=H1015),L1015,""),"") | V1015: {=SUMIFS(Invoice_Hours,Invoice_Labor_Category,$D1015,Invoice_Company,$C1015,Invoice_MSA_Code,$E1015)} -> 0 | W1015: =IFERROR(IF(AND(H1015<>0,K1015>H1015,(K1015-H1015)/H1015>0.05),(K1015-H1015),""),"") | X1015: =IFERROR(IF(H1015="",K1015*J1015,W1015*V1015),"") | AB1015: =IF(C1015=0,"",C1015) | AC1015: =IF(D1015=0,"",D1015) | AD1015: =IF(F1015=0,"",F1015) | AE1015: =X1015
G1016: {=SUMIFS(Proposed_Hours,Proposed_Labor_Category,$D1016,Proposed_Company,$C1016,Proposed_MSA_Code,$E1016)} -> 0 | H1016: =IFERROR(I1016/G1016,"") | I1016: {=IFERROR(IF(SUMIFS(Proposed_Direct_Cost,Proposed_Labor_Category,$D1016,Proposed_Company,$C1016,Proposed_MSA_Code,$E1016)=0,"Not Proposed",SUMIFS(Proposed_Direct_Cost,Proposed_Labor_Category,$D1016,Proposed_Company,$C1016,Proposed_MSA_Code,$E1016)),"")} -> Not Proposed | J1016: {=SUMIFS(Invoice_Hours,Invoice_Labor_Category,$D1016,Invoice_Company,$C1016,Invoice_MSA_Code,$E1016)} -> 0 | K1016: =IFERROR(L1016/J1016,"") | L1016: {=IFERROR(SUMIFS(Invoice_Direct_Cost,Invoice_Labor_Category,$D1016,Invoice_Company,$C1016,Invoice_MSA_Code,$E1016),"")} -> 0 | M1016: =IFERROR(K1016-H1016,"") | N1016: =IFERROR(M1016/H1016,"") | O1016: =IFERROR(M1016*J1016,"") | P1016: =IFERROR(IF(N1016>5%,O1016*((N1016-5%)/N1016),""),"") | Q1016: =IFERROR(IF(N1016>0,O1016*(MIN(N1016,5%)/N1016),""),"") | R1016: =IFERROR(IF(AND(K1016>0,H1016="",L1016<>0),L1016,""),"") | S1016: =IFERROR(IF(N1016<0,-O1016,""),"") | T1016: =IFERROR(IF(AND(K1016<>"",H1016<>"",K1016=H1016),L1016,""),"") | V1016: {=SUMIFS(Invoice_Hours,Invoice_Labor_Category,$D1016,Invoice_Company,$C1016,Invoice_MSA_Code,$E1016)} -> 0 | W1016: =IFERROR(IF(AND(H1016<>0,K1016>H1016,(K1016-H1016)/H1016>0.05),(K1016-H1016),""),"") | X1016: =IFERROR(IF(H1016="",K1016*J1016,W1016*V1016),"") | AB1016: =IF(C1016=0,"",C1016) | AC1016: =IF(D1016=0,"",D1016) | AD1016: =IF(F1016=0,"",F1016) | AE1016: =X1016
G1017: {=SUMIFS(Proposed_Hours,Proposed_Labor_Category,$D1017,Proposed_Company,$C1017,Proposed_MSA_Code,$E1017)} -> 0 | H1017: =IFERROR(I1017/G1017,"") | I1017: {=IFERROR(IF(SUMIFS(Proposed_Direct_Cost,Proposed_Labor_Category,$D1017,Proposed_Company,$C1017,Proposed_MSA_Code,$E1017)=0,"Not Proposed",SUMIFS(Proposed_Direct_Cost,Proposed_Labor_Category,$D1017,Proposed_Company,$C1017,Proposed_MSA_Code,$E1017)),"")} -> Not Proposed | J1017: {=SUMIFS(Invoice_Hours,Invoice_Labor_Category,$D1017,Invoice_Company,$C1017,Invoice_MSA_Code,$E1017)} -> 0 | K1017: =IFERROR(L1017/J1017,"") | L1017: {=IFERROR(SUMIFS(Invoice_Direct_Cost,Invoice_Labor_Category,$D1017,Invoice_Company,$C1017,Invoice_MSA_Code,$E1017),"")} -> 0 | M1017: =IFERROR(K1017-H1017,"") | N1017: =IFERROR(M1017/H1017,"") | O1017: =IFERROR(M1017*J1017,"") | P1017: =IFERROR(IF(N1017>5%,O1017*((N1017-5%)/N1017),""),"") | Q1017: =IFERROR(IF(N1017>0,O1017*(MIN(N1017,5%)/N1017),""),"") | R1017: =IFERROR(IF(AND(K1017>0,H1017="",L1017<>0),L1017,""),"") | S1017: =IFERROR(IF(N1017<0,-O1017,""),"") | T1017: =IFERROR(IF(AND(K1017<>"",H1017<>"",K1017=H1017),L1017,""),"") | V1017: {=SUMIFS(Invoice_Hours,Invoice_Labor_Category,$D1017,Invoice_Company,$C1017,Invoice_MSA_Code,$E1017)} -> 0 | W1017: =IFERROR(IF(AND(H1017<>0,K1017>H1017,(K1017-H1017)/H1017>0.05),(K1017-H1017),""),"") | X1017: =IFERROR(IF(H1017="",K1017*J1017,W1017*V1017),"") | AB1017: =IF(C1017=0,"",C1017) | AC1017: =IF(D1017=0,"",D1017) | AD1017: =IF(F1017=0,"",F1017) | AE1017: =X1017
G1018: {=SUMIFS(Proposed_Hours,Proposed_Labor_Category,$D1018,Proposed_Company,$C1018,Proposed_MSA_Code,$E1018)} -> 0 | H1018: =IFERROR(I1018/G1018,"") | I1018: {=IFERROR(IF(SUMIFS(Proposed_Direct_Cost,Proposed_Labor_Category,$D1018,Proposed_Company,$C1018,Proposed_MSA_Code,$E1018)=0,"Not Proposed",SUMIFS(Proposed_Direct_Cost,Proposed_Labor_Category,$D1018,Proposed_Company,$C1018,Proposed_MSA_Code,$E1018)),"")} -> Not Proposed | J1018: {=SUMIFS(Invoice_Hours,Invoice_Labor_Category,$D1018,Invoice_Company,$C1018,Invoice_MSA_Code,$E1018)} -> 0 | K1018: =IFERROR(L1018/J1018,"") | L1018: {=IFERROR(SUMIFS(Invoice_Direct_Cost,Invoice_Labor_Category,$D1018,Invoice_Company,$C1018,Invoice_MSA_Code,$E1018),"")} -> 0 | M1018: =IFERROR(K1018-H1018,"") | N1018: =IFERROR(M1018/H1018,"") | O1018: =IFERROR(M1018*J1018,"") | P1018: =IFERROR(IF(N1018>5%,O1018*((N1018-5%)/N1018),""),"") | Q1018: =IFERROR(IF(N1018>0,O1018*(MIN(N1018,5%)/N1018),""),"") | R1018: =IFERROR(IF(AND(K1018>0,H1018="",L1018<>0),L1018,""),"") | S1018: =IFERROR(IF(N1018<0,-O1018,""),"") | T1018: =IFERROR(IF(AND(K1018<>"",H1018<>"",K1018=H1018),L1018,""),"") | V1018: {=SUMIFS(Invoice_Hours,Invoice_Labor_Category,$D1018,Invoice_Company,$C1018,Invoice_MSA_Code,$E1018)} -> 0 | W1018: =IFERROR(IF(AND(H1018<>0,K1018>H1018,(K1018-H1018)/H1018>0.05),(K1018-H1018),""),"") | X1018: =IFERROR(IF(H1018="",K1018*J1018,W1018*V1018),"") | AB1018: =IF(C1018=0,"",C1018) | AC1018: =IF(D1018=0,"",D1018) | AD1018: =IF(F1018=0,"",F1018) | AE1018: =X1018
G1019: {=SUMIFS(Proposed_Hours,Proposed_Labor_Category,$D1019,Proposed_Company,$C1019,Proposed_MSA_Code,$E1019)} -> 0 | H1019: =IFERROR(I1019/G1019,"") | I1019: {=IFERROR(IF(SUMIFS(Proposed_Direct_Cost,Proposed_Labor_Category,$D1019,Proposed_Company,$C1019,Proposed_MSA_Code,$E1019)=0,"Not Proposed",SUMIFS(Proposed_Direct_Cost,Proposed_Labor_Category,$D1019,Proposed_Company,$C1019,Proposed_MSA_Code,$E1019)),"")} -> Not Proposed | J1019: {=SUMIFS(Invoice_Hours,Invoice_Labor_Category,$D1019,Invoice_Company,$C1019,Invoice_MSA_Code,$E1019)} -> 0 | K1019: =IFERROR(L1019/J1019,"") | L1019: {=IFERROR(SUMIFS(Invoice_Direct_Cost,Invoice_Labor_Category,$D1019,Invoice_Company,$C1019,Invoice_MSA_Code,$E1019),"")} -> 0 | M1019: =IFERROR(K1019-H1019,"") | N1019: =IFERROR(M1019/H1019,"") | O1019: =IFERROR(M1019*J1019,"") | P1019: =IFERROR(IF(N1019>5%,O1019*((N1019-5%)/N1019),""),"") | Q1019: =IFERROR(IF(N1019>0,O1019*(MIN(N1019,5%)/N1019),""),"") | R1019: =IFERROR(IF(AND(K1019>0,H1019="",L1019<>0),L1019,""),"") | S1019: =IFERROR(IF(N1019<0,-O1019,""),"") | T1019: =IFERROR(IF(AND(K1019<>"",H1019<>"",K1019=H1019),L1019,""),"") | V1019: {=SUMIFS(Invoice_Hours,Invoice_Labor_Category,$D1019,Invoice_Company,$C1019,Invoice_MSA_Code,$E1019)} -> 0 | W1019: =IFERROR(IF(AND(H1019<>0,K1019>H1019,(K1019-H1019)/H1019>0.05),(K1019-H1019),""),"") | X1019: =IFERROR(IF(H1019="",K1019*J1019,W1019*V1019),"") | AB1019: =IF(C1019=0,"",C1019) | AC1019: =IF(D1019=0,"",D1019) | AD1019: =IF(F1019=0,"",F1019) | AE1019: =X1019
G1020: {=SUMIFS(Proposed_Hours,Proposed_Labor_Category,$D1020,Proposed_Company,$C1020,Proposed_MSA_Code,$E1020)} -> 0 | H1020: =IFERROR(I1020/G1020,"") | I1020: {=IFERROR(IF(SUMIFS(Proposed_Direct_Cost,Proposed_Labor_Category,$D1020,Proposed_Company,$C1020,Proposed_MSA_Code,$E1020)=0,"Not Proposed",SUMIFS(Proposed_Direct_Cost,Proposed_Labor_Category,$D1020,Proposed_Company,$C1020,Proposed_MSA_Code,$E1020)),"")} -> Not Proposed | J1020: {=SUMIFS(Invoice_Hours,Invoice_Labor_Category,$D1020,Invoice_Company,$C1020,Invoice_MSA_Code,$E1020)} -> 0 | K1020: =IFERROR(L1020/J1020,"") | L1020: {=IFERROR(SUMIFS(Invoice_Direct_Cost,Invoice_Labor_Category,$D1020,Invoice_Company,$C1020,Invoice_MSA_Code,$E1020),"")} -> 0 | M1020: =IFERROR(K1020-H1020,"") | N1020: =IFERROR(M1020/H1020,"") | O1020: =IFERROR(M1020*J1020,"") | P1020: =IFERROR(IF(N1020>5%,O1020*((N1020-5%)/N1020),""),"") | Q1020: =IFERROR(IF(N1020>0,O1020*(MIN(N1020,5%)/N1020),""),"") | R1020: =IFERROR(IF(AND(K1020>0,H1020="",L1020<>0),L1020,""),"") | S1020: =IFERROR(IF(N1020<0,-O1020,""),"") | T1020: =IFERROR(IF(AND(K1020<>"",H1020<>"",K1020=H1020),L1020,""),"") | V1020: {=SUMIFS(Invoice_Hours,Invoice_Labor_Category,$D1020,Invoice_Company,$C1020,Invoice_MSA_Code,$E1020)} -> 0 | W1020: =IFERROR(IF(AND(H1020<>0,K1020>H1020,(K1020-H1020)/H1020>0.05),(K1020-H1020),""),"") | X1020: =IFERROR(IF(H1020="",K1020*J1020,W1020*V1020),"") | AB1020: =IF(C1020=0,"",C1020) | AC1020: =IF(D1020=0,"",D1020) | AD1020: =IF(F1020=0,"",F1020) | AE1020: =X1020
G1021: {=SUMIFS(Proposed_Hours,Proposed_Labor_Category,$D1021,Proposed_Company,$C1021,Proposed_MSA_Code,$E1021)} -> 0 | H1021: =IFERROR(I1021/G1021,"") | I1021: {=IFERROR(IF(SUMIFS(Proposed_Direct_Cost,Proposed_Labor_Category,$D1021,Proposed_Company,$C1021,Proposed_MSA_Code,$E1021)=0,"Not Proposed",SUMIFS(Proposed_Direct_Cost,Proposed_Labor_Category,$D1021,Proposed_Company,$C1021,Proposed_MSA_Code,$E1021)),"")} -> Not Proposed | J1021: {=SUMIFS(Invoice_Hours,Invoice_Labor_Category,$D1021,Invoice_Company,$C1021,Invoice_MSA_Code,$E1021)} -> 0 | K1021: =IFERROR(L1021/J1021,"") | L1021: {=IFERROR(SUMIFS(Invoice_Direct_Cost,Invoice_Labor_Category,$D1021,Invoice_Company,$C1021,Invoice_MSA_Code,$E1021),"")} -> 0 | M1021: =IFERROR(K1021-H1021,"") | N1021: =IFERROR(M1021/H1021,"") | O1021: =IFERROR(M1021*J1021,"") | P1021: =IFERROR(IF(N1021>5%,O1021*((N1021-5%)/N1021),""),"") | Q1021: =IFERROR(IF(N1021>0,O1021*(MIN(N1021,5%)/N1021),""),"") | R1021: =IFERROR(IF(AND(K1021>0,H1021="",L1021<>0),L1021,""),"") | S1021: =IFERROR(IF(N1021<0,-O1021,""),"") | T1021: =IFERROR(IF(AND(K1021<>"",H1021<>"",K1021=H1021),L1021,""),"") | V1021: {=SUMIFS(Invoice_Hours,Invoice_Labor_Category,$D1021,Invoice_Company,$C1021,Invoice_MSA_Code,$E1021)} -> 0 | W1021: =IFERROR(IF(AND(H1021<>0,K1021>H1021,(K1021-H1021)/H1021>0.05),(K1021-H1021),""),"") | X1021: =IFERROR(IF(H1021="",K1021*J1021,W1021*V1021),"") | AB1021: =IF(C1021=0,"",C1021) | AC1021: =IF(D1021=0,"",D1021) | AD1021: =IF(F1021=0,"",F1021) | AE1021: =X1021
G1022: {=SUMIFS(Proposed_Hours,Proposed_Labor_Category,$D1022,Proposed_Company,$C1022,Proposed_MSA_Code,$E1022)} -> 0 | H1022: =IFERROR(I1022/G1022,"") | I1022: {=IFERROR(IF(SUMIFS(Proposed_Direct_Cost,Proposed_Labor_Category,$D1022,Proposed_Company,$C1022,Proposed_MSA_Code,$E1022)=0,"Not Proposed",SUMIFS(Proposed_Direct_Cost,Proposed_Labor_Category,$D1022,Proposed_Company,$C1022,Proposed_MSA_Code,$E1022)),"")} -> Not Proposed | J1022: {=SUMIFS(Invoice_Hours,Invoice_Labor_Category,$D1022,Invoice_Company,$C1022,Invoice_MSA_Code,$E1022)} -> 0 | K1022: =IFERROR(L1022/J1022,"") | L1022: {=IFERROR(SUMIFS(Invoice_Direct_Cost,Invoice_Labor_Category,$D1022,Invoice_Company,$C1022,Invoice_MSA_Code,$E1022),"")} -> 0 | M1022: =IFERROR(K1022-H1022,"") | N1022: =IFERROR(M1022/H1022,"") | O1022: =IFERROR(M1022*J1022,"") | P1022: =IFERROR(IF(N1022>5%,O1022*((N1022-5%)/N1022),""),"") | Q1022: =IFERROR(IF(N1022>0,O1022*(MIN(N1022,5%)/N1022),""),"") | R1022: =IFERROR(IF(AND(K1022>0,H1022="",L1022<>0),L1022,""),"") | S1022: =IFERROR(IF(N1022<0,-O1022,""),"") | T1022: =IFERROR(IF(AND(K1022<>"",H1022<>"",K1022=H1022),L1022,""),"") | V1022: {=SUMIFS(Invoice_Hours,Invoice_Labor_Category,$D1022,Invoice_Company,$C1022,Invoice_MSA_Code,$E1022)} -> 0 | W1022: =IFERROR(IF(AND(H1022<>0,K1022>H1022,(K1022-H1022)/H1022>0.05),(K1022-H1022),""),"") | X1022: =IFERROR(IF(H1022="",K1022*J1022,W1022*V1022),"") | AB1022: =IF(C1022=0,"",C1022) | AC1022: =IF(D1022=0,"",D1022) | AD1022: =IF(F1022=0,"",F1022) | AE1022: =X1022
G1023: {=SUMIFS(Proposed_Hours,Proposed_Labor_Category,$D1023,Proposed_Company,$C1023,Proposed_MSA_Code,$E1023)} -> 0 | H1023: =IFERROR(I1023/G1023,"") | I1023: {=IFERROR(IF(SUMIFS(Proposed_Direct_Cost,Proposed_Labor_Category,$D1023,Proposed_Company,$C1023,Proposed_MSA_Code,$E1023)=0,"Not Proposed",SUMIFS(Proposed_Direct_Cost,Proposed_Labor_Category,$D1023,Proposed_Company,$C1023,Proposed_MSA_Code,$E1023)),"")} -> Not Proposed | J1023: {=SUMIFS(Invoice_Hours,Invoice_Labor_Category,$D1023,Invoice_Company,$C1023,Invoice_MSA_Code,$E1023)} -> 0 | K1023: =IFERROR(L1023/J1023,"") | L1023: {=IFERROR(SUMIFS(Invoice_Direct_Cost,Invoice_Labor_Category,$D1023,Invoice_Company,$C1023,Invoice_MSA_Code,$E1023),"")} -> 0 | M1023: =IFERROR(K1023-H1023,"") | N1023: =IFERROR(M1023/H1023,"") | O1023: =IFERROR(M1023*J1023,"") | P1023: =IFERROR(IF(N1023>5%,O1023*((N1023-5%)/N1023),""),"") | Q1023: =IFERROR(IF(N1023>0,O1023*(MIN(N1023,5%)/N1023),""),"") | R1023: =IFERROR(IF(AND(K1023>0,H1023="",L1023<>0),L1023,""),"") | S1023: =IFERROR(IF(N1023<0,-O1023,""),"") | T1023: =IFERROR(IF(AND(K1023<>"",H1023<>"",K1023=H1023),L1023,""),"") | V1023: {=SUMIFS(Invoice_Hours,Invoice_Labor_Category,$D1023,Invoice_Company,$C1023,Invoice_MSA_Code,$E1023)} -> 0 | W1023: =IFERROR(IF(AND(H1023<>0,K1023>H1023,(K1023-H1023)/H1023>0.05),(K1023-H1023),""),"") | X1023: =IFERROR(IF(H1023="",K1023*J1023,W1023*V1023),"") | AB1023: =IF(C1023=0,"",C1023) | AC1023: =IF(D1023=0,"",D1023) | AD1023: =IF(F1023=0,"",F1023) | AE1023: =X1023
G1024: {=SUMIFS(Proposed_Hours,Proposed_Labor_Category,$D1024,Proposed_Company,$C1024,Proposed_MSA_Code,$E1024)} -> 0 | H1024: =IFERROR(I1024/G1024,"") | I1024: {=IFERROR(IF(SUMIFS(Proposed_Direct_Cost,Proposed_Labor_Category,$D1024,Proposed_Company,$C1024,Proposed_MSA_Code,$E1024)=0,"Not Proposed",SUMIFS(Proposed_Direct_Cost,Proposed_Labor_Category,$D1024,Proposed_Company,$C1024,Proposed_MSA_Code,$E1024)),"")} -> Not Proposed | J1024: {=SUMIFS(Invoice_Hours,Invoice_Labor_Category,$D1024,Invoice_Company,$C1024,Invoice_MSA_Code,$E1024)} -> 0 | K1024: =IFERROR(L1024/J1024,"") | L1024: {=IFERROR(SUMIFS(Invoice_Direct_Cost,Invoice_Labor_Category,$D1024,Invoice_Company,$C1024,Invoice_MSA_Code,$E1024),"")} -> 0 | M1024: =IFERROR(K1024-H1024,"") | N1024: =IFERROR(M1024/H1024,"") | O1024: =IFERROR(M1024*J1024,"") | P1024: =IFERROR(IF(N1024>5%,O1024*((N1024-5%)/N1024),""),"") | Q1024: =IFERROR(IF(N1024>0,O1024*(MIN(N1024,5%)/N1024),""),"") | R1024: =IFERROR(IF(AND(K1024>0,H1024="",L1024<>0),L1024,""),"") | S1024: =IFERROR(IF(N1024<0,-O1024,""),"") | T1024: =IFERROR(IF(AND(K1024<>"",H1024<>"",K1024=H1024),L1024,""),"") | V1024: {=SUMIFS(Invoice_Hours,Invoice_Labor_Category,$D1024,Invoice_Company,$C1024,Invoice_MSA_Code,$E1024)} -> 0 | W1024: =IFERROR(IF(AND(H1024<>0,K1024>H1024,(K1024-H1024)/H1024>0.05),(K1024-H1024),""),"") | X1024: =IFERROR(IF(H1024="",K1024*J1024,W1024*V1024),"") | AB1024: =IF(C1024=0,"",C1024) | AC1024: =IF(D1024=0,"",D1024) | AD1024: =IF(F1024=0,"",F1024) | AE1024: =X1024
G1025: {=SUMIFS(Proposed_Hours,Proposed_Labor_Category,$D1025,Proposed_Company,$C1025,Proposed_MSA_Code,$E1025)} -> 0 | H1025: =IFERROR(I1025/G1025,"") | I1025: {=IFERROR(IF(SUMIFS(Proposed_Direct_Cost,Proposed_Labor_Category,$D1025,Proposed_Company,$C1025,Proposed_MSA_Code,$E1025)=0,"Not Proposed",SUMIFS(Proposed_Direct_Cost,Proposed_Labor_Category,$D1025,Proposed_Company,$C1025,Proposed_MSA_Code,$E1025)),"")} -> Not Proposed | J1025: {=SUMIFS(Invoice_Hours,Invoice_Labor_Category,$D1025,Invoice_Company,$C1025,Invoice_MSA_Code,$E1025)} -> 0 | K1025: =IFERROR(L1025/J1025,"") | L1025: {=IFERROR(SUMIFS(Invoice_Direct_Cost,Invoice_Labor_Category,$D1025,Invoice_Company,$C1025,Invoice_MSA_Code,$E1025),"")} -> 0 | M1025: =IFERROR(K1025-H1025,"") | N1025: =IFERROR(M1025/H1025,"") | O1025: =IFERROR(M1025*J1025,"") | P1025: =IFERROR(IF(N1025>5%,O1025*((N1025-5%)/N1025),""),"") | Q1025: =IFERROR(IF(N1025>0,O1025*(MIN(N1025,5%)/N1025),""),"") | R1025: =IFERROR(IF(AND(K1025>0,H1025="",L1025<>0),L1025,""),"") | S1025: =IFERROR(IF(N1025<0,-O1025,""),"") | T1025: =IFERROR(IF(AND(K1025<>"",H1025<>"",K1025=H1025),L1025,""),"") | V1025: {=SUMIFS(Invoice_Hours,Invoice_Labor_Category,$D1025,Invoice_Company,$C1025,Invoice_MSA_Code,$E1025)} -> 0 | W1025: =IFERROR(IF(AND(H1025<>0,K1025>H1025,(K1025-H1025)/H1025>0.05),(K1025-H1025),""),"") | X1025: =IFERROR(IF(H1025="",K1025*J1025,W1025*V1025),"") | AB1025: =IF(C1025=0,"",C1025) | AC1025: =IF(D1025=0,"",D1025) | AD1025: =IF(F1025=0,"",F1025) | AE1025: =X1025
... G3500: {=SUMIFS(Proposed_Hours,Proposed_Labor_Category,$D3500,Proposed_Company,$C3500,Proposed_MSA_Code,$E3500)} -> 0 | H3500: =IFERROR(I3500/G3500,"") | I3500: {=IFERROR(IF(SUMIFS(Proposed_Direct_Cost,Proposed_Labor_Category,$D3500,Proposed_Company,$C3500,Proposed_MSA_Code,$E3500)=0,"Not Proposed",SUMIFS(Proposed_Direct_Cost,Proposed_Labor_Category,$D3500,Proposed_Company,$C3500,Proposed_MSA_Code,$E3500)),"")} -> Not Proposed | J3500: {=SUMIFS(Invoice_Hours,Invoice_Labor_Category,$D3500,Invoice_Company,$C3500,Invoice_MSA_Code,$E3500)} -> 0 | K3500: =IFERROR(L3500/J3500,"") | L3500: {=IFERROR(SUMIFS(Invoice_Direct_Cost,Invoice_Labor_Category,$D3500,Invoice_Company,$C3500,Invoice_MSA_Code,$E3500),"")} -> 0 | M3500: =IFERROR(K3500-H3500,"") | N3500: =IFERROR(M3500/H3500,"") | O3500: =IFERROR(M3500*J3500,"") | P3500: =IFERROR(IF(N3500>5%,O3500*((N3500-5%)/N3500),""),"") | Q3500: =IFERROR(IF(N3500>0,O3500*(MIN(N3500,5%)/N3500),""),"") | R3500: =IFERROR(IF(AND(K3500>0,H3500="",L3500<>0),L3500,""),"") | S3500: =IFERROR(IF(N3500<0,-O3500,""),"") | T3500: =IFERROR(IF(AND(K3500<>"",H3500<>"",K3500=H3500),L3500,""),"") | V3500: {=SUMIFS(Invoice_Hours,Invoice_Labor_Category,$D3500,Invoice_Company,$C3500,Invoice_MSA_Code,$E3500)} -> 0 | W3500: =IFERROR(IF(AND(H3500<>0,K3500>H3500,(K3500-H3500)/H3500>0.05),(K3500-H3500),""),"") | X3500: =IFERROR(IF(H3500="",K3500*J3500,W3500*V3500),"") | AB3500: =IF(C3500=0,"",C3500) | AC3500: =IF(D3500=0,"",D3500) | AD3500: =IF(F3500=0,"",F3500) | AE3500: =X3500
M3501: =IFERROR(K3501-H3501,"") -> 0 | N3501: =IFERROR(M3501/H3501,"") | O3501: =IFERROR(M3501*J3501,"") -> 0 | P3501: =IFERROR(IF(N3501>5%,O3501*((N3501-5%)/N3501),""),"") | Q3501: =IFERROR(IF(N3501>0,O3501*(MIN(N3501,5%)/N3501),""),"") | R3501: =IFERROR(IF(AND(K3501>0,H3501="",L3501<>0),L3501,""),"") | S3501: =IFERROR(IF(N3501<0,-O3501,""),"") | T3501: =IFERROR(IF(AND(K3501<>"",H3501<>"",K3501=H3501),L3501,""),"") | X3501: =IFERROR(IF(H3501="",K3501*J3501,W3501*V3501),"") -> 0 | AB3501: =IF(C3501=0,"",C3501) | AC3501: =IF(D3501=0,"",D3501) | AD3501: =IF(F3501=0,"",F3501) | AE3501: =X3501 -> 0
M3502: =IFERROR(K3502-H3502,"") -> 0 | N3502: =IFERROR(M3502/H3502,"") | O3502: =IFERROR(M3502*J3502,"") -> 0 | P3502: =IFERROR(IF(N3502>5%,O3502*((N3502-5%)/N3502),""),"") | Q3502: =IFERROR(IF(N3502>0,O3502*(MIN(N3502,5%)/N3502),""),"") | R3502: =IFERROR(IF(AND(K3502>0,H3502="",L3502<>0),L3502,""),"") | S3502: =IFERROR(IF(N3502<0,-O3502,""),"") | T3502: =IFERROR(IF(AND(K3502<>"",H3502<>"",K3502=H3502),L3502,""),"") | X3502: =IFERROR(IF(H3502="",K3502*J3502,W3502*V3502),"") -> 0 | AB3502: =IF(C3502=0,"",C3502) | AC3502: =IF(D3502=0,"",D3502) | AD3502: =IF(F3502=0,"",F3502) | AE3502: =X3502 -> 0
M3503: =IFERROR(K3503-H3503,"") -> 0 | N3503: =IFERROR(M3503/H3503,"") | O3503: =IFERROR(M3503*J3503,"") -> 0 | P3503: =IFERROR(IF(N3503>5%,O3503*((N3503-5%)/N3503),""),"") | Q3503: =IFERROR(IF(N3503>0,O3503*(MIN(N3503,5%)/N3503),""),"") | R3503: =IFERROR(IF(AND(K3503>0,H3503="",L3503<>0),L3503,""),"") | S3503: =IFERROR(IF(N3503<0,-O3503,""),"") | T3503: =IFERROR(IF(AND(K3503<>"",H3503<>"",K3503=H3503),L3503,""),"") | X3503: =IFERROR(IF(H3503="",K3503*J3503,W3503*V3503),"") -> 0 | AB3503: =IF(C3503=0,"",C3503) | AC3503: =IF(D3503=0,"",D3503) | AD3503: =IF(F3503=0,"",F3503) | AE3503: =X3503 -> 0
M3504: =IFERROR(K3504-H3504,"") -> 0 | N3504: =IFERROR(M3504/H3504,"") | O3504: =IFERROR(M3504*J3504,"") -> 0 | P3504: =IFERROR(IF(N3504>5%,O3504*((N3504-5%)/N3504),""),"") | Q3504: =IFERROR(IF(N3504>0,O3504*(MIN(N3504,5%)/N3504),""),"") | R3504: =IFERROR(IF(AND(K3504>0,H3504="",L3504<>0),L3504,""),"") | S3504: =IFERROR(IF(N3504<0,-O3504,""),"") | T3504: =IFERROR(IF(AND(K3504<>"",H3504<>"",K3504=H3504),L3504,""),"") | X3504: =IFERROR(IF(H3504="",K3504*J3504,W3504*V3504),"") -> 0 | AB3504: =IF(C3504=0,"",C3504) | AC3504: =IF(D3504=0,"",D3504) | AD3504: =IF(F3504=0,"",F3504) | AE3504: =X3504 -> 0
M3505: =IFERROR(K3505-H3505,"") -> 0 | N3505: =IFERROR(M3505/H3505,"") | O3505: =IFERROR(M3505*J3505,"") -> 0 | P3505: =IFERROR(IF(N3505>5%,O3505*((N3505-5%)/N3505),""),"") | Q3505: =IFERROR(IF(N3505>0,O3505*(MIN(N3505,5%)/N3505),""),"") | R3505: =IFERROR(IF(AND(K3505>0,H3505="",L3505<>0),L3505,""),"") | S3505: =IFERROR(IF(N3505<0,-O3505,""),"") | T3505: =IFERROR(IF(AND(K3505<>"",H3505<>"",K3505=H3505),L3505,""),"") | X3505: =IFERROR(IF(H3505="",K3505*J3505,W3505*V3505),"") -> 0 | AB3505: =IF(C3505=0,"",C3505) | AC3505: =IF(D3505=0,"",D3505) | AD3505: =IF(F3505=0,"",F3505) | AE3505: =X3505 -> 0
M3506: =IFERROR(K3506-H3506,"") -> 0 | N3506: =IFERROR(M3506/H3506,"") | O3506: =IFERROR(M3506*J3506,"") -> 0 | P3506: =IFERROR(IF(N3506>5%,O3506*((N3506-5%)/N3506),""),"") | Q3506: =IFERROR(IF(N3506>0,O3506*(MIN(N3506,5%)/N3506),""),"") | R3506: =IFERROR(IF(AND(K3506>0,H3506="",L3506<>0),L3506,""),"") | S3506: =IFERROR(IF(N3506<0,-O3506,""),"") | T3506: =IFERROR(IF(AND(K3506<>"",H3506<>"",K3506=H3506),L3506,""),"") | X3506: =IFERROR(IF(H3506="",K3506*J3506,W3506*V3506),"") -> 0 | AB3506: =IF(C3506=0,"",C3506) | AC3506: =IF(D3506=0,"",D3506) | AD3506: =IF(F3506=0,"",F3506) | AE3506: =X3506 -> 0
M3507: =IFERROR(K3507-H3507,"") -> 0 | N3507: =IFERROR(M3507/H3507,"") | O3507: =IFERROR(M3507*J3507,"") -> 0 | P3507: =IFERROR(IF(N3507>5%,O3507*((N3507-5%)/N3507),""),"") | Q3507: =IFERROR(IF(N3507>0,O3507*(MIN(N3507,5%)/N3507),""),"") | R3507: =IFERROR(IF(AND(K3507>0,H3507="",L3507<>0),L3507,""),"") | S3507: =IFERROR(IF(N3507<0,-O3507,""),"") | T3507: =IFERROR(IF(AND(K3507<>"",H3507<>"",K3507=H3507),L3507,""),"") | X3507: =IFERROR(IF(H3507="",K3507*J3507,W3507*V3507),"") -> 0 | AB3507: =IF(C3507=0,"",C3507) | AC3507: =IF(D3507=0,"",D3507) | AD3507: =IF(F3507=0,"",F3507) | AE3507: =X3507 -> 0
M3508: =IFERROR(K3508-H3508,"") -> 0 | N3508: =IFERROR(M3508/H3508,"") | O3508: =IFERROR(M3508*J3508,"") -> 0 | P3508: =IFERROR(IF(N3508>5%,O3508*((N3508-5%)/N3508),""),"") | Q3508: =IFERROR(IF(N3508>0,O3508*(MIN(N3508,5%)/N3508),""),"") | R3508: =IFERROR(IF(AND(K3508>0,H3508="",L3508<>0),L3508,""),"") | S3508: =IFERROR(IF(N3508<0,-O3508,""),"") | T3508: =IFERROR(IF(AND(K3508<>"",H3508<>"",K3508=H3508),L3508,""),"") | X3508: =IFERROR(IF(H3508="",K3508*J3508,W3508*V3508),"") -> 0 | AB3508: =IF(C3508=0,"",C3508) | AC3508: =IF(D3508=0,"",D3508) | AD3508: =IF(F3508=0,"",F3508) | AE3508: =X3508 -> 0
M3509: =IFERROR(K3509-H3509,"") -> 0 | N3509: =IFERROR(M3509/H3509,"") | O3509: =IFERROR(M3509*J3509,"") -> 0 | P3509: =IFERROR(IF(N3509>5%,O3509*((N3509-5%)/N3509),""),"") | Q3509: =IFERROR(IF(N3509>0,O3509*(MIN(N3509,5%)/N3509),""),"") | R3509: =IFERROR(IF(AND(K3509>0,H3509="",L3509<>0),L3509,""),"") | S3509: =IFERROR(IF(N3509<0,-O3509,""),"") | T3509: =IFERROR(IF(AND(K3509<>"",H3509<>"",K3509=H3509),L3509,""),"") | X3509: =IFERROR(IF(H3509="",K3509*J3509,W3509*V3509),"") -> 0 | AB3509: =IF(C3509=0,"",C3509) | AC3509: =IF(D3509=0,"",D3509) | AD3509: =IF(F3509=0,"",F3509) | AE3509: =X3509 -> 0
M3510: =IFERROR(K3510-H3510,"") -> 0 | N3510: =IFERROR(M3510/H3510,"") | O3510: =IFERROR(M3510*J3510,"") -> 0 | P3510: =IFERROR(IF(N3510>5%,O3510*((N3510-5%)/N3510),""),"") | Q3510: =IFERROR(IF(N3510>0,O3510*(MIN(N3510,5%)/N3510),""),"") | R3510: =IFERROR(IF(AND(K3510>0,H3510="",L3510<>0),L3510,""),"") | S3510: =IFERROR(IF(N3510<0,-O3510,""),"") | T3510: =IFERROR(IF(AND(K3510<>"",H3510<>"",K3510=H3510),L3510,""),"") | X3510: =IFERROR(IF(H3510="",K3510*J3510,W3510*V3510),"") -> 0 | AB3510: =IF(C3510=0,"",C3510) | AC3510: =IF(D3510=0,"",D3510) | AD3510: =IF(F3510=0,"",F3510) | AE3510: =X3510 -> 0
M3511: =IFERROR(K3511-H3511,"") -> 0 | N3511: =IFERROR(M3511/H3511,"") | O3511: =IFERROR(M3511*J3511,"") -> 0 | P3511: =IFERROR(IF(N3511>5%,O3511*((N3511-5%)/N3511),""),"") | Q3511: =IFERROR(IF(N3511>0,O3511*(MIN(N3511,5%)/N3511),""),"") | R3511: =IFERROR(IF(AND(K3511>0,H3511="",L3511<>0),L3511,""),"") | S3511: =IFERROR(IF(N3511<0,-O3511,""),"") | T3511: =IFERROR(IF(AND(K3511<>"",H3511<>"",K3511=H3511),L3511,""),"") | X3511: =IFERROR(IF(H3511="",K3511*J3511,W3511*V3511),"") -> 0 | AB3511: =IF(C3511=0,"",C3511) | AC3511: =IF(D3511=0,"",D3511) | AD3511: =IF(F3511=0,"",F3511) | AE3511: =X3511 -> 0
M3512: =IFERROR(K3512-H3512,"") -> 0 | N3512: =IFERROR(M3512/H3512,"") | O3512: =IFERROR(M3512*J3512,"") -> 0 | P3512: =IFERROR(IF(N3512>5%,O3512*((N3512-5%)/N3512),""),"") | Q3512: =IFERROR(IF(N3512>0,O3512*(MIN(N3512,5%)/N3512),""),"") | R3512: =IFERROR(IF(AND(K3512>0,H3512="",L3512<>0),L3512,""),"") | S3512: =IFERROR(IF(N3512<0,-O3512,""),"") | T3512: =IFERROR(IF(AND(K3512<>"",H3512<>"",K3512=H3512),L3512,""),"") | X3512: =IFERROR(IF(H3512="",K3512*J3512,W3512*V3512),"") -> 0 | AB3512: =IF(C3512=0,"",C3512) | AC3512: =IF(D3512=0,"",D3512) | AD3512: =IF(F3512=0,"",F3512) | AE3512: =X3512 -> 0
... M5000: =IFERROR(K5000-H5000,"") -> 0 | N5000: =IFERROR(M5000/H5000,"") | O5000: =IFERROR(M5000*J5000,"") -> 0 | P5000: =IFERROR(IF(N5000>5%,O5000*((N5000-5%)/N5000),""),"") | Q5000: =IFERROR(IF(N5000>0,O5000*(MIN(N5000,5%)/N5000),""),"") | R5000: =IFERROR(IF(AND(K5000>0,H5000="",L5000<>0),L5000,""),"") | S5000: =IFERROR(IF(N5000<0,-O5000,""),"") | T5000: =IFERROR(IF(AND(K5000<>"",H5000<>"",K5000=H5000),L5000,""),"") | X5000: =IFERROR(IF(H5000="",K5000*J5000,W5000*V5000),"") -> 0 | AB5000: =IF(C5000=0,"",C5000) | AC5000: =IF(D5000=0,"",D5000) | AD5000: =IF(F5000=0,"",F5000) | AE5000: =X5000 -> 0

Sheet Visualization I 
B1: Category - Inner Ring | C1: Billing Variance ($) | D1: Category - Outer Ring | E1: Invoice Status ($) | F1: Category - Outer Ring (Gross) | G1: Invoice Status $ - Net | H1: % Invoice | J1: Accurately Billed (Absolute) | K1: =SUM('Potential Recovery Amount'!T:T) -> 0 | L1: ="Count of LCATs Invoiced: " &L2 -> Count of LCATs Invoiced: 1
B2: Potential Recovery > = 5.0% | C2: =SUM('Potential Recovery Amount'!P3:P5000) -> 0 | D2: Invoiced Excluding "Not Proposed" | E2: =SUM('Potential Recovery Amount'!L3:L5000)-E3 -> 0 | F2: Total Invoiced | G2: =SUM('Potential Recovery Amount'!L3:L5000) -> 0 | H2: =100%-$H$3 -> #DIV/0! | I2: ="Total Invoiced DL Amount: $"&TEXT(G2,"#,##0") -> Total Invoiced DL Amount: $0 | L2: ='Potential Recovery Amount'!$U$2 -> 1
B3: Overbilled > 0% and < 5.0% | C3: =SUM('Potential Recovery Amount'!Q3:Q5000) -> 0 | D3: Not Proposed or "Unmatched" | E3: =SUM('Potential Recovery Amount'!$R3:$R5000) -> 0 | F3: Not Proposed | G3: =SUM('Potential Recovery Amount'!$R3:$R5000) -> 0 | H3: =G3/G2 -> #DIV/0!
B4: Underbilled < 0.0% | C4: =SUM('Potential Recovery Amount'!S3:S5000) -> 0

Sheet Visualization II
B1: Pie Chart | C1: Invoice Category | D1: Invoice Status ($) | AM1: Accurately Billed (Absolute) | AN1: =SUM('Potential Recovery Amount'!T:T) -> 0
C2: Invoiced Excluding "Not Proposed" | D2: =SUM('Potential Recovery Amount'!L3:L5000)-D3 -> 0
C3: Not Proposed or "Unmatched" | D3: =SUM('Potential Recovery Amount'!$R3:$R5000) -> 0 | AK3: Category - Outer Ring (Gross) | AL3: Invoice Status $ - Net | AM3: % Invoice
AK4: Invoiced | AL4: =SUM('Potential Recovery Amount'!L3:L5000) -> 0 | AM4: =100%-$AM$5 -> #DIV/0! | AN4: ="Total Invoice Amount: $" & TEXT(AL4,"#,##0") -> Total Invoice Amount: $0
B5: Bar Charts | C5: Billing Categories | D5: Billing Variance ($) | E5: Billing Categories | F5: Billing Variance ($) | H5: Row Labels | I5: Recovery > = 5% | J5: Overbilled > 0 < 5% | K5: Underbilled < 0% | AK5: Not Proposed or "Unmatched" | AL5: =SUM('Potential Recovery Amount'!$R3:$R5000) -> 0 | AM5: =AL5/AL4 -> #DIV/0!
B6: Stacked Bar | C6: Potential Recovery > = 5.0% | D6: =SUM('Potential Recovery Amount'!$P$3:$P$5000) -> 0 | E6: Overbilled > 0% and < 5.0% | F6: =SUM('Potential Recovery Amount'!$Q$3:$Q$5000) -> 0 | H6: Stacked Bar | I6: =SUM('Potential Recovery Amount'!$P$3:$P$5000) -> 0 | J6: =SUM('Potential Recovery Amount'!$Q$3:$Q$5000) -> 0
B7: Single Bar | C7: Underbilled < 0.0% | D7: =SUM('Potential Recovery Amount'!$S$3:$S$5000) -> 0 | H7: Single Bar | K7: =SUM('Potential Recovery Amount'!$S$3:$S$5000) -> 0

Sheet Visualization III 
B1: Invoice | C1: Invoice Category | D1: Invoice Status ($) | E1: =SUM(D2:D3) -> 0 | H1: Category | I1: Amount | Z1: Accurately Billed (Absolute) | AA1: =SUM('Potential Recovery Amount'!T:T) -> 0
C2: Invoiced Excluding "Not Proposed" | D2: =SUM('Potential Recovery Amount'!L3:L5000)-D3 -> 0 | E2: =D2/$E$1 -> #DIV/0! | H2: Potential Recovery >= 5% | I2: =SUM('Potential Recovery Amount'!$P$3:$P$5000) -> 0 | X2: Category - Outer Ring (Gross) | Y2: Invoice Status $ - Net | Z2: % Invoice
C3: Not Proposed or "Unmatched" | D3: =SUM('Potential Recovery Amount'!$R3:$R5000) -> 0 | E3: =D3/$E$1 -> #DIV/0! | H3: Overbilled > 0 < 5% | I3: =SUM('Potential Recovery Amount'!$Q$3:$Q$5000) -> 0 | X3: Invoiced | Y3: =SUM('Potential Recovery Amount'!L3:L5000) -> 0 | Z3: =100%-$Z$4 -> #DIV/0! | AA3: ="Total Invoice Amount: $" & TEXT(Y3,"#,##0") -> Total Invoice Amount: $0
H4: Underbilled < 0% | I4: =SUM('Potential Recovery Amount'!$S$3:$S$5000) -> 0 | X4: Not Proposed or "Unmatched" | Y4: =SUM('Potential Recovery Amount'!$R3:$R5000) -> 0 | Z4: =Y4/Y3 -> #DIV/0!
B5: Bar Charts | C5: Billing Categories | D5: Billing Variance ($) | E5: Billing Categories | F5: Billing Variance ($)
B6: Stacked Bar | C6: Potential Recovery > = 5.0% | D6: =SUM('Potential Recovery Amount'!$P$3:$P$5000) -> 0 | E6: Overbilled > 0% and < 5.0% | F6: =SUM('Potential Recovery Amount'!$Q$3:$Q$5000) -> 0
B7: Single Bar | C7: Underbilled < 0.0% | D7: =SUM('Potential Recovery Amount'!$S$3:$S$5000) -> 0
R15: I

Sheet CLIN Summary
A1: CLIN/SLIN | B1: Short Description | C1: Invoiced Total Labor | D1: GRAND TOTAL
A2: {=_xlfn.UNIQUE(Invoice_CLIN_SLIN)} -> 0 | B2: {=IF(A2="","",INDEX(CLIN_Description,MATCH(A2,CLIN_SLIN,0)))} -> #N/A | C2: {=IF(A2="","",SUMIF(Invoice_CLIN_SLIN,A2,Invoice_Total_Cost))} -> 0 | D2: =SUM(C2:C1000) -> 0
B3: {=IF(A3="","",INDEX(CLIN_Description,MATCH(A3,CLIN_SLIN,0)))} | C3: {=IF(A3="","",SUMIF(Invoice_CLIN_SLIN,A3,Invoice_Total_Cost))}
B4: {=IF(A4="","",INDEX(CLIN_Description,MATCH(A4,CLIN_SLIN,0)))} | C4: {=IF(A4="","",SUMIF(Invoice_CLIN_SLIN,A4,Invoice_Total_Cost))}
B5: {=IF(A5="","",INDEX(CLIN_Description,MATCH(A5,CLIN_SLIN,0)))} | C5: {=IF(A5="","",SUMIF(Invoice_CLIN_SLIN,A5,Invoice_Total_Cost))}
B6: {=IF(A6="","",INDEX(CLIN_Description,MATCH(A6,CLIN_SLIN,0)))} | C6: {=IF(A6="","",SUMIF(Invoice_CLIN_SLIN,A6,Invoice_Total_Cost))}
B7: {=IF(A7="","",INDEX(CLIN_Description,MATCH(A7,CLIN_SLIN,0)))} | C7: {=IF(A7="","",SUMIF(Invoice_CLIN_SLIN,A7,Invoice_Total_Cost))}
B8: {=IF(A8="","",INDEX(CLIN_Description,MATCH(A8,CLIN_SLIN,0)))} | C8: {=IF(A8="","",SUMIF(Invoice_CLIN_SLIN,A8,Invoice_Total_Cost))}
B9: {=IF(A9="","",INDEX(CLIN_Description,MATCH(A9,CLIN_SLIN,0)))} | C9: {=IF(A9="","",SUMIF(Invoice_CLIN_SLIN,A9,Invoice_Total_Cost))}
B10: {=IF(A10="","",INDEX(CLIN_Description,MATCH(A10,CLIN_SLIN,0)))} | C10: {=IF(A10="","",SUMIF(Invoice_CLIN_SLIN,A10,Invoice_Total_Cost))}
B11: {=IF(A11="","",INDEX(CLIN_Description,MATCH(A11,CLIN_SLIN,0)))} | C11: {=IF(A11="","",SUMIF(Invoice_CLIN_SLIN,A11,Invoice_Total_Cost))}
B12: {=IF(A12="","",INDEX(CLIN_Description,MATCH(A12,CLIN_SLIN,0)))} | C12: {=IF(A12="","",SUMIF(Invoice_CLIN_SLIN,A12,Invoice_Total_Cost))}
B13: {=IF(A13="","",INDEX(CLIN_Description,MATCH(A13,CLIN_SLIN,0)))} | C13: {=IF(A13="","",SUMIF(Invoice_CLIN_SLIN,A13,Invoice_Total_Cost))}
B14: {=IF(A14="","",INDEX(CLIN_Description,MATCH(A14,CLIN_SLIN,0)))} | C14: {=IF(A14="","",SUMIF(Invoice_CLIN_SLIN,A14,Invoice_Total_Cost))}
... B30: {=IF(A30="","",INDEX(CLIN_Description,MATCH(A30,CLIN_SLIN,0)))} | C30: {=IF(A30="","",SUMIF(Invoice_CLIN_SLIN,A30,Invoice_Total_Cost))}

Sheet Contract Mods
A1: Mod 1 - Award | C1: Mod 2 - Funding Increase | E1: Mod 3 - Admin
A2: Base Ceiling | B2: 0 | C2: Base Ceiling | D2: 0 | E2: Base Ceiling | F2: 0
A3: Previous Ceiling Amount | B3: 0 | C3: Previous Ceiling Amount | D3: 0 | E3: Previous Ceiling Amount | F3: 0
A4: Ceiling Increase | B4: =B2-B3 -> 0 | C4: Ceiling Increase | D4: =D2-D3 -> 0 | E4: Ceiling Increase | F4: =F2-F3 -> 0
A5: Labor Funding | B5: 0 | C5: Labor Funding | D5: 0 | E5: Labor Funding | F5: 0
A6: Travel/ODC Funding | B6: 0 | C6: Travel/ODC Funding | D6: 0 | E6: Travel/ODC Funding | F6: 0
A7: Material Funding | B7: 0 | C7: Material Funding | D7: 0 | E7: Material Funding | F7: 0
A8: Total Funding | B8: =B5+B6+B7 -> 0 | C8: Total Funding | D8: =D5+D6+D7 -> 0 | E8: Total Funding | F8: =F5+F6+F7 -> 0
A9: Mod 4 - | C9: Mod 5 - | E9: Mod 6 -
A10: Base Ceiling | B10: 0 | C10: Base Ceiling | D10: 0 | E10: Base Ceiling | F10: 0
A11: Previous Ceiling Amount | B11: 0 | C11: Previous Ceiling Amount | D11: 0 | E11: Previous Ceiling Amount | F11: 0
A12: Ceiling Increase | B12: =B10-B11 -> 0 | C12: Ceiling Increase | D12: =D10-D11 -> 0 | E12: Ceiling Increase | F12: =F10-F11 -> 0
A13: Labor Funding | B13: 0 | C13: Labor Funding | D13: 0 | E13: Labor Funding | F13: 0
A14: Travel/ODC Funding | B14: 0 | C14: Travel/ODC Funding | D14: 0 | E14: Travel/ODC Funding | F14: 0
A15: Material Funding | B15: 0 | C15: Material Funding | D15: 0 | E15: Material Funding | F15: 0
A16: Total Funding | B16: =B13+B14+B15 -> 0 | C16: Total Funding | D16: =D13+D14+D15 -> 0 | E16: Total Funding | F16: =F13+F14+F15 -> 0

Sheet Projections
B1: Monthly Spend Plan Projections - Dollars ($)
B2: 44197 | C2: 44228 | D2: 44256 | E2: 44287 | F2: 44317 | G2: 44348 | H2: 44378 | I2: 44409 | J2: 44440 | K2: 44470 | L2: 44501 | M2: 44531
A3: CLIN 1 - SEC
A4: CLIN 1 - Customer
A5: CLIN 2 - SEC
A6: CLIN 2 - Customer
B9: Monthly Spend Plan Projections - Hours
B10: 44197 | C10: 44228 | D10: 44256 | E10: 44287 | F10: 44317 | G10: 44348 | H10: 44378 | I10: 44409 | J10: 44440 | K10: 44470 | L10: 44501 | M10: 44531
A11: CLIN 1 - SEC
A12: CLIN 1 - Customer
A13: CLIN 2 - SEC
A14: CLIN 2 - Customer
A16: Instructions:
A17: The tables above can be modified for the number of efforts/systems/CLINs and under each, the projections
A18: need to be broken out by SEC funded requirements and Customer funded requirements. The projections
A19: should come from the contractor's spend plan. Contractors should coordinate with Technical Monitors,
A20: Project Leads and Branch Chiefs for any questions regarding projections by SEC or Customer funding/requirements.

Sheet MSA Codes
A1: MSA_Code | B1: MSA_Title
A2: {="'"&_xlfn.TEXTAFTER(CELL("filename",A1),"]")&"'!$"&CHAR(COLUMN()+64)&"$3:$"&CHAR(COLUMN()+64)&"$"&MAX(IF(NOT(ISBLANK($A3:$H10000))+ISERROR($A3:$H10000),ROW($A3:$H10000)))} -> 'MSA Codes'!$A$3:$A$702 | B2: {="'"&_xlfn.TEXTAFTER(CELL("filename",B1),"]")&"'!$"&CHAR(COLUMN()+64)&"$3:$"&CHAR(COLUMN()+64)&"$"&MAX(IF(NOT(ISBLANK($A3:$H10000))+ISERROR($A3:$H10000),ROW($A3:$H10000)))} -> 'MSA Codes'!$B$3:$B$702
A3: 99 | B3: U.S.
A4: 01 | B4: Alabama
A5: 02 | B5: Alaska
A6: 04 | B6: Arizona
A7: 05 | B7: Arkansas
A8: 06 | B8: California
A9: 08 | B9: Colorado
A10: 09 | B10: Connecticut
A11: 10 | B11: Delaware
A12: 11 | B12: District_of_Columbia
A13: 12 | B13: Florida
A14: 13 | B14: Georgia
... A543: GP | B543: Guadeloupe
A544: 66 | B544: Guam
A545: GT | B545: Guatemala
A546: GG | B546: Guernsey
A547: GN | B547: Guinea
A548: GW | B548: Guinea-Bissau
A549: GY | B549: Guyana
A550: HT | B550: Haiti
A551: HM | B551: Heard Island and McDonald Islands
A552: VA | B552: Holy See
A553: HN | B553: Honduras
A554: HK | B554: Hong Kong
A555: HU | B555: Hungary
A556: IS | B556: Iceland
... A632: PT | B632: Portugal
A633: 72 | B633: Puerto Rico
A634: QA | B634: Qatar
A635: RE | B635: Réunion
A636: RO | B636: Romania
A637: RU | B637: Russian Federation
A638: RW | B638: Rwanda
A639: BL | B639: Saint Barthélemy
A640: SH | B640: Saint Helena, Ascension and Tristan da Cunha
A641: KN | B641: Saint Kitts and Nevis
A642: LC | B642: Saint Lucia
A643: MF | B643: Saint Martin (French part)
A644: PM | B644: Saint Pierre and Miquelon
A645: VC | B645: Saint Vincent and the Grenadines
... A696: VG | B696: Virgin Islands (British)
A697: 78 | B697: Virgin Islands (U.S.)
A698: WF | B698: Wallis and Futuna
A699: EH | B699: Western Sahara
A700: YE | B700: Yemen
A701: ZM | B701: Zambia
A702: ZW | B702: Zimbabwe

Sheet MSA_Title_List
A1: MSA_Code | B1: MSA_Title
A2: 10180 | B2: Abilene, TX
A3: 10380 | B3: Aguadilla, PR
A4: 10420 | B4: Akron, OH
A5: 10500 | B5: Albany, GA
A6: 10540 | B6: Albany, OR
A7: 10580 | B7: Albany-Schenectady-Troy, NY
A8: 10740 | B8: Albuquerque, NM
A9: 10780 | B9: Alexandria, LA
A10: 10900 | B10: Allentown-Bethlehem-Easton, PA-NJ
A11: 11020 | B11: Altoona, PA
A12: 11100 | B12: Amarillo, TX
... A394: 49740 | B394: Yuma, AZ
A395: AF | B395: Afghanistan | E395: OCONUS | F395: G-AF | G395: Afghanistan | H395: =RIGHT(F395,2) -> AF
A396: AX | B396: Åland Islands | E396: OCONUS | F396: G-AX | G396: Åland Islands | H396: =RIGHT(F396,2) -> AX
A397: AL | B397: Albania | E397: OCONUS | F397: G-AL | G397: Albania | H397: =RIGHT(F397,2) -> AL
A398: DZ | B398: Algeria | E398: OCONUS | F398: G-DZ | G398: Algeria | H398: =RIGHT(F398,2) -> DZ
A399: AS | B399: American Samoa | E399: OCONUS | F399: G-AS | G399: American Samoa | H399: =RIGHT(F399,2) -> AS
A400: AD | B400: Andorra | E400: OCONUS | F400: G-AD | G400: Andorra | H400: =RIGHT(F400,2) -> AD
A401: AO | B401: Angola | E401: OCONUS | F401: G-AO | G401: Angola | H401: =RIGHT(F401,2) -> AO
A402: AI | B402: Anguilla | E402: OCONUS | F402: G-AI | G402: Anguilla | H402: =RIGHT(F402,2) -> AI
A403: AQ | B403: Antarctica | E403: OCONUS | F403: G-AQ | G403: Antarctica | H403: =RIGHT(F403,2) -> AQ
A404: AG | B404: Antigua and Barbuda | E404: OCONUS | F404: G-AG | G404: Antigua and Barbuda | H404: =RIGHT(F404,2) -> AG
A405: AR | B405: Argentina | E405: OCONUS | F405: G-AR | G405: Argentina | H405: =RIGHT(F405,2) -> AR
A406: AM | B406: Armenia | E406: OCONUS | F406: G-AM | G406: Armenia | H406: =RIGHT(F406,2) -> AM
... A643: ZW | B643: Zimbabwe | E643: OCONUS | F643: G-ZW | G643: Zimbabwe | H643: =RIGHT(F643,2) -> ZW

Sheet KO Listing
B2: Report 1
B4: FPDS Awarding Contracting Organization | C4: FPDS Awarding Contracting Office Name | D4: VCE-PCF PCO
B5: ACC-APG | C5: ACC-APG: ADELPHI DIVISION | D5: ABBOTT, CATHERINE
B6: ACC-APG | C6: ACC-APG: ADELPHI DIVISION | D6: AMADOR, PHILLIP J
B7: ACC-APG | C7: ACC-APG: ADELPHI DIVISION | D7: AMEY, ARIEL M
B8: ACC-APG | C8: ACC-APG: ADELPHI DIVISION | D8: BAISDEN, RICHARD C
B9: ACC-APG | C9: ACC-APG: ADELPHI DIVISION | D9: BALIZAN, DANIEL J
B10: ACC-APG | C10: ACC-APG: ADELPHI DIVISION | D10: BLACKMON, SHERRIE A
B11: ACC-APG | C11: ACC-APG: ADELPHI DIVISION | D11: BOCAO, LAURICE L
B12: ACC-APG | C12: ACC-APG: ADELPHI DIVISION | D12: CAMUNEZ, JESSICA R
B13: ACC-APG | C13: ACC-APG: ADELPHI DIVISION | D13: CARMAN, ANNE
B14: ACC-APG | C14: ACC-APG: ADELPHI DIVISION | D14: CARMAN, ANNE M
B15: ACC-APG | C15: ACC-APG: ADELPHI DIVISION | D15: CHEATHAM, ALEXANDER K
... B43: ACC-APG | C43: ACC-APG: ADELPHI DIVISION | D43: WISDOM-RUSSELL, ROSETTA
B44: ACC-APG | C44: ACC-APG: ADELPHI DIVISION
B45: ACC-APG | C45: ACC-APG: BELVOIR DIVISION | D45: ,
B46: ACC-APG | C46: ACC-APG: BELVOIR DIVISION | D46: CANNON, BRIAN V
B47: ACC-APG | C47: ACC-APG: BELVOIR DIVISION | D47: CONWAY, TIFFANY L
B48: ACC-APG | C48: ACC-APG: BELVOIR DIVISION | D48: DAVIS, JEAN P.
B49: ACC-APG | C49: ACC-APG: BELVOIR DIVISION | D49: DONOGHUE, JUSTIN M
B50: ACC-APG | C50: ACC-APG: BELVOIR DIVISION | D50: DOYLE, DEBORAH L
B51: ACC-APG | C51: ACC-APG: BELVOIR DIVISION | D51: DRAKE, SUZANNE M
B52: ACC-APG | C52: ACC-APG: BELVOIR DIVISION | D52: DUNCAN, LISA M
B53: ACC-APG | C53: ACC-APG: BELVOIR DIVISION | D53: FRANCIS, MEGAN M
B54: ACC-APG | C54: ACC-APG: BELVOIR DIVISION | D54: GILL, GEOFFREY R
B55: ACC-APG | C55: ACC-APG: BELVOIR DIVISION | D55: GLADDEN, JENNIFER I
B56: ACC-APG | C56: ACC-APG: BELVOIR DIVISION | D56: GREGORY- ROBINSON, LISA M
... B81: ACC-APG | C81: ACC-APG: BELVOIR DIVISION | D81: WRIGHT, JESSICA L
B82: ACC-APG | C82: ACC-APG: BELVOIR DIVISION
B83: ACC-APG | C83: ACC-APG: DIGITAL CONTRACTING CAPABILITIES COE | D83: ARCINIEGA, LORRAINE I
B84: ACC-APG | C84: ACC-APG: DIGITAL CONTRACTING CAPABILITIES COE | D84: BILLICK, KAREN E
B85: ACC-APG | C85: ACC-APG: DIGITAL CONTRACTING CAPABILITIES COE | D85: BREAR, ANA B
B86: ACC-APG | C86: ACC-APG: DIGITAL CONTRACTING CAPABILITIES COE | D86: BURROUGHS, SHELBY L
B87: ACC-APG | C87: ACC-APG: DIGITAL CONTRACTING CAPABILITIES COE | D87: CAFLISCH, CHRISTIAN G
B88: ACC-APG | C88: ACC-APG: DIGITAL CONTRACTING CAPABILITIES COE | D88: DOYLE, DEBORAH L
B89: ACC-APG | C89: ACC-APG: DIGITAL CONTRACTING CAPABILITIES COE | D89: FISHER, CHRISTOPHER M
B90: ACC-APG | C90: ACC-APG: DIGITAL CONTRACTING CAPABILITIES COE | D90: GLADDEN, JENNIFER I
B91: ACC-APG | C91: ACC-APG: DIGITAL CONTRACTING CAPABILITIES COE | D91: HAMMONDS, AUDREY C
B92: ACC-APG | C92: ACC-APG: DIGITAL CONTRACTING CAPABILITIES COE | D92: HARSTON, EMILY M
B93: ACC-APG | C93: ACC-APG: DIGITAL CONTRACTING CAPABILITIES COE | D93: HEIGHT, KRISTIN M
B94: ACC-APG | C94: ACC-APG: DIGITAL CONTRACTING CAPABILITIES COE | D94: HENDERSON, BROOKE J
... B108: ACC-APG | C108: ACC-APG: DIGITAL CONTRACTING CAPABILITIES COE | D108: WHEELER, ELIZABETH C
B109: ACC-APG | C109: ACC-APG: DIGITAL CONTRACTING CAPABILITIES COE
B110: ACC-APG | C110: ACC-APG: DIVISION A | D110: AKERS, JASON G
B111: ACC-APG | C111: ACC-APG: DIVISION A | D111: BATTLE, GRACE A
B112: ACC-APG | C112: ACC-APG: DIVISION A | D112: BOSMANS, BRIAN C
B113: ACC-APG | C113: ACC-APG: DIVISION A | D113: BUSHNELL, NINA M
B114: ACC-APG | C114: ACC-APG: DIVISION A | D114: CANNON, BRIAN V
B115: ACC-APG | C115: ACC-APG: DIVISION A | D115: DONOGHUE, JUSTIN M
B116: ACC-APG | C116: ACC-APG: DIVISION A | D116: DRAKE, SUZANNE M
B117: ACC-APG | C117: ACC-APG: DIVISION A | D117: FAVARA, JOHN S
B118: ACC-APG | C118: ACC-APG: DIVISION A | D118: FISHER, CHRISTOPHER M
B119: ACC-APG | C119: ACC-APG: DIVISION A | D119: FRANCIS, MEGAN M
B120: ACC-APG | C120: ACC-APG: DIVISION A | D120: GAINES, CHRISTOPHER R
B121: ACC-APG | C121: ACC-APG: DIVISION A | D121: GLADDEN, JENNIFER I
... B153: ACC-APG | C153: ACC-APG: DIVISION A | D153: YORK-NICOLA, AUDREY M
B154: ACC-APG | C154: ACC-APG: DIVISION A
B155: ACC-APG | C155: ACC-APG: DIVISION B | D155: ,
B156: ACC-APG | C156: ACC-APG: DIVISION B | D156: ALEXIS, LEE
B157: ACC-APG | C157: ACC-APG: DIVISION B | D157: ANDERSON, JENNIFER D
B158: ACC-APG | C158: ACC-APG: DIVISION B | D158: ATKINS, GLORIA E
B159: ACC-APG | C159: ACC-APG: DIVISION B | D159: BAKER, A C
B160: ACC-APG | C160: ACC-APG: DIVISION B | D160: BAPTISTE, IYAKER C
B161: ACC-APG | C161: ACC-APG: DIVISION B | D161: BARBARIS, ROXANNE
B162: ACC-APG | C162: ACC-APG: DIVISION B | D162: BARNES, JENNIFER L
B163: ACC-APG | C163: ACC-APG: DIVISION B | D163: BATTLE, GRACE A
B164: ACC-APG | C164: ACC-APG: DIVISION B | D164: BAUMAN, JONATHAN M
B165: ACC-APG | C165: ACC-APG: DIVISION B | D165: BLODGETT, APRIL L
B166: ACC-APG | C166: ACC-APG: DIVISION B | D166: BOSMANS, BRIAN C
... B300: ACC-APG | C300: ACC-APG: DIVISION B | D300: WYNN-SMITH, LAVETTA D
B301: ACC-APG | C301: ACC-APG: DIVISION B
B302: ACC-APG | C302: ACC-APG: DIVISION C | D302: BAILEY, RAYMOND C
B303: ACC-APG | C303: ACC-APG: DIVISION C | D303: BARNES, JENNIFER L
B304: ACC-APG | C304: ACC-APG: DIVISION C | D304: BUSHNELL, NINA M
B305: ACC-APG | C305: ACC-APG: DIVISION C | D305: BUTTERFIELD, SCOTT D
B306: ACC-APG | C306: ACC-APG: DIVISION C | D306: CAPORELLIE, ASHLEY E
B307: ACC-APG | C307: ACC-APG: DIVISION C | D307: CLARK, DAVID J
B308: ACC-APG | C308: ACC-APG: DIVISION C | D308: CLAVIJO, KELLIE R
B309: ACC-APG | C309: ACC-APG: DIVISION C | D309: COMPTON, CHARLES T
B310: ACC-APG | C310: ACC-APG: DIVISION C | D310: CONNORS, ROBERT W
B311: ACC-APG | C311: ACC-APG: DIVISION C | D311: COOK, KEVIN J
B312: ACC-APG | C312: ACC-APG: DIVISION C | D312: COSOM, SABRINNA R
B313: ACC-APG | C313: ACC-APG: DIVISION C | D313: D'ERRICO, CARLA J
... B358: ACC-APG | C358: ACC-APG: DIVISION C | D358: WYNN-SMITH, LAVETTA D
B359: ACC-APG | C359: ACC-APG: DIVISION C
B360: ACC-APG | C360: ACC-APG: DIVISION D | D360: AHLGRIM, VICKI L
B361: ACC-APG | C361: ACC-APG: DIVISION D | D361: AMADOR, PHILLIP J
B362: ACC-APG | C362: ACC-APG: DIVISION D | D362: AMEY, ARIEL M
B363: ACC-APG | C363: ACC-APG: DIVISION D | D363: ANDERSON, JENNIFER D
B364: ACC-APG | C364: ACC-APG: DIVISION D | D364: ANDERSON, KRISTIN L
B365: ACC-APG | C365: ACC-APG: DIVISION D | D365: ARTHUR, CURTIS M
B366: ACC-APG | C366: ACC-APG: DIVISION D | D366: ATKINS, GLORIA E
B367: ACC-APG | C367: ACC-APG: DIVISION D | D367: BADER, DONNA J
B368: ACC-APG | C368: ACC-APG: DIVISION D | D368: BAILEY, DAMION M
B369: ACC-APG | C369: ACC-APG: DIVISION D | D369: BAKER, A C
B370: ACC-APG | C370: ACC-APG: DIVISION D | D370: BAKER, RYAN T
B371: ACC-APG | C371: ACC-APG: DIVISION D | D371: BALIZAN, DANIEL J
... B478: ACC-APG | C478: ACC-APG: DIVISION D | D478: YAMAKAWA, LISA J
B479: ACC-APG | C479: ACC-APG: DIVISION D
B480: ACC-APG | C480: ACC-APG: EDGEWOOD DIVISION | D480: ,
...

Sheet MSA Lists
A1: U.S. | B1: Foreign_Countries | C1: Alabama | D1: Alaska | E1: Arizona | F1: Arkansas | G1: California | H1: Colorado | I1: Connecticut | J1: Delaware | K1: District_of_Columbia | L1: Florida | M1: Georgia | N1: Hawaii | O1: Idaho | P1: Illinois | Q1: Indiana | R1: Iowa | S1: Kansas | T1: Kentucky | U1: Louisiana | V1: Maine | W1: Maryland | X1: Massachusetts | Y1: Michigan | Z1: Minnesota | AA1: Mississippi | AB1: Missouri | AC1: Montana | AD1: Nebraska | AE1: Nevada | AF1: New_Hampshire | AG1: New_Jersey | AH1: New_Mexico | AI1: New_York | AJ1: North_Carolina | AK1: North_Dakota | AL1: Ohio | AM1: Oklahoma | AN1: Oregon | AO1: Pennsylvania | AP1: Rhode_Island | AQ1: South_Carolina | AR1: South_Dakota | AS1: Tennessee | AT1: Texas | AU1: Utah | AV1: Vermont | AW1: Virginia | AX1: Washington | AY1: West_Virginia | AZ1: Wisconsin | BA1: Wyoming | BB1: Guam | BC1: Puerto_Rico | BD1: Virgin_Islands
B2: Afghanistan | C2: Anniston-Oxford-Jacksonville, AL | D2: Anchorage, AK | E2: Flagstaff, AZ | F2: Fayetteville-Springdale-Rogers, AR-MO | G2: Bakersfield, CA | H2: Boulder, CO | I2: Bridgeport-Stamford-Norwalk, CT | J2: Dover, DE | K2: Washington-Arlington-Alexandria, DC-VA-MD-WV | L2: Cape Coral-Fort Myers, FL | M2: Albany, GA | N2: Kahului-Wailuku-Lahaina, HI | O2: Boise City, ID | P2: Bloomington, IL | Q2: Bloomington, IN | R2: Ames, IA | S2: Kansas City, MO-KS | T2: Bowling Green, KY | U2: Alexandria, LA | V2: Bangor, ME | W2: Baltimore-Columbia-Towson, MD | X2: Barnstable Town, MA | Y2: Ann Arbor, MI | Z2: Duluth, MN-WI | AA2: Gulfport-Biloxi-Pascagoula, MS | AB2: Cape Girardeau, MO-IL | AC2: Billings, MT | AD2: Grand Island, NE | AE2: Carson City, NV | AF2: Boston-Cambridge-Nashua, MA-NH | AG2: Allentown-Bethlehem-Easton, PA-NJ | AH2: Albuquerque, NM | AI2: Albany-Schenectady-Troy, NY | AJ2: Asheville, NC | AK2: Bismarck, ND | AL2: Akron, OH | AM2: Enid, OK | AN2: Albany, OR | AO2: Allentown-Bethlehem-Easton, PA-NJ | AP2: Norwich-New London-Westerly, CT-RI | AQ2: Augusta-Richmond County, GA-SC | AR2: Rapid City, SD | AS2: Chattanooga, TN-GA | AT2: Abilene, TX | AU2: Logan, UT-ID | AV2: Burlington-South Burlington, VT | AW2: Blacksburg-Christiansburg-Radford, VA | AX2: Bellingham, WA | AY2: Beckley, WV | AZ2: Appleton, WI | BA2: Casper, WY | BC2: Aguadilla-Isabela, PR
B3: Åland Islands | C3: Auburn-Opelika, AL | D3: Fairbanks, AK | E3: Lake Havasu City-Kingman, AZ | F3: Fort Smith, AR-OK | G3: Chico, CA | H3: Colorado Springs, CO | I3: Danbury, CT | J3: Philadelphia-Camden-Wilmington, PA-NJ-DE-MD | L3: Crestview-Fort Walton Beach-Destin, FL | M3: Athens-Clarke County, GA | N3: Urban Honolulu, HI | O3: Coeur d'Alene, ID | P3: Cape Girardeau, MO-IL | Q3: Chicago-Naperville-Elgin, IL-IN-WI | R3: Cedar Rapids, IA | S3: Lawrence, KS | T3: Cincinnati, OH-KY-IN | U3: Baton Rouge, LA | V3: Dover-Durham, NH-ME | W3: California-Lexington Park, MD | X3: Boston-Cambridge-Nashua, MA-NH | Y3: Battle Creek, MI | Z3: Fargo, ND-MN | AA3: Hattiesburg, MS | AB3: Columbia, MO | AC3: Great Falls, MT | AD3: Lincoln, NE | AE3: Las Vegas-Henderson-Paradise, NV | AF3: Dover-Durham, NH-ME | AG3: Atlantic City-Hammonton, NJ | AH3: Farmington, NM | AI3: Binghamton, NY | AJ3: Burlington, NC | AK3: Fargo, ND-MN | AL3: Canton-Massillon, OH | AM3: Fort Smith, AR-OK | AN3: Bend-Redmond, OR | AO3: Altoona, PA | AP3: Providence-Warwick, RI-MA | AQ3: Charleston-North Charleston, SC | AR3: Sioux City, IA-NE-SD | AS3: Clarksville, TN-KY | AT3: Amarillo, TX | AU3: Ogden-Clearfield, UT | AW3: Charlottesville, VA | AX3: Bremerton-Silverdale, WA | AY3: Charleston, WV | AZ3: Chicago-Naperville-Elgin, IL-IN-WI | BA3: Cheyenne, WY | BC3: Arecibo, PR
B4: Albania | C4: Birmingham-Hoover, AL | E4: Phoenix-Mesa-Scottsdale, AZ | F4: Hot Springs, AR | G4: El Centro, CA | H4: Denver-Aurora-Lakewood, CO | I4: Hartford-West Hartford-East Hartford, CT | J4: Salisbury, MD-DE | L4: Deltona-Daytona Beach-Ormond Beach, FL | M4: Atlanta-Sandy Springs-Roswell, GA | O4: Idaho Falls, ID | P4: Carbondale-Marion, IL | Q4: Cincinnati, OH-KY-IN | R4: Davenport-Moline-Rock Island, IA-IL | S4: Manhattan, KS | T4: Clarksville, TN-KY | U4: Hammond, LA | V4: Lewiston-Auburn, ME | W4: Cumberland, MD-WV | X4: Leominster-Gardner, MA | Y4: Bay City, MI | Z4: Grand Forks, ND-MN | AA4: Jackson, MS | AB4: Fayetteville-Springdale-Rogers, AR-MO | AC4: Missoula, MT | AD4: Omaha-Council Bluffs, NE-IA | AE4: Reno, NV | AF4: Manchester, NH | AG4: New York-Newark-Jersey City, NY-NJ-PA | AH4: Las Cruces, NM | AI4: Buffalo-Cheektowaga-Niagara Falls, NY | AJ4: Charlotte-Concord-Gastonia, NC-SC | AK4: Grand Forks, ND-MN | AL4: Cincinnati, OH-KY-IN | AM4: Lawton, OK | AN4: Corvallis, OR | AO4: Bloomsburg-Berwick, PA | AQ4: Charlotte-Concord-Gastonia, NC-SC | AR4: Sioux Falls, SD | AS4: Cleveland, TN | AT4: Austin-Round Rock, TX | AU4: Provo-Orem, UT | AW4: Harrisonburg, VA | AX4: Kennewick-Richland, WA | AY4: Cumberland, MD-WV | AZ4: Duluth, MN-WI | BC4: Guayama, PR
B5: Algeria | C5: Columbus, GA-AL | E5: Prescott, AZ | F5: Jonesboro, AR | G5: Fresno, CA | H5: Fort Collins, CO | I5: New Haven, CT | L5: Gainesville, FL | M5: Augusta-Richmond County, GA-SC | O5: Lewiston, ID-WA | P5: Champaign-Urbana, IL | Q5: Columbus, IN | R5: Des Moines-West Des Moines, IA | S5: St. Joseph, MO-KS | T5: Elizabethtown-Fort Knox, KY | U5: Houma-Thibodaux, LA | V5: Portland-South Portland, ME | W5: Hagerstown-Martinsburg, MD-WV | X5: New Bedford, MA | Y5: Detroit-Warren-Dearborn, MI | Z5: La Crosse-Onalaska, WI-MN | AA5: Memphis, TN-MS-AR | AB5: Jefferson City, MO | AD5: Sioux City, IA-NE-SD | AF5: Portsmouth, NH-ME | AG5: Ocean City, NJ | AH5: Santa Fe, NM | AI5: Elmira, NY | AJ5: Durham-Chapel Hill, NC | AL5: Cleveland-Elyria, OH | AM5: Oklahoma City, OK | AN5: Eugene, OR | AO5: Chambersburg-Waynesboro, PA | AQ5: Columbia, SC | AS5: Jackson, TN | AT5: Beaumont-Port Arthur, TX | AU5: Salt Lake City, UT | AW5: Kingsport-Bristol-Bristol, TN-VA | AX5: Lewiston, ID-WA | AY5: Hagerstown-Martinsburg, MD-WV | AZ5: Eau Claire, WI | BC5: Mayaguez, PR
B6: American Samoa | C6: Daphne-Fairhope-Foley, AL | E6: Sierra Vista-Douglas, AZ | F6: Little Rock-North Little Rock-Conway, AR | G6: Hanford-Corcoran, CA | H6: Grand Junction, CO | I6: Norwich-New London-Westerly, CT-RI | L6: Homosassa Springs, FL | M6: Brunswick, GA | O6: Logan, UT-ID | P6: Chicago-Naperville-Elgin, IL-IN-WI | Q6: Elkhart-Goshen, IN | R6: Dubuque, IA | S6: Topeka, KS | T6: Evansville, IN-KY | U6: Lafayette, LA | V6: Portsmouth, NH-ME | W6: Philadelphia-Camden-Wilmington, PA-NJ-DE-MD | X6: Pittsfield, MA | Y6: Flint, MI | Z6: Mankato-North Mankato, MN | AB6: Joplin, MO | AG6: Philadelphia-Camden-Wilmington, PA-NJ-DE-MD | AI6: Glens Falls, NY | AJ6: Fayetteville, NC | AL6: Columbus, OH | AM6: Tulsa, OK | AN6: Grants Pass, OR | AO6: East Stroudsburg, PA | AQ6: Florence, SC | AS6: Johnson City, TN | AT6: Brownsville-Harlingen, TX | AU6: St. George, UT | AW6: Lynchburg, VA | AX6: Longview, WA | AY6: Huntington-Ashland, WV-KY-OH | AZ6: Fond du Lac, WI | BC6: Ponce, PR
B7: Andorra | C7: Decatur, AL | E7: Tucson, AZ | F7: Memphis, TN-MS-AR | G7: Los Angeles-Long Beach-Anaheim, CA | H7: Greeley, CO | I7: Springfield, MA-CT | L7: Jacksonville, FL | M7: Chattanooga, TN-GA | O7: Pocatello, ID | P7: Danville, IL | Q7: Evansville, IN-KY | R7: Iowa City, IA | S7: Wichita, KS | T7: Huntington-Ashland, WV-KY-OH | U7: Lake Charles, LA | W7: Salisbury, MD-DE | X7: Providence-Warwick, RI-MA | Y7: Grand Rapids-Wyoming, MI | Z7: Minneapolis-St. Paul-Bloomington, MN-WI | AB7: Kansas City, MO-KS | AG7: Trenton, NJ | AI7: Ithaca, NY | AJ7: Goldsboro, NC | AL7: Dayton, OH | AN7: Medford, OR | AO7: Erie, PA | AQ7: Greenville-Anderson-Mauldin, SC | AS7: Kingsport-Bristol-Bristol, TN-VA | AT7: College Station-Bryan, TX | AW7: Richmond, VA | AX7: Mount Vernon-Anacortes, WA | AY7: Morgantown, WV | AZ7: Green Bay, WI | BC7: San German, PR
B8: Angola | C8: Dothan, AL | E8: Yuma, AZ | F8: Pine Bluff, AR | G8: Madera, CA | H8: Pueblo, CO | I8: Waterbury, CT | L8: Lakeland-Winter Haven, FL | M8: Columbus, GA-AL | O8: Twin Falls, ID | P8: Davenport-Moline-Rock Island, IA-IL | Q8: Fort Wayne, IN | R8: Omaha-Council Bluffs, NE-IA | T8: Lexington-Fayette, KY | U8: Monroe, LA | W8: Washington-Arlington-Alexandria, DC-VA-MD-WV | X8: Springfield, MA-CT | Y8: Jackson, MI | Z8: Rochester, MN | AB8: Springfield, MO | AG8: Vineland-Bridgeton, NJ | AI8: Kingston, NY | AJ8: Greensboro-High Point, NC | AL8: Huntington-Ashland, WV-KY-OH | AN8: Portland-Vancouver-Hillsboro, OR-WA | AO8: Gettysburg, PA | AQ8: Hilton Head Island-Bluffton-Beaufort, SC | AS8: Knoxville, TN | AT8: Corpus Christi, TX | AW8: Roanoke, VA | AX8: Olympia-Tumwater, WA | AY8: Parkersburg-Vienna, WV | AZ8: Janesville-Beloit, WI | BC8: San Juan-Carolina-Caguas, PR
B9: Anguilla | C9: Florence-Muscle Shoals, AL | F9: Texarkana, TX-AR | G9: Merced, CA | I9: Worcester, MA-CT | L9: Miami-Fort Lauderdale-West Palm Beach, FL | M9: Dalton, GA | P9: Decatur, IL | Q9: Indianapolis-Carmel-Anderson, IN | R9: Sioux City, IA-NE-SD | T9: Louisville/Jefferson County, KY-IN | U9: New Orleans-Metairie, LA | X9: Worcester, MA-CT | Y9: Kalamazoo-Portage, MI | Z9: St. Cloud, MN | AB9: St. Joseph, MO-KS | AI9: New York-Newark-Jersey City, NY-NJ-PA | AJ9: Greenville, NC | AL9: Lima, OH | AN9: Salem, OR | AO9: Harrisburg-Carlisle, PA | AQ9: Myrtle Beach-Conway-North Myrtle Beach, SC-NC | AS9: Memphis, TN-MS-AR | AT9: Dallas-Fort Worth-Arlington, TX | AW9: Staunton-Waynesboro, VA | AX9: Portland-Vancouver-Hillsboro, OR-WA | AY9: Washington-Arlington-Alexandria, DC-VA-MD-WV | AZ9: La Crosse-Onalaska, WI-MN
B10: Antarctica | C10: Gadsden, AL | G10: Modesto, CA | L10: Naples-Immokalee-Marco Island, FL | M10: Gainesville, GA | P10: Kankakee, IL | Q10: Kokomo, IN | R10: Waterloo-Cedar Falls, IA | T10: Owensboro, KY | U10: Shreveport-Bossier City, LA | Y10: Lansing-East Lansing, MI | AB10: St. Louis, MO-IL | AI10: Rochester, NY | AJ10: Hickory-Lenoir-Morganton, NC | AL10: Mansfield, OH | AO10: Johnstown, PA | AQ10: Spartanburg, SC | AS10: Morristown, TN | AT10: El Paso, TX | AW10: Virginia Beach-Norfolk-Newport News, VA-NC | AX10: Seattle-Tacoma-Bellevue, WA | AY10: Weirton-Steubenville, WV-OH | AZ10: Madison, WI
B11: Antigua and Barbuda | C11: Huntsville, AL | G11: Napa, CA | L11: North Port-Sarasota-Bradenton, FL | M11: Hinesville, GA | P11: Peoria, IL | Q11: Lafayette-West Lafayette, IN | Y11: Midland, MI | AI11: Syracuse, NY | AJ11: Jacksonville, NC | AL11: Springfield, OH | AO11: Lancaster, PA | AQ11: Sumter, SC | AS11: Nashville-Davidson--Murfreesboro--Franklin, TN | AT11: Houston-The Woodlands-Sugar Land, TX | AW11: Washington-Arlington-Alexandria, DC-VA-MD-WV | AX11: Spokane-Spokane Valley, WA | AY11: Wheeling, WV-OH | AZ11: Milwaukee-Waukesha-West Allis, WI
B12: Argentina | C12: Mobile, AL | G12: Oxnard-Thousand Oaks-Ventura, CA | L12: Ocala, FL | M12: Macon, GA | P12: Rockford, IL | Q12: Louisville/Jefferson County, KY-IN | Y12: Monroe, MI | AI12: Utica-Rome, NY | AJ12: Myrtle Beach-Conway-North Myrtle Beach, SC-NC | AL12: Toledo, OH | AO12: Lebanon, PA | AT12: Killeen-Temple, TX | AW12: Winchester, VA-WV | AX12: Walla Walla, WA | AY12: Winchester, VA-WV | AZ12: Minneapolis-St. Paul-Bloomington, MN-WI
B13: Armenia | C13: Montgomery, AL | G13: Redding, CA | L13: Orlando-Kissimmee-Sanford, FL | M13: Rome, GA | P13: Springfield, IL | Q13: Michigan City-La Porte, IN | Y13: Muskegon, MI | AI13: Watertown-Fort Drum, NY | AJ13: New Bern, NC | AL13: Weirton-Steubenville, WV-OH | AO13: New York-Newark-Jersey City, NY-NJ-PA | AT13: Laredo, TX | AX13: Wenatchee, WA | AZ13: Oshkosh-Neenah, WI
B14: Aruba | C14: Tuscaloosa, AL | G14: Riverside-San Bernardino-Ontario, CA | L14: Palm Bay-Melbourne-Titusville, FL | M14: Savannah, GA | P14: St. Louis, MO-IL | Q14: Muncie, IN | Y14: Niles-Benton Harbor, MI | AJ14: Raleigh, NC | AL14: Wheeling, WV-OH | AO14: Philadelphia-Camden-Wilmington, PA-NJ-DE-MD | AT14: Longview, TX | AX14: Yakima, WA | AZ14: Racine, WI
B15: Australia | G15: Sacramento--Roseville--Arden-Arcade, CA | L15: Panama City, FL | M15: Valdosta, GA | Q15: South Bend-Mishawaka, IN-MI | Y15: Saginaw, MI | AJ15: Rocky Mount, NC | AL15: Youngstown-Warren-Boardman, OH-PA | AO15: Pittsburgh, PA | AT15: Lubbock, TX | AZ15: Sheboygan, WI
B16: Austria | G16: Salinas, CA | L16: Pensacola-Ferry Pass-Brent, FL | M16: Warner Robins, GA | Q16: Terre Haute, IN | Y16: South Bend-Mishawaka, IN-MI | AJ16: Virginia Beach-Norfolk-Newport News, VA-NC | AO16: Reading, PA | AT16: McAllen-Edinburg-Mission, TX | AZ16: Wausau, WI
B17: Azerbaijan | G17: San Diego-Carlsbad, CA | L17: Port St. Lucie, FL | AJ17: Wilmington, NC | AO17: Scranton--Wilkes-Barre--Hazleton, PA | AT17: Midland, TX
B18: Bahamas | G18: San Francisco-Oakland-Hayward, CA | L18: Punta Gorda, FL | AJ18: Winston-Salem, NC | AO18: State College, PA | AT18: Odessa, TX
B19: Bahrain | G19: San Jose-Sunnyvale-Santa Clara, CA | L19: Sebastian-Vero Beach, FL | AO19: Williamsport, PA | AT19: San Angelo, TX
B20: Bangladesh | G20: San Luis Obispo-Paso Robles-Arroyo Grande, CA | L20: Sebring, FL | AO20: York-Hanover, PA | AT20: San Antonio-New Braunfels, TX
B21: Barbados | G21: Santa Cruz-Watsonville, CA | L21: Tallahassee, FL | AO21: Youngstown-Warren-Boardman, OH-PA | AT21: Sherman-Denison, TX
B22: Belarus | G22: Santa Maria-Santa Barbara, CA | L22: Tampa-St. Petersburg-Clearwater, FL | AT22: Texarkana, TX-AR
B23: Belgium | G23: Santa Rosa, CA | L23: The Villages, FL | AT23: Tyler, TX
B24: Belize | G24: Stockton-Lodi, CA | AT24: Victoria, TX
B25: Benin | G25: Vallejo-Fairfield, CA | AT25: Waco, TX
B26: Bermuda | G26: Visalia-Porterville, CA | AT26: Wichita Falls, TX
B27: Bhutan | G27: Yuba City, CA
B28: Bolivia, Plurinational State of
B29: Bonaire, Sint Eustatius and Saba
B30: Bosnia and Herzegovina
B31: Botswana
B32: Bouvet Island
B33: Brazil
B34: British Indian Ocean Territory
B35: Brunei Darussalam
B36: Bulgaria
B37: Burkina Faso
B38: Burundi
B39: Cabo Verde
... B250: Zimbabwe

Sheet Occupation Structure
A1: Admin_Support_Clerical | B1: Professional | C1: Wage | D1: Technician | E1: Information_Technology | F1: Other | G1: Engineer_Scientist | H1: Undetermined
A2: Accounting Clerk I | B2: Acquisition Management Support I | C2: Aerospace Structural Welder | D2: Aircraft Logs And Records Technician | E2: Aircrew Training Devices Instructor (Non-Rated) | F2: Airplane Pilot | G2: Chemist I | H2: Contracts Management Analyst I
A3: Accounting Clerk II | B3: Acquisition Management Support II | C3: Air Traffic Control Specialist, Center (HFO) | D3: Aircraft Survival Flight Equipment Technician | E3: Aircrew Training Devices Instructor (Pilot) | F3: Boat Operator | G3: Chemist II | H3: Contracts Management Analyst II
A4: Accounting Clerk III | B4: Acquisition Management Support III | C4: Air Traffic Control Specialist, Station (HFO) | D4: Archeological Technician I | E4: Aircrew Training Devices Instructor (Rated) | F4: Case Manager | G4: Chemist III | H4: Contracts Management Analyst III
A5: Administrative Assistant | B5: Analyst, Financial Systems I | C5: Air Traffic Control Specialist, Terminal (HFO) | D5: Archeological Technician II | E5: Computer Based Training Specialist / Instructor | F5: Child Care Attendant | G5: Engineer I | H5: Data Scientist I
A6: Cashier | B6: Analyst, Financial Systems II | C6: Aircraft Mechanic Helper (Airframe And Power Plant Mechanic Helper) | D6: Archeological Technician III | E6: Computer Operator I | F6: Child Care Center Clerk | G6: Engineer II | H6: Data Scientist II
A7: Collection Specialist | B7: Analyst, Financial Systems III | C7: Aircraft Mechanic I | D7: Cartographic Technician | E7: Computer Operator II | F7: Chore Aide | G7: Engineer III | H7: Data Scientist III
A8: Counter Attendant (Service Establishment Attendant) | B8: Analyst, Financial Systems IV | C8: Aircraft Mechanic II | D8: Civil Engineering Technician | E8: Computer Operator III | F8: Dental Hygienist | G8: Engineer IV | H8: Database Management Analyst I
A9: Court Reporter | B9: Analyst, Management I | C9: Aircraft Mechanic III | D9: Cryogenic Technician I | E9: Computer Operator IV | F9: EKG Technician | G9: Engineer, Acoustical I | H9: Database Management Analyst II
A10: Customer Service Representative I | B10: Analyst, Management II | C10: Aircraft Servicer (Airport Utility Worker) | D10: Cryogenic Technician II | E10: Computer Operator V | F10: Electro-Neurodiagnostic Technologist | G10: Engineer, Acoustical II | H10: Database Management Analyst III
A11: Customer Service Representative II | B11: Analyst, Management III | C11: Aircraft Worker | D11: Drafter/CAD Operator I | E11: Computer Programmer I | F11: Embalmer | G11: Engineer, Acoustical III | H11: Engineer, Cybersecurity I
A12: Customer Service Representative III | B12: Analyst, Operations I | C12: Aircraft Painter | D12: Drafter/CAD Operator II | E12: Computer Programmer II | F12: Emergency Medical Technician (EMT) | G12: Engineer, Acoustical IV | H12: Engineer, Cybersecurity II
... A31: Illustrator II | B31: Manager, Administrative III | C31: Boiler Tender | D31: Metrology Technician III | E31: Personal Computer Support Technician | F31: Medical Assistant | G31: Engineer, Mechanical II | H31: Web And Digital Interface Designer III
A32: Illustrator III | B32: Manager, Administrative IV | C32: Breath Alcohol Technician (BAT) | D32: Photofinishing Worker (Photo Lab Technician, Dark Room Technician) | E32: Specialist, IA Compliance I | F32: Medical Laboratory Technician (Clinical Laboratory Assistant; Registered Medical Technician) | G32: Engineer, Mechanical III
A33: Interpreter (Sign Language) | B33: Manager, Operations I | C33: Bridge Tender | D33: Photo-Optics Technician | E33: Specialist, IA Compliance II | F33: Medical Record Clerk | G33: Engineer, Mechanical IV
A34: Librarian | B34: Manager, Operations II | C34: Brush/Precommercial Thinner | D34: Quality Control Inspector | E34: Specialist, IA Compliance III | F34: Medical Record Technician (Medical Record Administrator) | G34: Engineer, Structural I
A35: Library Aide/Clerk | B35: Manager, Operations III | C35: Bus Aide | D35: Radiation Control Technician | E35: Specialist, Information System Security I | F35: Medical Transcriptionist | G35: Engineer, Structural II
A36: Library Information Technology Systems Administrator | B36: Manager, Operations IV | C36: Bus Driver | D36: Technical Writer I | E36: Specialist, Information System Security II | F36: Mortician (Funeral Director) | G36: Engineer, Structural III
A37: Library Technician | B37: Manager, Program/Project I | C37: Cabin Safety Specialist | D37: Technical Writer II | E37: Specialist, Information System Security III | F37: Nuclear Medicine Technologist | G37: Engineer, Structural IV
A38: Marketing Analyst | B38: Manager, Program/Project II | C38: Cable Splicer | D38: Technical Writer III | E38: System Support Specialist | F38: Nursing Assistant I | G38: Engineer, Systems I
A39: Material Coordinator | B39: Manager, Program/Project III | C39: Carnival Equipment Operator | D39: Unexploded (UXO) Safety Escort | E39: Systems Administrator I | F39: Nursing Assistant II | G39: Engineer, Systems II
A40: Material Expediter | B40: Marine Surveyor | C40: Carnival Equipment Repairer | D40: Unexploded (UXO) Sweep Personnel | E40: Systems Administrator II | F40: Nursing Assistant III | G40: Engineer, Systems III
A41: Media Specialist I | B41: Operations Support I | C41: Carnival Worker | D41: Unexploded Ordnance (UXO) Technician I | E41: Systems Administrator III | F41: Nursing Assistant IV | G41: Engineer, Systems IV
A42: Media Specialist II | B42: Operations Support II | C42: Carpenter, Maintenance | D42: Unexploded Ordnance (UXO) Technician II | E42: Systems Administrator IV | F42: Optical Dispenser | G42: Mathematician I
A43: Media Specialist III | B43: Operations Support III | C43: Carpet Layer | D43: Unexploded Ordnance (UXO) Technician III | E43: Telecommunications Mechanic I | F43: Optical Technician | G43: Mathematician II
... A46: Order Clerk II | B46: Radio Frequency Engineer II | C46: Chief Cook/Steward (Chief Cook; Chief Steward/Steward- Cook/Steward-Baker) | D46: Wildlife Technician | E46: Video Teleconference Technician | F46: Radiologic Technologist | G46: QA Oversight Representative I
A47: Paralegal/Legal Assistant I | B47: Radio Frequency Engineer III | C47: Choker Setter | F47: Recreation Aide/Health Facility Attendant | G47: QA Oversight Representative II
A48: Paralegal/Legal Assistant II | B48: Security Program Manager I | C48: Cleaner, Vehicles | F48: Recreation Specialist | G48: Scientist I
A49: Paralegal/Legal Assistant III | B49: Security Program Manager II | C49: Cook I | F49: Registered Nurse I | G49: Scientist II
A50: Paralegal/Legal Assistant IV | B50: Security Program Manager III | C50: Cook II | F50: Registered Nurse II | G50: Scientist III
A51: Personnel Assistant (Employment) I | B51: Ship Cost Estimator | C51: Cook-Baker/Second Cook/Second Cook-Baker/Assistant Cook | F51: Registered Nurse II, Specialist | G51: Specialist, Corrosion Control I
A52: Personnel Assistant (Employment) II | B52: Software Engineer I | C52: Corrections Officer | F52: Registered Nurse III | G52: Specialist, Corrosion Control II
A53: Personnel Assistant (Employment) III | B53: Software Engineer II | C53: Court Security Officer | F53: Registered Nurse Iii, Anesthetist | G53: Specialist, Corrosion Control III
A54: Photographer I | B54: Software Engineer III | C54: Deck Hand | F54: Registered Nurse IV
A55: Photographer II | B55: Specialist, Configuration Management I | C55: Dental Assistant | F55: Scheduler (Drug And Alcohol Testing)
A56: Photographer III | B56: Specialist, Configuration Management II | C56: Detection Dog Handler | F56: School Crossing Guard
A57: Photographer IV | B57: Specialist, Configuration Management III | C57: Detention Officer | F57: Sports Official
A58: Photographer V | B58: Specialist, Emergency Management | C58: Dishwasher | F58: Student
A59: Production Control Clerk | B59: Specialist, Public Affairs I | C59: Diver | F59: Substance Abuse Treatment Counselor
A60: Rental Clerk | B60: Specialist, Public Affairs II | C60: Diver Tender | F60: Swimming Pool Operator
A61: Sales Clerk | B61: Specialist, Public Affairs III | C61: Driver Courier | F61: Weather Forecaster I
A62: Scheduler, Maintenance | B62: Specialist, Quality Control I | C62: Dry Cleaner | F62: Weather Forecaster II
A63: Secretary I | B63: Specialist, Quality Control II | C63: Electrician (Chief Electrician; Electrician/Second) | F63: Wrangler I
A64: Secretary II | B64: Specialist, Quality Control III | C64: Electrician, Maintenance | F64: Wrangler II
A65: Secretary III | B65: Specialist, Quality Control IV | C65: Electrostatic Spray Painter
A66: Service Order Dispatcher | B66: Specialist, Security I | C66: Elevator Operator
A67: Shipping/Receiving Clerk | B67: Specialist, Security II | C67: Elevator Repairer
A68: Supply Technician | B68: Specialist, Security III | C68: Elevator Repairer Helper
A69: Survey Worker (Interviewer) | B69: Specialist, Training I | C69: Engine Utilityman
A70: Switchboard Operator/Receptionist | B70: Specialist, Training II | C70: Fabric Worker
A71: Tax Preparer | B71: Specialist, Training III | C71: Faller/Bucker
A72: Tax Preparer (Senior) | B72: SUBSAFE Program Director | C72: Fast Food Shift Leader (Crew Chief, Team Leader)
A73: Technical Instructor | B73: Technical Writer, Supervisory | C73: Fast Food Worker (Crew Person, Team Member, Associate)
A74: Technical Instructor/Course Developer | C74: Finisher, Flatwork, Machine
A75: Technical Order Library Clerk | C75: Fire Alarm System Mechanic
A76: Test Proctor | C76: Fire Extinguisher Repairer
A77: Travel Clerk I | C77: Fire Lookout
A78: Travel Clerk II | C78: Fire Watch
A79: Travel Clerk III | C79: Firefighter
A80: Tutor | C80: Fireman-Water Tender
A81: Word Processor I | C81: Flight Follower
A82: Word Processor II | C82: Flight Instructor (Pilot)
A83: Word Processor III | C83: Food Service Worker (Cafeteria Worker)
C84: Forestry Equipment Operator (Includes Tractor Operator, Planting; Tractor Operator, Site Preparation; And Tractor Operator, Thinning)
C85: Forestry Technician
C86: Forestry Truck Driver
C87: Forestry/Logging Heavy Equipment Operator (Loader Operator, Skidder Operator)
C88: Forklift Operator
C89: Fuel Distribution System Mechanic
C90: Fuel Distribution System Operator
C91: Furniture Handler
C92: Furniture Refinisher
C93: Furniture Refinisher Helper
C94: Furniture Repairer, Minor
C95: Gardener
... C227: Woodworker
